Workbook
Name ajuste: #REF!
Name ajuste: #REF!
Name ajustemora: #REF!
Name ajustemora: #REF!
Name AMT.SENIOR: OFFSET([2]Fluxo!$U$5,0,0,[2]Fluxo!$E$21)
Name AMT.SENIOR.CONS: OFFSET([2]Consolidado!$D$4,0,0,COUNTIF([2]Consolidado!$D:$D,">0"))
Name AMT.SUB: OFFSET([3]Fluxo!#REF!,0,0,[3]Fluxo!#REF!)
Name AMT.SUB.CONS: OFFSET([4]Consolidado!$H$4,0,0,COUNTIF([4]Consolidado!$H:$H,">0"))
Name ANO: OFFSET([2]Fluxo!$H$5,0,0,[2]Fluxo!$E$7)
Name ANO.CONS: OFFSET([2]Consolidado!$B$4,0,0,COUNTIF([2]Consolidado!$E:$E,">0"))
Name bbb: OFFSET([3]Fluxo!#REF!,0,0,[3]Fluxo!#REF!)
Name cahng: OFFSET([5]Fluxo!#REF!,0,0,[5]Fluxo!#REF!)
Name cccc: OFFSET([3]Fluxo!#REF!,0,0,[3]Fluxo!#REF!)
Name cccccc: OFFSET([3]Fluxo!#REF!,0,0,[3]Fluxo!#REF!)
Name CUSTO: OFFSET([2]Fluxo!$N$5,0,0,[2]Fluxo!$E$21-1)
Name CUSTO.CONS: OFFSET([2]Consolidado!$J$4,0,0,COUNTIF([2]Consolidado!$J:$J,">0"))
Name danalise: [6]PAINEL!$B$4
Name DATA: OFFSET([2]Fluxo!$I$5,0,0,[2]Fluxo!$E$7)
Name database: Template!$C$5
Name database: #REF!
Name datarecompra: #REF!
Name datarecompra: #REF!
Name datarecompraabril: #REF!
Name datarecompraabril: #REF!
Name dbase: [7]PAINEL!$B$5
Name e: OFFSET([5]Fluxo!#REF!,0,0,[5]Fluxo!#REF!)
Name f: OFFSET([3]Fluxo!#REF!,0,0,[3]Fluxo!#REF!)
Name Feriados: [2]Feriados!$A$2:$A$937
Name JUROS.SENIOR: OFFSET([2]Fluxo!$T$5,0,0,[2]Fluxo!$E$21)
Name JUROS.SENIOR.CONS: OFFSET([2]Consolidado!$C$4,0,0,COUNTIF([2]Consolidado!$C:$C,">0"))
Name JUROS.SUB: OFFSET([3]Fluxo!#REF!,0,0,[3]Fluxo!#REF!)
Name JUROS.SUB.CONS: OFFSET([4]Consolidado!$G$4,0,0,COUNTIF([4]Consolidado!$G:$G,">0"))
Name PERIODO: OFFSET([2]Fluxo!$G$5,0,0,[2]Fluxo!$E$7)
Name PMT.CARTEIRA: OFFSET([2]Fluxo!$K$5,0,0,[2]Fluxo!$E$7)
Name PMT.LIQUIDA: OFFSET([2]Fluxo!$P$5,0,0,[2]Fluxo!$E$7+1)
Name PMT.SENIOR: OFFSET([2]Fluxo!$V$5,0,0,[2]Fluxo!$E$21)
Name PMT.SENIOR.CONS: OFFSET([2]Consolidado!$E$4,0,0,COUNTIF([2]Consolidado!$E:$E,">0"))
Name PMT.SUB: OFFSET([3]Fluxo!#REF!,0,0,[3]Fluxo!#REF!)
Name PMT.SUB.CONS: OFFSET([4]Consolidado!$I$4,0,0,COUNTIF([4]Consolidado!$I:$I,">0"))
Name SD.RECEBIVEIS: OFFSET([2]Fluxo!$J$4,0,0,[2]Fluxo!$E$7+1)
Name SD.RESERVA: OFFSET([2]Fluxo!$O$5,0,0,[2]Fluxo!$E$21-1)
Name SD.SENIOR: OFFSET([2]Fluxo!$S$4,0,0,[2]Fluxo!$E$21)
Name SD.SUB: OFFSET([3]Fluxo!#REF!,0,0,[3]Fluxo!#REF!)
Name xvf: OFFSET(#REF!,0,0,#REF!-1)
Name zxcc: OFFSET(#REF!,0,0,#REF!)
Name zxcxz: OFFSET(#REF!,0,0,COUNTIF(#REF!,">0"))
Name zxcxzc: OFFSET(#REF!,0,0,#REF!+1)

Sheet Template
B2: COMPANHIA PROVÍNCIA DE SECURITIZAÇÃO
B3: Performance Mensal |CRI_94E01S_SWISS PARK
B5: Mês ano referencia | C5: 45808
B6: ID da Carteira | C6: CRI_94E01S_SWISS PARK
B7: Número de contratos ativos | C7: 99
B8: Total Empreendimento | C8: 502
B9: Esperado a receber no Mês de Juros | C9: 113967.75
B10: Esperado de receber no Mês de Amortização | C10: 373673.86
B11: Esperado a receber no Mês de Seguros | C11: 0
B12: Esperado a Receber no Mês Tx Administração | C12: 0
B13: Recebido no Mês de parcelas do Mês - Juros | C13: 99971.103
B14: Recebido no Mês de parcelas do Mês - Amortização | C14: 578465.16
B15: Recebido no Mês de parcelas do Mês - Seguros | C15: 0
B16: Recebido no Mês de parcelas do Mês - Tx Adm | C16: 0
B17: Recebido no Mês de Antecipação - Juros | C17: 160009.04
B18: Recebido no Mês de Antecipação - Amortização | C18: 230012.84
... B53: Créditos Vinculados Acima De 180 Dias | C53: 21537546
B54: Valor das garantias incorporadas ao PL do CRI
B55: Valor total de pré-pagamento no mês(Amort.+ juros)
B56: Saldo devedor Total | C56: =C29+C30 -> 24812624
B57: Devedor (>= 20%) Nome 1
B58: Devedor (>= 20%) CPF/CNPJ 1
B59: Devedor (>= 20%) Saldo 1
B60: Devedor (>= 20%) Nome 2
B61: Devedor (>= 20%) CPF/CNPJ 2
B62: Devedor (>= 20%) Saldo 2
B63: Devedor (>= 20%) Nome 3
B64: Devedor (>= 20%) CPF/CNPJ 3
B65: Devedor (>= 20%) Saldo 3
B66: Devedor (>= 20%) Nome 4
B67: Devedor (>= 20%) CPF/CNPJ 4
B68: Devedor (>= 20%) Saldo 4
... B71: Devedor (>= 20%) Saldo 5
B72: LTV | C72: 0.6869
B73: Duration Carteira (Anos) | C73: 14.25
B74: Duration Carteira (Meses) | C74: 171
B75: Taxa Média da Carteira | C75: 0.0588
A77: Saldo Devedor maiores devedores
A78: Cod | B78: Contrato | C78: Nome | D78: Total à Pagar Com/ Encargos | E78: Fluxo Futuro - (Parcelas Vincendas)
A79: 135922 | B79: 6494 | C79: Filipe Junio De Oliveira | D79: 366399.06 | E79: 366399.06
A80: 135688 | B80: 6451 | C80: Thiago Da Costa Moreira | D80: 361589.65 | E80: 361589.65
A81: 136446 | B81: 5429 | C81: Pedro Henrique Rufo Chagas | D81: 357779.84 | E81: 357779.84
A82: 135667 | B82: 6402 | C82: Michael Molina | D82: 350463.31 | E82: 350463.31
A83: 136054 | B83: 5412 | C83: João Miguel Ridal Frutuoso | D83: 336310.4 | E83: 336310.4
A84: 135654 | B84: 6379 | C84: Jorge Miguel Gonzales Dutra | D84: 335978.93 | E84: 335978.93
A85: 135924 | B85: 6498 | C85: Camila Moreira De Queiroz Alencar | D85: 335837.85 | E85: 335837.85
A86: 135652 | B86: 6414 | C86: Joao Vitor Florian | D86: 333730.53 | E86: 333730.53
A87: 135923 | B87: 6497 | C87: Moises Elias De Souza Alves | D87: 332838.57 | E87: 332838.57
A88: 135616 | B88: 6399 | C88: Ancor Construtora Ltda | D88: 330472.09 | E88: 326597.27
C89: Saldo Devedor | D89: 3441400.2 | E89: 3437525.4
B91: Saldo Devedor dos creditos em atraso
B92: Vencidos E Não Pagos Até 30 Dias | C92: 2025008.3
B93: Vencidos E Não Pagos De 31 A 60 Dias | C93: 0
B94: Vencidos E Não Pagos De 61 A 90 Dias | C94: 0
B95: Vencidos E Não Pagos De 91 A 120 Dias | C95: 0
B96: Vencidos E Não Pagos De 121 A 150 Dias | C96: 0
B97: Vencidos E Não Pagos De 151 A 180 Dias | C97: 0
B98: Vencidos E Não Pagos Acima De 180 Dias | C98: 0
B100: Valor Total | C100: =SUM(C92:C98) -> 2025008.3
B102: Saldo Devedor dos creditos em atraso - Por Parcela
B103: Saldo Devedor dos creditos em atraso - Por Parcela | C103: Total das Parcelas Vencida C/ Encargos | D103: Fluxo Futuro - (Parcelas Vincendas) | E103: Total à Pagar c/ Encargos
B104: 01 - Uma Parcela | C104: =SUMIFS(Planilha4!G:G,Planilha4!F:F,Template!B104) -> 28580.78 | D104: =SUMIFS(Planilha4!H:H,Planilha4!F:F,Template!B104) -> 1996427.5 | E104: =SUMIFS(Planilha4!C:C,Planilha4!F:F,Template!B104) -> 2025008.3
B105: 02 - Duas Parcelas | C105: =SUMIFS(Planilha4!G:G,Planilha4!F:F,Template!B105) -> 0 | D105: =SUMIFS(Planilha4!H:H,Planilha4!F:F,Template!B105) -> 0 | E105: =SUMIFS(Planilha4!C:C,Planilha4!F:F,Template!B105) -> 0
B106: 03 - Três Parcelas | C106: 0 | D106: 0 | E106: 0
B107: 04 - Quatro Parcelas | C107: 0 | D107: 0 | E107: 0
B108: 05 - Cinco Parcelas | C108: 0 | D108: 0 | E108: 0
B109: 06 - Seis parcelas | C109: 0 | D109: 0 | E109: 0
B110: Maior que seis parcelas | C110: 0 | D110: 0 | E110: 0
B112: Valor Total | C112: =SUM(C104:C110) -> 28580.78 | D112: =SUM(D104:D110) -> 1996427.5 | E112: =SUM(E104:E110) -> 2025008.3

Sheet Resumo
E3: Relatório Consolidado
B6: Base do relatório Mensal | F6: Maio/2025
B7: Total de unidades ativas | F7: 97
B8: Total de clientes quitados | F8: 4
B9: Recebimentos
B10: A receber (mês) | F10: 761442.46
B11: Valor recebido total | F11: 1110497
B12: Diferença Recebimento Total x Recebimento Mês
B13: Recebimento Regular | F13: 682959.55
B14: Antecipação | F14: 393746.31
B15: Recebimento em atraso | F15: 33791.14
B16: Inadimplência
B17: Inadimplência (mês) | F17: 32892.37
B18: Inadimplência total | F18: 41263.46

Sheet Recebimento
N1: =SUBTOTAL(9,N3:N311) -> 1094756.9 | O1: 1173308.9 | Q1: =O1-N1 -> 78552 | AA1: =SUBTOTAL(9,AA3:AA311) -> 821589.9 | AB1: =SUBTOTAL(9,AB3:AB311) -> 272173.99 | AG1: =SUBTOTAL(9,AG3:AG311) -> 718.37 | AH1: =SUBTOTAL(9,AH3:AH311) -> 274.68 | AJ1: =SUBTOTAL(9,AJ3:AJ311) -> 1094756.9
A2: No Parcela | B2: No Contrato | C2: Nome do mutuário | D2: CPF/CNPJ | E2: Taxa de Juros | F2: Carteira | G2: Empreendimento | H2: No Parcela | I2: Data de Vencimento Original | J2: Data de Pagamento | K2: Data do Crédito | L2: Dif. de Dias | M2: Valor Original | N2: Valor Creditado | O2: Valor Parceiro | P2: Multa | Q2: Juros de Mora | R2: Seguro | S2: Dif de Parcela | T2: Dif Parcela Creditada | U2: Taxa de Gestão | V2: Tipo de Recebimento | W2: Mês | X2: OBS | Y2: MIP | Z2: DFI | AA2: Amortização Creditada | AB2: Juros Creditado | AC2: MIP Creditado | AD2: DFI Creditado | AE2: Diferença Parcela Creditada | AF2: Gestão Creditada | AG2: Multa Creditada | AH2: Mora Creditada | AI2: Resíduo Parcela | AJ2: Total | AK2: Check Recebimento | AL2: Status Venda
A3: 2411855 | B3: 6358 | C3: Alexandre Magno De Carvalho | D3: 037.957.411-06 | E3: 0 | F3: SWISS PARK ANAPOLIS | G3: Swiss Park Zurich - Anápolis | H3: 2411855 | I3: 45787 | J3: 45789 | K3: 45790 | L3: 3 | M3: 8297.78 | N3: 8297.78 | P3: 0 | Q3: 0 | R3: 0 | V3: Recebimento Regular | W3: Mai/2025 | AA3: 8297.78 | AB3: 0 | AE3: 0 | AG3: 0 | AH3: 0 | AJ3: 8297.78 | AK3: Adimplente | AL3: Parcelado
A4: 2415689 | B4: 6407 | C4: Alysson De Almeida Miclos | D4: 923.842.691-00 | E4: 0 | F4: SWISS PARK ANAPOLIS | G4: Swiss Park Zurich - Anápolis | H4: 2415689 | I4: 45798 | J4: 45789 | K4: 45790 | L4: -8 | M4: 8101.08 | N4: 8101.08 | P4: 0 | Q4: 0 | R4: 0 | V4: Recebimento Regular | W4: Mai/2025 | AA4: 8101.08 | AB4: 0 | AE4: 0 | AG4: 0 | AH4: 0 | AJ4: 8101.08 | AK4: Adimplente | AL4: Parcelado
A5: 2414682 | B5: 6398 | C5: Ancor Construtora Ltda | D5: 28.241.797/0001-38 | E5: 0.1003 | F5: SWISS PARK ANAPOLIS | G5: Swiss Park Zurich - Anápolis | H5: 2414682 | I5: 45757 | J5: 45785 | K5: 45786 | L5: 29 | M5: 3593.48 | N5: 3712.34 | P5: 85.35 | Q5: 33.51 | R5: 0 | V5: Recebimento em atraso | W5: Mai/2025 | AA5: 1055.52 | AB5: 2537.96 | AE5: 0 | AG5: 85.35 | AH5: 33.51 | AJ5: 3712.34 | AK5: Até 30 Dias | AL5: Parcelado
A6: 2414845 | B6: 6399 | C6: Ancor Construtora Ltda | D6: 28.241.797/0001-38 | E6: 0.1003 | F6: SWISS PARK ANAPOLIS | G6: Swiss Park Zurich - Anápolis | H6: 2414845 | I6: 45757 | J6: 45785 | K6: 45786 | L6: 29 | M6: 3772.97 | N6: 3897.09 | P6: 88.94 | Q6: 35.18 | R6: 0 | V6: Recebimento em atraso | W6: Mai/2025 | AA6: 1108.27 | AB6: 2664.7 | AE6: 0 | AG6: 88.94 | AH6: 35.18 | AJ6: 3897.09 | AK6: Até 30 Dias | AL6: Parcelado
A7: 2415008 | B7: 6400 | C7: Ancor Construtora Ltda | D7: 28.241.797/0001-38 | E7: 0.1003 | F7: SWISS PARK ANAPOLIS | G7: Swiss Park Zurich - Anápolis | H7: 2415008 | I7: 45757 | J7: 45785 | K7: 45786 | L7: 29 | M7: 3536.98 | N7: 3654.18 | P7: 84.22 | Q7: 32.98 | R7: 0 | V7: Recebimento em atraso | W7: Mai/2025 | AA7: 1038.95 | AB7: 2498.03 | AE7: 0 | AG7: 84.22 | AH7: 32.98 | AJ7: 3654.18 | AK7: Até 30 Dias | AL7: Parcelado
A8: 2413846 | B8: 6388 | C8: Anderson Goncalves Moreira | D8: 731.599.561-72 | E8: 0 | F8: SWISS PARK ANAPOLIS | G8: Swiss Park Zurich - Anápolis | H8: 2413846 | I8: 45768 | J8: 45806 | K8: 45807 | L8: 39 | M8: 8101.08 | N8: 8379.09 | P8: 175.5 | Q8: 102.51 | R8: 0 | V8: Recebimento em atraso | W8: Mai/2025 | AA8: 8101.08 | AB8: 0 | AE8: 0 | AG8: 175.5 | AH8: 102.51 | AJ8: 8379.09 | AK8: De 31 A 60 Dias | AL8: Parcelado
A9: 2413445 | B9: 6382 | C9: Andreyve Vieira Melo | D9: 019.961.151-38 | E9: 0.1003 | F9: SWISS PARK ANAPOLIS | G9: Swiss Park Zurich - Anápolis | H9: 2413445 | I9: 45798 | J9: 45797 | K9: 45798 | L9: 0 | M9: 4246.14 | N9: 4246.14 | P9: 0 | Q9: 0 | R9: 0 | V9: Recebimento Regular | W9: Mai/2025 | AA9: 2070.06 | AB9: 2176.08 | AE9: 0 | AG9: 0 | AH9: 0 | AJ9: 4246.14 | AK9: Adimplente | AL9: Parcelado
A10: 2413520 | B10: 6382 | C10: Andreyve Vieira Melo | D10: 019.961.151-38 | E10: 0.1003 | F10: SWISS PARK ANAPOLIS | G10: Swiss Park Zurich - Anápolis | H10: 2413520 | I10: 48081 | J10: 45797 | K10: 45798 | L10: -2283 | M10: 2335.9 | N10: 2335.9 | P10: 0 | Q10: 0 | R10: 0 | V10: Antecipação | W10: Mai/2025 | AA10: 2101.46 | AB10: 234.44 | AE10: 0 | AG10: 0 | AH10: 0 | AJ10: 2335.9 | AK10: Pagos Antecipadamente Acima de 180 Dias | AL10: Parcelado
A11: 2412002 | B11: 6366 | C11: Anna Paula Vieira De Sousa Alves | D11: 034.186.701-21 | E11: 0 | F11: SWISS PARK ANAPOLIS | G11: Swiss Park Zurich - Anápolis | H11: 2412002 | I11: 45798 | J11: 45797 | K11: 45798 | L11: 0 | M11: 8234.73 | N11: 8234.73 | P11: 0 | Q11: 0 | R11: 0 | V11: Recebimento Regular | W11: Mai/2025 | AA11: 8234.73 | AB11: 0 | AE11: 0 | AG11: 0 | AH11: 0 | AJ11: 8234.73 | AK11: Adimplente | AL11: Parcelado
A12: 2413645 | B12: 6385 | C12: Christian Alexandre Pereira | D12: 797.173.571-53 | E12: 0 | F12: SWISS PARK ANAPOLIS | G12: Swiss Park Zurich - Anápolis | H12: 2413645 | I12: 45798 | J12: 45798 | K12: 45799 | L12: 1 | M12: 8101.08 | N12: 8101.08 | P12: 0 | Q12: 0 | R12: 0 | V12: Recebimento Regular | W12: Mai/2025 | AA12: 8101.08 | AB12: 0 | AE12: 0 | AG12: 0 | AH12: 0 | AJ12: 8101.08 | AK12: Adimplente | AL12: Parcelado
A13: 2414049 | B13: 6390 | C13: Clary Merces De Oliveira Machado | D13: 617.316.171-00 | E13: 0 | F13: SWISS PARK ANAPOLIS | G13: Swiss Park Zurich - Anápolis | H13: 2414049 | I13: 45787 | J13: 45789 | K13: 45790 | L13: 3 | M13: 8379.88 | N13: 8379.88 | P13: 0 | Q13: 0 | R13: 0 | V13: Recebimento Regular | W13: Mai/2025 | AA13: 8379.88 | AB13: 0 | AE13: 0 | AG13: 0 | AH13: 0 | AJ13: 8379.88 | AK13: Adimplente | AL13: Parcelado
A14: 2413682 | B14: 6387 | C14: Claudio Carvalho Machado | D14: 576.129.351-04 | E14: 0.1003 | F14: SWISS PARK ANAPOLIS | G14: Swiss Park Zurich - Anápolis | H14: 2413682 | I14: 45787 | J14: 45789 | K14: 45790 | L14: 3 | M14: 3491.65 | N14: 3491.65 | P14: 0 | Q14: 0 | R14: 0 | V14: Recebimento Regular | W14: Mai/2025 | AA14: 1010.26 | AB14: 2481.39 | AE14: 0 | AG14: 0 | AH14: 0 | AJ14: 3491.65 | AK14: Adimplente | AL14: Parcelado
... A161: 2568046 | B161: 5435 | C161: Kléber Rodrigues Amorim | D161: 921.374.821-34 | E161: 0 | F161: SWISS PARK ANAPOLIS | G161: Swiss Park Zurich - Anápolis | H161: 2568046 | I161: 45807 | J161: 45807 | K161: 45807 | L161: 0 | M161: 7650 | N161: 7650 | P161: 0 | Q161: 0 | R161: 0 | V161: Recebimento Regular | W161: Mai/2025 | AA161: 7650 | AB161: 0 | AE161: 0 | AG161: 0 | AH161: 0 | AJ161: 7650 | AK161: Adimplente | AL161: Parcelado
A162: 2540210 | B162: 6396 | C162: Heber Guimaraes Da Cunha | D162: 766.927.601-00 | E162: 0.1003 | F162: SWISS PARK ANAPOLIS | G162: Swiss Park Zurich - Anápolis | H162: 2414506 | I162: 45798 | J162: 45797 | K162: 45798 | L162: 0 | M162: 3151.92 | N162: 3151.08 | P162: 0 | Q162: 0 | R162: 0 | V162: Recebimento Regular | W162: Mai/2025 | AA162: 911.72696 | AB162: 2239.353 | AC162: 0 | AD162: 0 | AE162: 0 | AF162: 0 | AG162: 0 | AH162: 0 | AI162: 0 | AJ162: 3151.08 | AK162: Adimplente | AL162: Parcelado
A163: 2540210 | B163: 6396 | C163: Heber Guimaraes Da Cunha | D163: 766.927.601-00 | E163: 0.1003 | F163: SWISS PARK ANAPOLIS | G163: Swiss Park Zurich - Anápolis | H163: 2414507 | I163: 45829 | J163: 45797 | K163: 45798 | L163: -31 | M163: 3151.92 | N163: 3126.08 | P163: 0 | Q163: 0 | R163: 0 | V163: Antecipação | W163: Mai/2025 | AA163: 912.06096 | AB163: 2214.019 | AC163: 0 | AD163: 0 | AE163: 0 | AF163: 0 | AG163: 0 | AH163: 0 | AI163: 0 | AJ163: 3126.08 | AK163: Pagos Antecipadamente De 31 A 60 Dias | AL163: Parcelado
A164: 2540210 | B164: 6396 | C164: Heber Guimaraes Da Cunha | D164: 766.927.601-00 | E164: 0.1003 | F164: SWISS PARK ANAPOLIS | G164: Swiss Park Zurich - Anápolis | H164: 2414508 | I164: 45859 | J164: 45797 | K164: 45798 | L164: -61 | M164: 3151.92 | N164: 3101.28 | P164: 0 | Q164: 0 | R164: 0 | V164: Antecipação | W164: Mai/2025 | AA164: 912.40163 | AB164: 2188.8784 | AC164: 0 | AD164: 0 | AE164: 0 | AF164: 0 | AG164: 0 | AH164: 0 | AI164: 0 | AJ164: 3101.28 | AK164: Pagos Antecipadamente De 61 A 90 Dias | AL164: Parcelado
A165: 2540210 | B165: 6396 | C165: Heber Guimaraes Da Cunha | D165: 766.927.601-00 | E165: 0.1003 | F165: SWISS PARK ANAPOLIS | G165: Swiss Park Zurich - Anápolis | H165: 2414509 | I165: 45890 | J165: 45797 | K165: 45798 | L165: -92 | M165: 3151.92 | N165: 3076.68 | P165: 0 | Q165: 0 | R165: 0 | V165: Antecipação | W165: Mai/2025 | AA165: 912.72927 | AB165: 2163.9507 | AC165: 0 | AD165: 0 | AE165: 0 | AF165: 0 | AG165: 0 | AH165: 0 | AI165: 0 | AJ165: 3076.68 | AK165: Pagos Antecipadamente De 91 A 120 Dias | AL165: Parcelado
A166: 2540210 | B166: 6396 | C166: Heber Guimaraes Da Cunha | D166: 766.927.601-00 | E166: 0.1003 | F166: SWISS PARK ANAPOLIS | G166: Swiss Park Zurich - Anápolis | H166: 2414510 | I166: 45921 | J166: 45797 | K166: 45798 | L166: -123 | M166: 3151.92 | N166: 3052.27 | P166: 0 | Q166: 0 | R166: 0 | V166: Antecipação | W166: Mai/2025 | AA166: 913.05087 | AB166: 2139.2191 | AC166: 0 | AD166: 0 | AE166: 0 | AF166: 0 | AG166: 0 | AH166: 0 | AI166: 0 | AJ166: 3052.27 | AK166: Pagos Antecipadamente De 121 A 150 Dias | AL166: Parcelado
A167: 2540210 | B167: 6396 | C167: Heber Guimaraes Da Cunha | D167: 766.927.601-00 | E167: 0.1003 | F167: SWISS PARK ANAPOLIS | G167: Swiss Park Zurich - Anápolis | H167: 2414511 | I167: 45951 | J167: 45797 | K167: 45798 | L167: -153 | M167: 3151.92 | N167: 3028.05 | P167: 0 | Q167: 0 | R167: 0 | V167: Antecipação | W167: Mai/2025 | AA167: 913.38566 | AB167: 2114.6643 | AC167: 0 | AD167: 0 | AE167: 0 | AF167: 0 | AG167: 0 | AH167: 0 | AI167: 0 | AJ167: 3028.05 | AK167: Pagos Antecipadamente De 151 A 180 Dias | AL167: Parcelado
A168: 2540210 | B168: 6396 | C168: Heber Guimaraes Da Cunha | D168: 766.927.601-00 | E168: 0.1003 | F168: SWISS PARK ANAPOLIS | G168: Swiss Park Zurich - Anápolis | H168: 2414650 | I168: 50181 | J168: 45797 | K168: 45798 | L168: -4383 | M168: 3151.92 | N168: 1000.75 | P168: 0 | Q168: 0 | R168: 0 | V168: Antecipação | W168: Mai/2025 | AA168: 940.7257 | AB168: 60.024299 | AC168: 0 | AD168: 0 | AE168: 0 | AF168: 0 | AG168: 0 | AH168: 0 | AI168: 0 | AJ168: 1000.75 | AK168: Pagos Antecipadamente Acima de 180 Dias | AL168: Parcelado
A169: 2540210 | B169: 6396 | C169: Heber Guimaraes Da Cunha | D169: 766.927.601-00 | E169: 0.1003 | F169: SWISS PARK ANAPOLIS | G169: Swiss Park Zurich - Anápolis | H169: 2414651 | I169: 50212 | J169: 45797 | K169: 45798 | L169: -4414 | M169: 3151.92 | N169: 992.81 | P169: 0 | Q169: 0 | R169: 0 | V169: Antecipação | W169: Mai/2025 | AA169: 940.8342 | AB169: 51.975805 | AC169: 0 | AD169: 0 | AE169: 0 | AF169: 0 | AG169: 0 | AH169: 0 | AI169: 0 | AJ169: 992.81 | AK169: Pagos Antecipadamente Acima de 180 Dias | AL169: Parcelado
A170: 2540210 | B170: 6396 | C170: Heber Guimaraes Da Cunha | D170: 766.927.601-00 | E170: 0.1003 | F170: SWISS PARK ANAPOLIS | G170: Swiss Park Zurich - Anápolis | H170: 2414652 | I170: 50242 | J170: 45797 | K170: 45798 | L170: -4444 | M170: 3151.92 | N170: 984.94 | P170: 0 | Q170: 0 | R170: 0 | V170: Antecipação | W170: Mai/2025 | AA170: 940.94469 | AB170: 43.995312 | AC170: 0 | AD170: 0 | AE170: 0 | AF170: 0 | AG170: 0 | AH170: 0 | AI170: 0 | AJ170: 984.94 | AK170: Pagos Antecipadamente Acima de 180 Dias | AL170: Parcelado
A171: 2540210 | B171: 6396 | C171: Heber Guimaraes Da Cunha | D171: 766.927.601-00 | E171: 0.1003 | F171: SWISS PARK ANAPOLIS | G171: Swiss Park Zurich - Anápolis | H171: 2414653 | I171: 50273 | J171: 45797 | K171: 45798 | L171: -4475 | M171: 3151.92 | N171: 977.12 | P171: 0 | Q171: 0 | R171: 0 | V171: Antecipação | W171: Mai/2025 | AA171: 941.04748 | AB171: 36.072516 | AC171: 0 | AD171: 0 | AE171: 0 | AF171: 0 | AG171: 0 | AH171: 0 | AI171: 0 | AJ171: 977.12 | AK171: Pagos Antecipadamente Acima de 180 Dias | AL171: Parcelado
A172: 2540210 | B172: 6396 | C172: Heber Guimaraes Da Cunha | D172: 766.927.601-00 | E172: 0.1003 | F172: SWISS PARK ANAPOLIS | G172: Swiss Park Zurich - Anápolis | H172: 2414654 | I172: 50304 | J172: 45797 | K172: 45798 | L172: -4506 | M172: 3151.92 | N172: 969.37 | P172: 0 | Q172: 0 | R172: 0 | V172: Antecipação | W172: Mai/2025 | AA172: 941.15853 | AB172: 28.211474 | AC172: 0 | AD172: 0 | AE172: 0 | AF172: 0 | AG172: 0 | AH172: 0 | AI172: 0 | AJ172: 969.37 | AK172: Pagos Antecipadamente Acima de 180 Dias | AL172: Parcelado
A173: 2540210 | B173: 6396 | C173: Heber Guimaraes Da Cunha | D173: 766.927.601-00 | E173: 0.1003 | F173: SWISS PARK ANAPOLIS | G173: Swiss Park Zurich - Anápolis | H173: 2414655 | I173: 50334 | J173: 45797 | K173: 45798 | L173: -4536 | M173: 3151.69 | N173: 961.61 | P173: 0 | Q173: 0 | R173: 0 | V173: Antecipação | W173: Mai/2025 | AA173: 941.18903 | AB173: 20.420967 | AC173: 0 | AD173: 0 | AE173: 0 | AF173: 0 | AG173: 0 | AH173: 0 | AI173: 0 | AJ173: 961.61 | AK173: Pagos Antecipadamente Acima de 180 Dias | AL173: Parcelado
... A311: 2540210 | B311: 6396 | C311: Heber Guimaraes Da Cunha | D311: 766.927.601-00 | E311: 0.1003 | F311: SWISS PARK ANAPOLIS | G311: Swiss Park Zurich - Anápolis | H311: 2414517 | I311: 46133 | J311: 45797 | K311: 45798 | L311: -335 | M311: 3151.92 | N311: 2886.74 | P311: 0 | Q311: 0 | R311: 0 | V311: Antecipação | W311: Mai/2025 | AA311: 915.27184 | AB311: 1971.4682 | AC311: 0 | AD311: 0 | AE311: 0 | AF311: 0 | AG311: 0 | AH311: 0 | AI311: 0 | AJ311: 2886.74 | AK311: Pagos Antecipadamente Acima de 180 Dias | AL311: Parcelado

Sheet Conciliação
A1: Data Crédito | B1: Fechamento | C1: Extrato | D1: Diferença | E1: Obs
A2: 03/05/2025 | B2: =SUMIFS(Recebimento!N:N,Recebimento!K:K,Conciliação!A2) -> 0 | C2: 0 | D2: =B2-C2 -> 0
A3: 04/05/2025 | B3: =SUMIFS(Recebimento!N:N,Recebimento!K:K,Conciliação!A3) -> 0 | C3: 0 | D3: =B3-C3 -> 0
A4: 05/05/2025 | B4: =SUMIFS(Recebimento!N:N,Recebimento!K:K,Conciliação!A4) -> 19721.55 | C4: 19721.55 | D4: =B4-C4 -> 0
A5: 06/05/2025 | B5: =SUMIFS(Recebimento!N:N,Recebimento!K:K,Conciliação!A5) -> 5354.22 | C5: 5354.22 | D5: =B5-C5 -> 0
A6: 07/05/2025 | B6: =SUMIFS(Recebimento!N:N,Recebimento!K:K,Conciliação!A6) -> 16857.71 | C6: 16857.71 | D6: =B6-C6 -> 0
A7: 08/05/2025 | B7: =SUMIFS(Recebimento!N:N,Recebimento!K:K,Conciliação!A7) -> 15163.27 | C7: 15163.27 | D7: =B7-C7 -> 0
A8: 09/05/2025 | B8: =SUMIFS(Recebimento!N:N,Recebimento!K:K,Conciliação!A8) -> 126062.4 | C8: 139988.34 | D8: =B8-C8 -> -13925.94 | E8: 1.250,65 (se refere a devolução de imposto de NF faturada incorretamente pela OT) - e-mail Swiss 12/05 12.675,29 (se trata da Servicer SP, referente ao Recibo 520186 e da Nota fiscal 10858) - e-mail 06/05
A9: 10/05/2025 | B9: =SUMIFS(Recebimento!N:N,Recebimento!K:K,Conciliação!A9) -> 0 | C9: 0 | D9: =B9-C9 -> 0
A10: 11/05/2025 | B10: =SUMIFS(Recebimento!N:N,Recebimento!K:K,Conciliação!A10) -> 0 | C10: 0 | D10: =B10-C10 -> 0
A11: 12/05/2025 | B11: =SUMIFS(Recebimento!N:N,Recebimento!K:K,Conciliação!A11) -> 30204.77 | C11: 30204.77 | D11: =B11-C11 -> 0
A12: 13/05/2025 | B12: =SUMIFS(Recebimento!N:N,Recebimento!K:K,Conciliação!A12) -> 87212.9 | C12: 87212.9 | D12: =B12-C12 -> 0
A13: 14/05/2025 | B13: =SUMIFS(Recebimento!N:N,Recebimento!K:K,Conciliação!A13) -> 0 | C13: 0 | D13: =B13-C13 -> 0
A14: 15/05/2025 | B14: =SUMIFS(Recebimento!N:N,Recebimento!K:K,Conciliação!A14) -> 8807.79 | C14: 8807.79 | D14: =B14-C14 -> 0
A15: 16/05/2025 | B15: =SUMIFS(Recebimento!N:N,Recebimento!K:K,Conciliação!A15) -> 16496.01 | C15: 16496.01 | D15: =B15-C15 -> 0
A16: 17/05/2025 | B16: =SUMIFS(Recebimento!N:N,Recebimento!K:K,Conciliação!A16) -> 0 | C16: 0 | D16: =B16-C16 -> 0
A17: 18/05/2025 | B17: =SUMIFS(Recebimento!N:N,Recebimento!K:K,Conciliação!A17) -> 0 | C17: 0 | D17: =B17-C17 -> 0
A18: 19/05/2025 | B18: =SUMIFS(Recebimento!N:N,Recebimento!K:K,Conciliação!A18) -> 39633.25 | C18: 39633.25 | D18: =B18-C18 -> 0
A19: 20/05/2025 | B19: =SUMIFS(Recebimento!N:N,Recebimento!K:K,Conciliação!A19) -> 20300.47 | C19: 20300.47 | D19: =B19-C19 -> 0
A20: 21/05/2025 | B20: =SUMIFS(Recebimento!N:N,Recebimento!K:K,Conciliação!A20) -> 308834.95 | C20: 308834.95 | D20: =B20-C20 -> 0
... A32: 02/06/2025 | B32: =SUMIFS(Recebimento!N:N,Recebimento!K:K,Conciliação!A32) -> 0 | C32: 0 | D32: =B32-C32 -> 0

Sheet Inadimplência
Q1: =SUM(Q3:Q9) -> 28580.78
A2: No Contrato | B2: Nome do Mutuáriuo | C2: CPF | D2: Carteira | E2: Empreendimento | F2: No parcela | G2: Data de Vencimento Original | H2: Amortização Corrigida | I2: Juros Corrigido | J2: MIP | K2: DFI | L2: Valor de Gestão Corrigido | M2: Dif. de Parcela | N2: Multa | O2: Mora | P2: Resíduo Parcela | Q2: Total Corrigido | R2: Seguro | S2: Dias em aberto | T2: Id do Crédito | U2: Faixa de Atraso | V2: Status
A3: 6398 | B3: Ancor Construtora Ltda | C3: 28.241.797/0001-38 | D3: SWISS PARK ANAPOLIS | E3: Swiss Park Zurich - Anápolis | F3: 2414683 | G3: 10/05/2025 | H3: 1064.24 | I3: 2529.25 | N3: 71.87 | O3: 25.15 | Q3: 3690.51 | R3: 0 | S3: 21 | T3: 135615 | U3: Menor que 30 Dias | V3: Vencidos e Não Pagos Até 30 Dias
A4: 6399 | B4: Ancor Construtora Ltda | C4: 28.241.797/0001-38 | D4: SWISS PARK ANAPOLIS | E4: Swiss Park Zurich - Anápolis | F4: 2414846 | G4: 10/05/2025 | H4: 1117.38 | I4: 2655.57 | N4: 75.46 | O4: 26.41 | Q4: 3874.82 | R4: 0 | S4: 21 | T4: 135616 | U4: Menor que 30 Dias | V4: Vencidos e Não Pagos Até 30 Dias
A5: 6400 | B5: Ancor Construtora Ltda | C5: 28.241.797/0001-38 | D5: SWISS PARK ANAPOLIS | E5: Swiss Park Zurich - Anápolis | F5: 2415009 | G5: 10/05/2025 | H5: 1047.5 | I5: 2489.47 | N5: 70.74 | O5: 24.76 | Q5: 3632.47 | R5: 0 | S5: 21 | T5: 135617 | U5: Menor que 30 Dias | V5: Vencidos e Não Pagos Até 30 Dias
A6: 6388 | B6: Anderson Goncalves Moreira | C6: 731.599.561-72 | D6: SWISS PARK ANAPOLIS | E6: Swiss Park Zurich - Anápolis | F6: 2413847 | G6: 21/05/2025 | H6: 8101.06 | I6: 0 | N6: 162.02 | O6: 27 | Q6: 8290.08 | R6: 0 | S6: 10 | T6: 135618 | U6: Menor que 30 Dias | V6: Vencidos e Não Pagos Até 30 Dias
A7: 6441 | B7: Camilo El Bazi Filho | C7: 757.022.151-68 | D7: SWISS PARK ANAPOLIS | E7: Swiss Park Zurich - Anápolis | F7: 2417858 | G7: 21/05/2025 | H7: 740.64 | I7: 1843.72 | N7: 51.69 | O7: 8.61 | Q7: 2644.66 | R7: 0 | S7: 10 | T7: 135621 | U7: Menor que 30 Dias | V7: Vencidos e Não Pagos Até 30 Dias
A8: 6409 | B8: Lucas Garcia Oliveira | C8: 253.190.908-70 | D8: SWISS PARK ANAPOLIS | E8: Swiss Park Zurich - Anápolis | F8: 2415739 | G8: 21/05/2025 | H8: 911.59 | I8: 2239.02 | N8: 63.01 | O8: 10.5 | Q8: 3224.12 | R8: 0 | S8: 10 | T8: 135661 | U8: Menor que 30 Dias | V8: Vencidos e Não Pagos Até 30 Dias
A9: 6410 | B9: Lucas Garcia Oliveira | C9: 253.190.908-70 | D9: SWISS PARK ANAPOLIS | E9: Swiss Park Zurich - Anápolis | F9: 2415903 | G9: 21/05/2025 | H9: 911.59 | I9: 2239.02 | N9: 63.01 | O9: 10.5 | Q9: 3224.12 | R9: 0 | S9: 10 | T9: 135662 | U9: Menor que 30 Dias | V9: Vencidos e Não Pagos Até 30 Dias
A10: 5420 | B10: Vagner Ricardo de Souza Godoi | C10: 040.227.541-17 | D10: SWISS PARK ANAPOLIS | E10: Swiss Park Zurich - Anápolis | F10: 2513762 | G10: 21/05/2025 | H10: 584.91 | I10: 1681.71 | N10: 45.33 | O10: 7.56 | Q10: 2319.51 | R10: 0 | S10: 10 | T10: 136100 | U10: Menor que 30 Dias | V10: Vencidos e Não Pagos Até 30 Dias | W10: Proposta - Aguardando Escritura
A11: 5423 | B11: Priscilla Ribeiro Freire Campos | C11: 262.513.558-16 | D11: SWISS PARK ANAPOLIS | E11: Swiss Park Zurich - Anápolis | F11: 2536471 | G11: 21/05/2025 | H11: 502.34 | I11: 1444.32 | N11: 38.93 | O11: 6.49 | Q11: 1992.08 | R11: 0 | S11: 10 | T11: 136248 | U11: Menor que 30 Dias | V11: Vencidos e Não Pagos Até 30 Dias | W11: Proposta - Aguardando Escritura

Sheet Planilha4
A1: Crédito | B1: Maior Valor | C1: Saldo devedor | D1: Saldo Devedor dos creditos em atraso | E1: Qtade parcelas Atraso | F1: Saldo Devedor dos creditos em atraso - Por Parcela | G1: Inadimplencia | H1: VP | R1: Saldo Devedor dos creditos em atraso - Por Parcela
A2: 6398 | B2: =_xlfn.MAXIFS(Inadimplência!S:S,Inadimplência!A:A,Planilha4!A2) -> 21 | C2: =VLOOKUP(A2,FluxoFuturo!B:L,11,0) -> 314753.13 | D2: =IF(B2<0,"Adimplente",IF(B2<=30,"Vencidos e Não Pagos Até 30 Dias",IF(B2<=61,"Vencidos e Não Pagos De 31 A 60 Dias",IF(B2<=90,"Vencidos E Não Pagos De 61 A 90 Dias",IF(B2<=120,"Vencidos e Não Pagos De 91 A 120 Dias",IF(B2<=150,"Vencidos e Não Pagos De 121 A 150 Dias",IF(B2<=180,"Vencidos e Não Pagos De 151 A 180 Dias",IF(B2>180,"Vencidos E Não Pagos Acima de 180 Dias","")))))))) -> Vencidos e Não Pagos Até 30 Dias | E2: =COUNTIFS(Inadimplência!A:A,Planilha4!A2) -> 1 | F2: =IF(E2=1,$R$2,IF(E2=2,$R$3,IF(E2=3,$R$4,IF(E2=4,$R$5,IF(E2=5,#REF!,IF(E2=6,$R$6,IF(E2>6,$R$7))))))) -> 01 - Uma Parcela | G2: =VLOOKUP(A2,FluxoFuturo!B:J,9,0) -> 3690.51 | H2: =VLOOKUP(A2,FluxoFuturo!B:K,10,0) -> 311062.62 | R2: 01 - Uma Parcela
A3: 6399 | B3: =_xlfn.MAXIFS(Inadimplência!S:S,Inadimplência!A:A,Planilha4!A3) -> 21 | C3: =VLOOKUP(A3,FluxoFuturo!B:L,11,0) -> 330472.09 | D3: =IF(B3<0,"Adimplente",IF(B3<=30,"Vencidos e Não Pagos Até 30 Dias",IF(B3<=61,"Vencidos e Não Pagos De 31 A 60 Dias",IF(B3<=90,"Vencidos E Não Pagos De 61 A 90 Dias",IF(B3<=120,"Vencidos e Não Pagos De 91 A 120 Dias",IF(B3<=150,"Vencidos e Não Pagos De 121 A 150 Dias",IF(B3<=180,"Vencidos e Não Pagos De 151 A 180 Dias",IF(B3>180,"Vencidos E Não Pagos Acima de 180 Dias","")))))))) -> Vencidos e Não Pagos Até 30 Dias | E3: =COUNTIFS(Inadimplência!A:A,Planilha4!A3) -> 1 | F3: =IF(E3=1,$R$2,IF(E3=2,$R$3,IF(E3=3,$R$4,IF(E3=4,$R$5,IF(E3=5,#REF!,IF(E3=6,$R$6,IF(E3>6,$R$7))))))) -> 01 - Uma Parcela | G3: =VLOOKUP(A3,FluxoFuturo!B:J,9,0) -> 3874.82 | H3: =VLOOKUP(A3,FluxoFuturo!B:K,10,0) -> 326597.27 | R3: 02 - Duas Parcelas
A4: 6400 | B4: =_xlfn.MAXIFS(Inadimplência!S:S,Inadimplência!A:A,Planilha4!A4) -> 21 | C4: =VLOOKUP(A4,FluxoFuturo!B:L,11,0) -> 309802.54 | D4: =IF(B4<0,"Adimplente",IF(B4<=30,"Vencidos e Não Pagos Até 30 Dias",IF(B4<=61,"Vencidos e Não Pagos De 31 A 60 Dias",IF(B4<=90,"Vencidos E Não Pagos De 61 A 90 Dias",IF(B4<=120,"Vencidos e Não Pagos De 91 A 120 Dias",IF(B4<=150,"Vencidos e Não Pagos De 121 A 150 Dias",IF(B4<=180,"Vencidos e Não Pagos De 151 A 180 Dias",IF(B4>180,"Vencidos E Não Pagos Acima de 180 Dias","")))))))) -> Vencidos e Não Pagos Até 30 Dias | E4: =COUNTIFS(Inadimplência!A:A,Planilha4!A4) -> 1 | F4: =IF(E4=1,$R$2,IF(E4=2,$R$3,IF(E4=3,$R$4,IF(E4=4,$R$5,IF(E4=5,#REF!,IF(E4=6,$R$6,IF(E4>6,$R$7))))))) -> 01 - Uma Parcela | G4: =VLOOKUP(A4,FluxoFuturo!B:J,9,0) -> 3632.47 | H4: =VLOOKUP(A4,FluxoFuturo!B:K,10,0) -> 306170.07 | R4: 03 - Três Parcelas
A5: 6388 | B5: =_xlfn.MAXIFS(Inadimplência!S:S,Inadimplência!A:A,Planilha4!A5) -> 10 | C5: =VLOOKUP(A5,FluxoFuturo!B:L,11,0) -> 186513.4 | D5: =IF(B5<0,"Adimplente",IF(B5<=30,"Vencidos e Não Pagos Até 30 Dias",IF(B5<=61,"Vencidos e Não Pagos De 31 A 60 Dias",IF(B5<=90,"Vencidos E Não Pagos De 61 A 90 Dias",IF(B5<=120,"Vencidos e Não Pagos De 91 A 120 Dias",IF(B5<=150,"Vencidos e Não Pagos De 121 A 150 Dias",IF(B5<=180,"Vencidos e Não Pagos De 151 A 180 Dias",IF(B5>180,"Vencidos E Não Pagos Acima de 180 Dias","")))))))) -> Vencidos e Não Pagos Até 30 Dias | E5: =COUNTIFS(Inadimplência!A:A,Planilha4!A5) -> 1 | F5: =IF(E5=1,$R$2,IF(E5=2,$R$3,IF(E5=3,$R$4,IF(E5=4,$R$5,IF(E5=5,#REF!,IF(E5=6,$R$6,IF(E5>6,$R$7))))))) -> 01 - Uma Parcela | G5: =VLOOKUP(A5,FluxoFuturo!B:J,9,0) -> 8290.08 | H5: =VLOOKUP(A5,FluxoFuturo!B:K,10,0) -> 178223.32 | R5: 04 - Quatro Parcelas
A6: 6441 | B6: =_xlfn.MAXIFS(Inadimplência!S:S,Inadimplência!A:A,Planilha4!A6) -> 10 | C6: =VLOOKUP(A6,FluxoFuturo!B:L,11,0) -> 329645.36 | D6: =IF(B6<0,"Adimplente",IF(B6<=30,"Vencidos e Não Pagos Até 30 Dias",IF(B6<=61,"Vencidos e Não Pagos De 31 A 60 Dias",IF(B6<=90,"Vencidos E Não Pagos De 61 A 90 Dias",IF(B6<=120,"Vencidos e Não Pagos De 91 A 120 Dias",IF(B6<=150,"Vencidos e Não Pagos De 121 A 150 Dias",IF(B6<=180,"Vencidos e Não Pagos De 151 A 180 Dias",IF(B6>180,"Vencidos E Não Pagos Acima de 180 Dias","")))))))) -> Vencidos e Não Pagos Até 30 Dias | E6: =COUNTIFS(Inadimplência!A:A,Planilha4!A6) -> 1 | F6: =IF(E6=1,$R$2,IF(E6=2,$R$3,IF(E6=3,$R$4,IF(E6=4,$R$5,IF(E6=5,#REF!,IF(E6=6,$R$6,IF(E6>6,$R$7))))))) -> 01 - Uma Parcela | G6: =VLOOKUP(A6,FluxoFuturo!B:J,9,0) -> 2644.66 | H6: =VLOOKUP(A6,FluxoFuturo!B:K,10,0) -> 327000.7 | R6: 05 - Cinco Parcelas
A7: 6409 | B7: =_xlfn.MAXIFS(Inadimplência!S:S,Inadimplência!A:A,Planilha4!A7) -> 10 | C7: =VLOOKUP(A7,FluxoFuturo!B:L,11,0) -> 276910.87 | D7: =IF(B7<0,"Adimplente",IF(B7<=30,"Vencidos e Não Pagos Até 30 Dias",IF(B7<=61,"Vencidos e Não Pagos De 31 A 60 Dias",IF(B7<=90,"Vencidos E Não Pagos De 61 A 90 Dias",IF(B7<=120,"Vencidos e Não Pagos De 91 A 120 Dias",IF(B7<=150,"Vencidos e Não Pagos De 121 A 150 Dias",IF(B7<=180,"Vencidos e Não Pagos De 151 A 180 Dias",IF(B7>180,"Vencidos E Não Pagos Acima de 180 Dias","")))))))) -> Vencidos e Não Pagos Até 30 Dias | E7: =COUNTIFS(Inadimplência!A:A,Planilha4!A7) -> 1 | F7: =IF(E7=1,$R$2,IF(E7=2,$R$3,IF(E7=3,$R$4,IF(E7=4,$R$5,IF(E7=5,#REF!,IF(E7=6,$R$6,IF(E7>6,$R$7))))))) -> 01 - Uma Parcela | G7: =VLOOKUP(A7,FluxoFuturo!B:J,9,0) -> 3224.12 | H7: =VLOOKUP(A7,FluxoFuturo!B:K,10,0) -> 273686.75 | R7: 06 - Seis parcelas
A8: 6410 | B8: =_xlfn.MAXIFS(Inadimplência!S:S,Inadimplência!A:A,Planilha4!A8) -> 10 | C8: =VLOOKUP(A8,FluxoFuturo!B:L,11,0) -> 276910.87 | D8: =IF(B8<0,"Adimplente",IF(B8<=30,"Vencidos e Não Pagos Até 30 Dias",IF(B8<=61,"Vencidos e Não Pagos De 31 A 60 Dias",IF(B8<=90,"Vencidos E Não Pagos De 61 A 90 Dias",IF(B8<=120,"Vencidos e Não Pagos De 91 A 120 Dias",IF(B8<=150,"Vencidos e Não Pagos De 121 A 150 Dias",IF(B8<=180,"Vencidos e Não Pagos De 151 A 180 Dias",IF(B8>180,"Vencidos E Não Pagos Acima de 180 Dias","")))))))) -> Vencidos e Não Pagos Até 30 Dias | E8: =COUNTIFS(Inadimplência!A:A,Planilha4!A8) -> 1 | F8: =IF(E8=1,$R$2,IF(E8=2,$R$3,IF(E8=3,$R$4,IF(E8=4,$R$5,IF(E8=5,#REF!,IF(E8=6,$R$6,IF(E8>6,$R$7))))))) -> 01 - Uma Parcela | G8: =VLOOKUP(A8,FluxoFuturo!B:J,9,0) -> 3224.12 | H8: =VLOOKUP(A8,FluxoFuturo!B:K,10,0) -> 273686.75 | R8: Maior que seis parcelas

Sheet FluxoFuturo
J1: =SUBTOTAL(9,J3:J101) -> 28580.78 | K1: =SUBTOTAL(9,K3:K101) -> 24784043 | L1: =SUBTOTAL(9,L3:L101) -> 24812624 | N1: =SUBTOTAL(9,N3:N101) -> 24784647 | O1: =SUBTOTAL(9,O3:O101) -> 22587901
A2: Cod Chronos | B2: Contrato | C2: Nome do mutuário | D2: CPF | E2: Taxa | F2: Carteira | G2: Empreendimento | H2: Elegibilidade | I2: Meses Remanescentes | J2: Inadimplência | K2: VP Fluxo Futuro | L2: Saldo Devedor | M2: Classificação | N2: Saldo Devedor PDD | O2: Saldo Devedor Taxa Cessão | P2: Média R$ m² | Q2: Área M² | R2: Valor De Venda Atualizado | S2: LTV % | T2: 06/2025 | U2: 07/2025 | V2: 08/2025 | W2: 09/2025 | X2: 10/2025 | Y2: 11/2025 | Z2: 12/2025 | AA2: 01/2026 | AB2: 02/2026 | AC2: 03/2026 | AD2: 04/2026 | AE2: 05/2026 | AF2: 06/2026 | AG2: 07/2026 | AH2: 08/2026 | AI2: 09/2026 | AJ2: 10/2026 | AK2: 11/2026 | AL2: 12/2026 | AM2: 01/2027 | AN2: 02/2027 | AO2: 03/2027 | AP2: 04/2027 | AQ2: 05/2027 | AR2: 06/2027 | AS2: 07/2027 | AT2: 08/2027 | AU2: 09/2027 | AV2: 10/2027 | AW2: 11/2027 | AX2: 12/2027 | AY2: 01/2028 | AZ2: 02/2028 | BA2: 03/2028 | BB2: 04/2028 | BC2: 05/2028 | BD2: 06/2028 | BE2: 07/2028 | BF2: 08/2028 | BG2: 09/2028 | BH2: 10/2028 | BI2: 11/2028 | BJ2: 12/2028 | BK2: 01/2029 | BL2: 02/2029 | BM2: 03/2029 | BN2: 04/2029 | BO2: 05/2029 | BP2: 06/2029 | BQ2: 07/2029 | BR2: 08/2029 | BS2: 09/2029 | BT2: 10/2029 | BU2: 11/2029 | BV2: 12/2029 | BW2: 01/2030 | BX2: 02/2030 | BY2: 03/2030 | BZ2: 04/2030 | CA2: 05/2030 | CB2: 06/2030 | CC2: 07/2030 | CD2: 08/2030 | CE2: 09/2030 | CF2: 10/2030 | CG2: 11/2030 | CH2: 12/2030 | CI2: 01/2031 | CJ2: 02/2031 | CK2: 03/2031 | CL2: 04/2031 | CM2: 05/2031 | CN2: 06/2031 | CO2: 07/2031 | CP2: 08/2031 | CQ2: 09/2031 | CR2: 10/2031 | CS2: 11/2031 | CT2: 12/2031 | CU2: 01/2032 | CV2: 02/2032 | CW2: 03/2032 | CX2: 04/2032 | CY2: 05/2032 | CZ2: 06/2032 | DA2: 07/2032 | DB2: 08/2032 | DC2: 09/2032 | DD2: 10/2032 | DE2: 11/2032 | DF2: 12/2032 | DG2: 01/2033 | DH2: 02/2033 | DI2: 03/2033 | DJ2: 04/2033 | DK2: 05/2033 | DL2: 06/2033 | DM2: 07/2033 | DN2: 08/2033 | DO2: 09/2033 | DP2: 10/2033 | DQ2: 11/2033 | DR2: 12/2033 | DS2: 01/2034 | DT2: 02/2034 | DU2: 03/2034 | DV2: 04/2034 | DW2: 05/2034 | DX2: 06/2034 | DY2: 07/2034 | DZ2: 08/2034 | EA2: 09/2034 | EB2: 10/2034 | EC2: 11/2034 | ED2: 12/2034 | EE2: 01/2035 | EF2: 02/2035 | EG2: 03/2035 | EH2: 04/2035 | EI2: 05/2035 | EJ2: 06/2035 | EK2: 07/2035 | EL2: 08/2035 | EM2: 09/2035 | EN2: 10/2035 | EO2: 11/2035 | EP2: 12/2035 | EQ2: 01/2036 | ER2: 02/2036 | ES2: 03/2036 | ET2: 04/2036 | EU2: 05/2036 | EV2: 06/2036 | EW2: 07/2036 | EX2: 08/2036 | EY2: 09/2036 | EZ2: 10/2036 | FA2: 11/2036 | FB2: 12/2036 | FC2: 01/2037 | FD2: 02/2037 | FE2: 03/2037 | FF2: 04/2037 | FG2: 05/2037 | FH2: 06/2037 | FI2: 07/2037 | FJ2: 08/2037 | FK2: 09/2037 | FL2: 10/2037 | FM2: 11/2037 | FN2: 12/2037 | FO2: 01/2038 | FP2: 02/2038 | FQ2: 03/2038 | FR2: 04/2038 | FS2: 05/2038 | FT2: 06/2038 | FU2: 07/2038 | FV2: 08/2038 | FW2: 09/2038 | FX2: 10/2038 | FY2: 11/2038 | FZ2: 12/2038 | GA2: 01/2039 | GB2: 02/2039 | GC2: 03/2039 | GD2: 04/2039 | GE2: 05/2039 | GF2: 06/2039 | GG2: 07/2039 | GH2: 08/2039 | GI2: Id do Crédito
A3: 135922 | B3: =_xlfn.XLOOKUP(A3,[9]Planilha1!$L:$L,[9]Planilha1!$B:$B,,0) -> 6494 | C3: Filipe Junio De Oliveira | D3: 020.314.361-20 | E3: 0.100339 | F3: SWISS PARK ANAPOLIS | G3: Swiss Park Zurich - Anápolis | H3: =VLOOKUP(B3,Elegibilidade!A:I,9,0) -> Elegível | I3: 160 | J3: 0 | K3: =NPV(0.8%,T3:GH3) -> 366399.06 | L3: =J3+K3 -> 366399.06 | M3: Adimplente | N3: =VLOOKUP(M3,Base!A:B,2,0)*L3 -> 366399.06 | O3: =NPV((1+12%)^(1/12)-1,T3:GH3) -> 334406 | P3: =Vendas!$J$1 -> 880.37366 | Q3: =VLOOKUP(A3,[10]FluxoFuturo!$A:$Q,17,0) -> 413.88 | R3: =P3*Q3 -> 364369.05 | S3: =O3/R3 -> 0.91776729 | T3: 2888.28 | U3: 2888.28 | V3: 2888.28 | W3: 2888.28 | X3: 2888.28 | Y3: 2888.28 | Z3: 2888.28 | AA3: 2888.28 | AB3: 18139.95 | AC3: 2888.28 | AD3: 2888.28 | AE3: 2888.28 | AF3: 2888.28 | AG3: 2888.28 | AH3: 2888.28 | AI3: 2888.28 | AJ3: 2888.28 | AK3: 2888.28 | AL3: 2888.28 | AM3: 2888.28 | AN3: 18139.95 | AO3: 2888.28 | AP3: 2888.28 | AQ3: 2888.28 | AR3: 2888.28 | AS3: 2888.28 | AT3: 2888.28 | AU3: 2888.28 | AV3: 2888.28 | AW3: 2888.28 | AX3: 2888.28 | AY3: 2888.28 | AZ3: 18139.95 | BA3: 2888.28 | BB3: 2888.28 | BC3: 2888.28 | BD3: 2888.28 | BE3: 2888.28 | BF3: 2888.28 | BG3: 2888.28 | BH3: 2888.28 | BI3: 2888.28 | BJ3: 2888.28 | BK3: 2888.28 | BL3: 18139.95 | BM3: 2888.28 | BN3: 2888.28 | BO3: 2888.28 | BP3: 2888.28 | BQ3: 2888.28 | BR3: 2888.28 | BS3: 2888.28 | BT3: 2888.28 | BU3: 2888.28 | BV3: 2888.28 | BW3: 2888.28 | BX3: 18139.95 | BY3: 2888.28 | BZ3: 2888.28 | CA3: 2888.28 | CB3: 2888.28 | CC3: 2888.28 | CD3: 2888.28 | CE3: 2888.28 | CF3: 2888.28 | CG3: 2888.28 | CH3: 2888.28 | CI3: 2888.28 | CJ3: 18139.95 | CK3: 2888.28 | CL3: 2888.28 | CM3: 2888.28 | CN3: 2888.28 | CO3: 2888.28 | CP3: 2888.28 | CQ3: 2888.28 | CR3: 2888.28 | CS3: 2888.28 | CT3: 2888.28 | CU3: 2888.28 | CV3: 18139.95 | CW3: 2888.28 | CX3: 2888.28 | CY3: 2888.28 | CZ3: 2888.28 | DA3: 2888.28 | DB3: 2888.28 | DC3: 2888.28 | DD3: 2888.28 | DE3: 2888.28 | DF3: 2888.28 | DG3: 2888.28 | DH3: 18139.95 | DI3: 2888.28 | DJ3: 2888.28 | DK3: 2888.28 | DL3: 2888.28 | DM3: 2888.28 | DN3: 2888.28 | DO3: 2888.28 | DP3: 2888.28 | DQ3: 2888.28 | DR3: 2888.28 | DS3: 2888.28 | DT3: 18139.95 | DU3: 2888.28 | DV3: 2888.28 | DW3: 2888.28 | DX3: 2888.28 | DY3: 2888.28 | DZ3: 2888.28 | EA3: 2888.28 | EB3: 2888.28 | EC3: 2888.28 | ED3: 2888.28 | EE3: 2888.28 | EF3: 18139.95 | EG3: 2888.28 | EH3: 2888.28 | EI3: 2888.28 | EJ3: 2888.28 | EK3: 2888.28 | EL3: 2888.28 | EM3: 2888.28 | EN3: 2888.28 | EO3: 2888.28 | EP3: 2888.28 | EQ3: 2888.28 | ER3: 18139.95 | ES3: 2888.28 | ET3: 2888.28 | EU3: 2888.28 | EV3: 2888.28 | EW3: 2888.28 | EX3: 2888.28 | EY3: 2888.28 | EZ3: 2888.28 | FA3: 2888.28 | FB3: 2888.28 | FC3: 2888.28 | FD3: 18139.94 | FE3: 2888.28 | FF3: 2888.28 | FG3: 2888.28 | FH3: 2888.28 | FI3: 2888.28 | FJ3: 2888.28 | FK3: 2888.28 | FL3: 2888.28 | FM3: 2888.28 | FN3: 2888.28 | FO3: 2888.28 | FP3: 2888.28 | FQ3: 2888.28 | FR3: 2888.28 | FS3: 2888.28 | FT3: 2888.28 | FU3: 2888.28 | FV3: 2888.28 | FW3: 2887.83 | FX3: 0 | FY3: 0 | FZ3: 0 | GA3: 0 | GB3: 0 | GC3: 0 | GD3: 0 | GE3: 0 | GF3: 0 | GG3: 0 | GH3: 0 | GI3: 135922
A4: 135688 | B4: =_xlfn.XLOOKUP(A4,[9]Planilha1!$L:$L,[9]Planilha1!$B:$B,,0) -> 6451 | C4: Thiago Da Costa Moreira | D4: 036.528.931-07 | E4: 0.1003 | F4: SWISS PARK ANAPOLIS | G4: Swiss Park Zurich - Anápolis | H4: =VLOOKUP(B4,Elegibilidade!A:I,9,0) -> Elegível | I4: 154 | J4: 0 | K4: =NPV(0.8%,T4:GH4) -> 361589.65 | L4: =J4+K4 -> 361589.65 | M4: Adimplente | N4: =VLOOKUP(M4,Base!A:B,2,0)*L4 -> 361589.65 | O4: =NPV((1+12%)^(1/12)-1,T4:GH4) -> 330559.82 | P4: =Vendas!$J$1 -> 880.37366 | Q4: =VLOOKUP(A4,[10]FluxoFuturo!$A:$Q,17,0) -> 408.49 | R4: =P4*Q4 -> 359623.84 | S4: =O4/R4 -> 0.91918217 | T4: 4092.36 | U4: 4092.36 | V4: 4092.36 | W4: 4092.36 | X4: 4092.36 | Y4: 4092.36 | Z4: 4092.36 | AA4: 4092.36 | AB4: 4092.36 | AC4: 4092.36 | AD4: 4092.36 | AE4: 4092.36 | AF4: 4092.36 | AG4: 4092.36 | AH4: 4092.36 | AI4: 4092.36 | AJ4: 4092.36 | AK4: 4092.36 | AL4: 4092.36 | AM4: 4092.36 | AN4: 4092.36 | AO4: 4092.36 | AP4: 4092.36 | AQ4: 4092.36 | AR4: 4092.36 | AS4: 4092.36 | AT4: 4092.36 | AU4: 4092.36 | AV4: 4092.36 | AW4: 4092.36 | AX4: 4092.36 | AY4: 4092.36 | AZ4: 4092.36 | BA4: 4092.36 | BB4: 4092.36 | BC4: 4092.36 | BD4: 4092.36 | BE4: 4092.36 | BF4: 4092.36 | BG4: 4092.36 | BH4: 4092.36 | BI4: 4092.36 | BJ4: 4092.36 | BK4: 4092.36 | BL4: 4092.36 | BM4: 4092.36 | BN4: 4092.36 | BO4: 4092.36 | BP4: 4092.36 | BQ4: 4092.36 | BR4: 4092.36 | BS4: 4092.36 | BT4: 4092.36 | BU4: 4092.36 | BV4: 4092.36 | BW4: 4092.36 | BX4: 4092.36 | BY4: 4092.36 | BZ4: 4092.36 | CA4: 4092.36 | CB4: 4092.36 | CC4: 4092.36 | CD4: 4092.36 | CE4: 4092.36 | CF4: 4092.36 | CG4: 4092.36 | CH4: 4092.36 | CI4: 4092.36 | CJ4: 4092.36 | CK4: 4092.36 | CL4: 4092.36 | CM4: 4092.36 | CN4: 4092.36 | CO4: 4092.36 | CP4: 4092.36 | CQ4: 4092.36 | CR4: 4092.36 | CS4: 4092.36 | CT4: 4092.36 | CU4: 4092.36 | CV4: 4092.36 | CW4: 4092.36 | CX4: 4092.36 | CY4: 4092.36 | CZ4: 4092.36 | DA4: 4092.36 | DB4: 4092.36 | DC4: 4092.36 | DD4: 4092.36 | DE4: 4092.36 | DF4: 4092.36 | DG4: 4092.36 | DH4: 4092.36 | DI4: 4092.36 | DJ4: 4092.36 | DK4: 4092.36 | DL4: 4092.36 | DM4: 4092.36 | DN4: 4092.36 | DO4: 4092.36 | DP4: 4092.36 | DQ4: 4092.36 | DR4: 4092.36 | DS4: 4092.36 | DT4: 4092.36 | DU4: 4092.36 | DV4: 4092.36 | DW4: 4092.36 | DX4: 4092.36 | DY4: 4092.36 | DZ4: 4092.36 | EA4: 4092.36 | EB4: 4092.36 | EC4: 4092.36 | ED4: 4092.36 | EE4: 4092.36 | EF4: 4092.36 | EG4: 4092.36 | EH4: 4092.36 | EI4: 4092.36 | EJ4: 4092.36 | EK4: 4092.36 | EL4: 4092.36 | EM4: 4092.36 | EN4: 4092.36 | EO4: 4092.36 | EP4: 4092.36 | EQ4: 4092.36 | ER4: 4092.36 | ES4: 4092.36 | ET4: 4092.36 | EU4: 4092.36 | EV4: 4092.36 | EW4: 4092.36 | EX4: 4092.36 | EY4: 4092.36 | EZ4: 4092.36 | FA4: 4092.36 | FB4: 4092.36 | FC4: 4092.36 | FD4: 4092.36 | FE4: 4092.36 | FF4: 4092.36 | FG4: 4092.36 | FH4: 4092.36 | FI4: 4092.36 | FJ4: 4092.36 | FK4: 4092.36 | FL4: 4092.36 | FM4: 4092.36 | FN4: 4092.36 | FO4: 4092.36 | FP4: 4092.36 | FQ4: 4092.27 | FR4: 0 | FS4: 0 | FT4: 0 | FU4: 0 | FV4: 0 | FW4: 0 | FX4: 0 | FY4: 0 | FZ4: 0 | GA4: 0 | GB4: 0 | GC4: 0 | GD4: 0 | GE4: 0 | GF4: 0 | GG4: 0 | GH4: 0 | GI4: 135688
A5: 136446 | B5: =_xlfn.XLOOKUP(A5,[9]Planilha1!$L:$L,[9]Planilha1!$B:$B,,0) -> 5429 | C5: Pedro Henrique Rufo Chagas | D5: 700.642.461-59 | E5: 0 | F5: SWISS PARK ANAPOLIS | G5: Swiss Park Zurich - Anápolis | H5: =VLOOKUP(B5,Elegibilidade!A:I,9,0) -> Inelegível | I5: 22 | J5: 0 | K5: =SUM(T5:GH5) -> 357779.84 | L5: =J5+K5 -> 357779.84 | M5: Adimplente | N5: =VLOOKUP(M5,Base!A:B,2,0)*L5 -> 357779.84 | O5: =NPV((1+12%)^(1/12)-1,T5:GH5) -> 321534.7 | P5: =Vendas!$J$1 -> 880.37366 | Q5: 490.65 | R5: =P5*Q5 -> 431955.34 | S5: =O5/R5 -> 0.74437025 | T5: 16262.72 | U5: 16262.72 | V5: 16262.72 | W5: 16262.72 | X5: 16262.72 | Y5: 16262.72 | Z5: 16262.72 | AA5: 16262.72 | AB5: 16262.72 | AC5: 16262.72 | AD5: 16262.72 | AE5: 16262.72 | AF5: 16262.72 | AG5: 16262.72 | AH5: 16262.72 | AI5: 16262.72 | AJ5: 16262.72 | AK5: 16262.72 | AL5: 16262.72 | AM5: 16262.72 | AN5: 16262.72 | AO5: 16262.72 | AP5: 0 | AQ5: 0 | AR5: 0 | AS5: 0 | AT5: 0 | AU5: 0 | AV5: 0 | AW5: 0 | AX5: 0 | AY5: 0 | AZ5: 0 | BA5: 0 | BB5: 0 | BC5: 0 | BD5: 0 | BE5: 0 | BF5: 0 | BG5: 0 | BH5: 0 | BI5: 0 | BJ5: 0 | BK5: 0 | BL5: 0 | BM5: 0 | BN5: 0 | BO5: 0 | BP5: 0 | BQ5: 0 | BR5: 0 | BS5: 0 | BT5: 0 | BU5: 0 | BV5: 0 | BW5: 0 | BX5: 0 | BY5: 0 | BZ5: 0 | CA5: 0 | CB5: 0 | CC5: 0 | CD5: 0 | CE5: 0 | CF5: 0 | CG5: 0 | CH5: 0 | CI5: 0 | CJ5: 0 | CK5: 0 | CL5: 0 | CM5: 0 | CN5: 0 | CO5: 0 | CP5: 0 | CQ5: 0 | CR5: 0 | CS5: 0 | CT5: 0 | CU5: 0 | CV5: 0 | CW5: 0 | CX5: 0 | CY5: 0 | CZ5: 0 | DA5: 0 | DB5: 0 | DC5: 0 | DD5: 0 | DE5: 0 | DF5: 0 | DG5: 0 | DH5: 0 | DI5: 0 | DJ5: 0 | DK5: 0 | DL5: 0 | DM5: 0 | DN5: 0 | DO5: 0 | DP5: 0 | DQ5: 0 | DR5: 0 | DS5: 0 | DT5: 0 | DU5: 0 | DV5: 0 | DW5: 0 | DX5: 0 | DY5: 0 | DZ5: 0 | EA5: 0 | EB5: 0 | EC5: 0 | ED5: 0 | EE5: 0 | EF5: 0 | EG5: 0 | EH5: 0 | EI5: 0 | EJ5: 0 | EK5: 0 | EL5: 0 | EM5: 0 | EN5: 0 | EO5: 0 | EP5: 0 | EQ5: 0 | ER5: 0 | ES5: 0 | ET5: 0 | EU5: 0 | EV5: 0 | EW5: 0 | EX5: 0 | EY5: 0 | EZ5: 0 | FA5: 0 | FB5: 0 | FC5: 0 | FD5: 0 | FE5: 0 | FF5: 0 | FG5: 0 | FH5: 0 | FI5: 0 | FJ5: 0 | FK5: 0 | FL5: 0 | FM5: 0 | FN5: 0 | FO5: 0 | FP5: 0 | FQ5: 0 | FR5: 0 | FS5: 0 | FT5: 0 | FU5: 0 | FV5: 0 | FW5: 0 | FX5: 0 | FY5: 0 | FZ5: 0 | GA5: 0 | GB5: 0 | GC5: 0 | GD5: 0 | GE5: 0 | GF5: 0 | GG5: 0 | GH5: 0 | GI5: 136446
A6: 135667 | B6: =_xlfn.XLOOKUP(A6,[9]Planilha1!$L:$L,[9]Planilha1!$B:$B,,0) -> 6402 | C6: Michael Molina | D6: 222.832.808-18 | E6: 0.1003 | F6: SWISS PARK ANAPOLIS | G6: Swiss Park Zurich - Anápolis | H6: =VLOOKUP(B6,Elegibilidade!A:I,9,0) -> Elegível | I6: 149 | J6: 0 | K6: =NPV(0.8%,T6:GH6) -> 350463.31 | L6: =J6+K6 -> 350463.31 | M6: Adimplente | N6: =VLOOKUP(M6,Base!A:B,2,0)*L6 -> 350463.31 | O6: =NPV((1+12%)^(1/12)-1,T6:GH6) -> 321079.99 | P6: =Vendas!$J$1 -> 880.37366 | Q6: =VLOOKUP(A6,[10]FluxoFuturo!$A:$Q,17,0) -> 460.99 | R6: =P6*Q6 -> 405843.46 | S6: =O6/R6 -> 0.79114247 | T6: 4034.44 | U6: 4034.44 | V6: 4034.44 | W6: 4034.44 | X6: 4034.44 | Y6: 4034.44 | Z6: 4034.44 | AA6: 4034.44 | AB6: 4034.44 | AC6: 4034.44 | AD6: 4034.44 | AE6: 4034.44 | AF6: 4034.44 | AG6: 4034.44 | AH6: 4034.44 | AI6: 4034.44 | AJ6: 4034.44 | AK6: 4034.44 | AL6: 4034.44 | AM6: 4034.44 | AN6: 4034.44 | AO6: 4034.44 | AP6: 4034.44 | AQ6: 4034.44 | AR6: 4034.44 | AS6: 4034.44 | AT6: 4034.44 | AU6: 4034.44 | AV6: 4034.44 | AW6: 4034.44 | AX6: 4034.44 | AY6: 4034.44 | AZ6: 4034.44 | BA6: 4034.44 | BB6: 4034.44 | BC6: 4034.44 | BD6: 4034.44 | BE6: 4034.44 | BF6: 4034.44 | BG6: 4034.44 | BH6: 4034.44 | BI6: 4034.44 | BJ6: 4034.44 | BK6: 4034.44 | BL6: 4034.44 | BM6: 4034.44 | BN6: 4034.44 | BO6: 4034.44 | BP6: 4034.44 | BQ6: 4034.44 | BR6: 4034.44 | BS6: 4034.44 | BT6: 4034.44 | BU6: 4034.44 | BV6: 4034.44 | BW6: 4034.44 | BX6: 4034.44 | BY6: 4034.44 | BZ6: 4034.44 | CA6: 4034.44 | CB6: 4034.44 | CC6: 4034.44 | CD6: 4034.44 | CE6: 4034.44 | CF6: 4034.44 | CG6: 4034.44 | CH6: 4034.44 | CI6: 4034.44 | CJ6: 4034.44 | CK6: 4034.44 | CL6: 4034.44 | CM6: 4034.44 | CN6: 4034.44 | CO6: 4034.44 | CP6: 4034.44 | CQ6: 4034.44 | CR6: 4034.44 | CS6: 4034.44 | CT6: 4034.44 | CU6: 4034.44 | CV6: 4034.44 | CW6: 4034.44 | CX6: 4034.44 | CY6: 4034.44 | CZ6: 4034.44 | DA6: 4034.44 | DB6: 4034.44 | DC6: 4034.44 | DD6: 4034.44 | DE6: 4034.44 | DF6: 4034.44 | DG6: 4034.44 | DH6: 4034.44 | DI6: 4034.44 | DJ6: 4034.44 | DK6: 4034.44 | DL6: 4034.44 | DM6: 4034.44 | DN6: 4034.44 | DO6: 4034.44 | DP6: 4034.44 | DQ6: 4034.44 | DR6: 4034.44 | DS6: 4034.44 | DT6: 4034.44 | DU6: 4034.44 | DV6: 4034.44 | DW6: 4034.44 | DX6: 4034.44 | DY6: 4034.44 | DZ6: 4034.44 | EA6: 4034.44 | EB6: 4034.44 | EC6: 4034.44 | ED6: 4034.44 | EE6: 4034.44 | EF6: 4034.44 | EG6: 4034.44 | EH6: 4034.44 | EI6: 4034.44 | EJ6: 4034.44 | EK6: 4034.44 | EL6: 4034.44 | EM6: 4034.44 | EN6: 4034.44 | EO6: 4034.44 | EP6: 4034.44 | EQ6: 4034.44 | ER6: 4034.44 | ES6: 4034.44 | ET6: 4034.44 | EU6: 4034.44 | EV6: 4034.44 | EW6: 4034.44 | EX6: 4034.44 | EY6: 4034.44 | EZ6: 4034.44 | FA6: 4034.44 | FB6: 4034.44 | FC6: 4034.44 | FD6: 4034.44 | FE6: 4034.44 | FF6: 4034.44 | FG6: 4034.44 | FH6: 4034.44 | FI6: 4034.44 | FJ6: 4034.44 | FK6: 4034.44 | FL6: 4034.38 | FM6: 0 | FN6: 0 | FO6: 0 | FP6: 0 | FQ6: 0 | FR6: 0 | FS6: 0 | FT6: 0 | FU6: 0 | FV6: 0 | FW6: 0 | FX6: 0 | FY6: 0 | FZ6: 0 | GA6: 0 | GB6: 0 | GC6: 0 | GD6: 0 | GE6: 0 | GF6: 0 | GG6: 0 | GH6: 0 | GI6: 135667
A7: 136054 | B7: 6501 | C7: João Miguel Ridal Frutuoso | D7: 119.467.038-50 | E7: 0.100339 | F7: SWISS PARK ANAPOLIS | G7: Swiss Park Zurich - Anápolis | H7: =VLOOKUP(B7,Elegibilidade!A:I,9,0) -> Inelegível | I7: 171 | J7: 0 | K7: =NPV(0.8%,T7:GH7) -> 336310.4 | L7: =J7+K7 -> 336310.4 | M7: Adimplente | N7: =VLOOKUP(M7,Base!A:B,2,0)*L7 -> 336310.4 | O7: =NPV((1+12%)^(1/12)-1,T7:GH7) -> 305980.08 | P7: =Vendas!$J$1 -> 880.37366 | Q7: =VLOOKUP(A7,[10]FluxoFuturo!$A:$Q,17,0) -> 360 | R7: =P7*Q7 -> 316934.52 | S7: =O7/R7 -> 0.96543628 | T7: 9139.64 | U7: 9139.64 | V7: 2336.21 | W7: 2336.21 | X7: 2336.21 | Y7: 2336.21 | Z7: 2336.21 | AA7: 2336.21 | AB7: 2336.21 | AC7: 2336.21 | AD7: 16583.4 | AE7: 2336.21 | AF7: 2336.21 | AG7: 2336.21 | AH7: 2336.21 | AI7: 2336.21 | AJ7: 2336.21 | AK7: 2336.21 | AL7: 2336.21 | AM7: 2336.21 | AN7: 2336.21 | AO7: 2336.21 | AP7: 16583.4 | AQ7: 2336.21 | AR7: 2336.21 | AS7: 2336.21 | AT7: 2336.21 | AU7: 2336.21 | AV7: 2336.21 | AW7: 2336.21 | AX7: 2336.21 | AY7: 2336.21 | AZ7: 2336.21 | BA7: 2336.21 | BB7: 16583.4 | BC7: 2336.21 | BD7: 2336.21 | BE7: 2336.21 | BF7: 2336.21 | BG7: 2336.21 | BH7: 2336.21 | BI7: 2336.21 | BJ7: 2336.21 | BK7: 2336.21 | BL7: 2336.21 | BM7: 2336.21 | BN7: 16583.4 | BO7: 2336.21 | BP7: 2336.21 | BQ7: 2336.21 | BR7: 2336.21 | BS7: 2336.21 | BT7: 2336.21 | BU7: 2336.21 | BV7: 2336.21 | BW7: 2336.21 | BX7: 2336.21 | BY7: 2336.21 | BZ7: 16583.4 | CA7: 2336.21 | CB7: 2336.21 | CC7: 2336.21 | CD7: 2336.21 | CE7: 2336.21 | CF7: 2336.21 | CG7: 2336.21 | CH7: 2336.21 | CI7: 2336.21 | CJ7: 2336.21 | CK7: 2336.21 | CL7: 16583.4 | CM7: 2336.21 | CN7: 2336.21 | CO7: 2336.21 | CP7: 2336.21 | CQ7: 2336.21 | CR7: 2336.21 | CS7: 2336.21 | CT7: 2336.21 | CU7: 2336.21 | CV7: 2336.21 | CW7: 2336.21 | CX7: 16583.4 | CY7: 2336.21 | CZ7: 2336.21 | DA7: 2336.21 | DB7: 2336.21 | DC7: 2336.21 | DD7: 2336.21 | DE7: 2336.21 | DF7: 2336.21 | DG7: 2336.21 | DH7: 2336.21 | DI7: 2336.21 | DJ7: 16583.4 | DK7: 2336.21 | DL7: 2336.21 | DM7: 2336.21 | DN7: 2336.21 | DO7: 2336.21 | DP7: 2336.21 | DQ7: 2336.21 | DR7: 2336.21 | DS7: 2336.21 | DT7: 2336.21 | DU7: 2336.21 | DV7: 16583.4 | DW7: 2336.21 | DX7: 2336.21 | DY7: 2336.21 | DZ7: 2336.21 | EA7: 2336.21 | EB7: 2336.21 | EC7: 2336.21 | ED7: 2336.21 | EE7: 2336.21 | EF7: 2336.21 | EG7: 2336.21 | EH7: 16583.4 | EI7: 2336.21 | EJ7: 2336.21 | EK7: 2336.21 | EL7: 2336.21 | EM7: 2336.21 | EN7: 2336.21 | EO7: 2336.21 | EP7: 2336.21 | EQ7: 2336.21 | ER7: 2336.21 | ES7: 2336.21 | ET7: 16583.4 | EU7: 2336.21 | EV7: 2336.21 | EW7: 2336.21 | EX7: 2336.21 | EY7: 2336.21 | EZ7: 2336.21 | FA7: 2336.21 | FB7: 2336.21 | FC7: 2336.21 | FD7: 2336.21 | FE7: 2336.21 | FF7: 16583.4 | FG7: 2336.21 | FH7: 2336.21 | FI7: 2336.21 | FJ7: 2336.21 | FK7: 2336.21 | FL7: 2336.21 | FM7: 2336.21 | FN7: 2336.21 | FO7: 2336.21 | FP7: 2336.21 | FQ7: 2336.21 | FR7: 16583.4 | FS7: 2336.21 | FT7: 2336.21 | FU7: 2336.21 | FV7: 2336.21 | FW7: 2336.21 | FX7: 2336.21 | FY7: 2336.21 | FZ7: 2336.21 | GA7: 2336.21 | GB7: 2336.21 | GC7: 2336.21 | GD7: 16583.39 | GE7: 2336.21 | GF7: 2336.21 | GG7: 2336.21 | GH7: 2335.88 | GI7: 136054
A8: 135654 | B8: =_xlfn.XLOOKUP(A8,[9]Planilha1!$L:$L,[9]Planilha1!$B:$B,,0) -> 6379 | C8: Jorge Miguel Gonzales Dutra | D8: 011.205.931-74 | E8: 0.1003 | F8: SWISS PARK ANAPOLIS | G8: Swiss Park Zurich - Anápolis | H8: =VLOOKUP(B8,Elegibilidade!A:I,9,0) -> Elegível | I8: 144 | J8: 0 | K8: =NPV(0.8%,T8:GH8) -> 335978.93 | L8: =J8+K8 -> 335978.93 | M8: Adimplente | N8: =VLOOKUP(M8,Base!A:B,2,0)*L8 -> 335978.93 | O8: =NPV((1+12%)^(1/12)-1,T8:GH8) -> 308488.53 | P8: =Vendas!$J$1 -> 880.37366 | Q8: =VLOOKUP(A8,[10]FluxoFuturo!$A:$Q,17,0) -> 453.7 | R8: =P8*Q8 -> 399425.53 | S8: =O8/R8 -> 0.77233052 | T8: 3937.96 | U8: 3937.96 | V8: 3937.96 | W8: 3937.96 | X8: 3937.96 | Y8: 3937.96 | Z8: 3937.96 | AA8: 3937.96 | AB8: 3937.96 | AC8: 3937.96 | AD8: 3937.96 | AE8: 3937.96 | AF8: 3937.96 | AG8: 3937.96 | AH8: 3937.96 | AI8: 3937.96 | AJ8: 3937.96 | AK8: 3937.96 | AL8: 3937.96 | AM8: 3937.96 | AN8: 3937.96 | AO8: 3937.96 | AP8: 3937.96 | AQ8: 3937.96 | AR8: 3937.96 | AS8: 3937.96 | AT8: 3937.96 | AU8: 3937.96 | AV8: 3937.96 | AW8: 3937.96 | AX8: 3937.96 | AY8: 3937.96 | AZ8: 3937.96 | BA8: 3937.96 | BB8: 3937.96 | BC8: 3937.96 | BD8: 3937.96 | BE8: 3937.96 | BF8: 3937.96 | BG8: 3937.96 | BH8: 3937.96 | BI8: 3937.96 | BJ8: 3937.96 | BK8: 3937.96 | BL8: 3937.96 | BM8: 3937.96 | BN8: 3937.96 | BO8: 3937.96 | BP8: 3937.96 | BQ8: 3937.96 | BR8: 3937.96 | BS8: 3937.96 | BT8: 3937.96 | BU8: 3937.96 | BV8: 3937.96 | BW8: 3937.96 | BX8: 3937.96 | BY8: 3937.96 | BZ8: 3937.96 | CA8: 3937.96 | CB8: 3937.96 | CC8: 3937.96 | CD8: 3937.96 | CE8: 3937.96 | CF8: 3937.96 | CG8: 3937.96 | CH8: 3937.96 | CI8: 3937.96 | CJ8: 3937.96 | CK8: 3937.96 | CL8: 3937.96 | CM8: 3937.96 | CN8: 3937.96 | CO8: 3937.96 | CP8: 3937.96 | CQ8: 3937.96 | CR8: 3937.96 | CS8: 3937.96 | CT8: 3937.96 | CU8: 3937.96 | CV8: 3937.96 | CW8: 3937.96 | CX8: 3937.96 | CY8: 3937.96 | CZ8: 3937.96 | DA8: 3937.96 | DB8: 3937.96 | DC8: 3937.96 | DD8: 3937.96 | DE8: 3937.96 | DF8: 3937.96 | DG8: 3937.96 | DH8: 3937.96 | DI8: 3937.96 | DJ8: 3937.96 | DK8: 3937.96 | DL8: 3937.96 | DM8: 3937.96 | DN8: 3937.96 | DO8: 3937.96 | DP8: 3937.96 | DQ8: 3937.96 | DR8: 3937.96 | DS8: 3937.96 | DT8: 3937.96 | DU8: 3937.96 | DV8: 3937.96 | DW8: 3937.96 | DX8: 3937.96 | DY8: 3937.96 | DZ8: 3937.96 | EA8: 3937.96 | EB8: 3937.96 | EC8: 3937.96 | ED8: 3937.96 | EE8: 3937.96 | EF8: 3937.96 | EG8: 3937.96 | EH8: 3937.96 | EI8: 3937.96 | EJ8: 3937.96 | EK8: 3937.96 | EL8: 3937.96 | EM8: 3937.96 | EN8: 3937.96 | EO8: 3937.96 | EP8: 3937.96 | EQ8: 3937.96 | ER8: 3937.96 | ES8: 3937.96 | ET8: 3937.96 | EU8: 3937.96 | EV8: 3937.96 | EW8: 3937.96 | EX8: 3937.96 | EY8: 3937.96 | EZ8: 3937.96 | FA8: 3937.96 | FB8: 3937.96 | FC8: 3937.96 | FD8: 3937.96 | FE8: 3937.96 | FF8: 3937.96 | FG8: 3937.96 | FH8: 0 | FI8: 0 | FJ8: 0 | FK8: 0 | FL8: 0 | FM8: 0 | FN8: 0 | FO8: 0 | FP8: 0 | FQ8: 0 | FR8: 0 | FS8: 0 | FT8: 0 | FU8: 0 | FV8: 0 | FW8: 0 | FX8: 0 | FY8: 0 | FZ8: 0 | GA8: 0 | GB8: 0 | GC8: 0 | GD8: 0 | GE8: 0 | GF8: 0 | GG8: 0 | GH8: 0 | GI8: 135654
A9: 135924 | B9: =_xlfn.XLOOKUP(A9,[9]Planilha1!$L:$L,[9]Planilha1!$B:$B,,0) -> 6498 | C9: Camila Moreira De Queiroz Alencar | D9: 054.505.581-47 | E9: 0.100339 | F9: SWISS PARK ANAPOLIS | G9: Swiss Park Zurich - Anápolis | H9: =VLOOKUP(B9,Elegibilidade!A:I,9,0) -> Elegível | I9: 160 | J9: 0 | K9: =NPV(0.8%,T9:GH9) -> 335837.85 | L9: =J9+K9 -> 335837.85 | M9: Adimplente | N9: =VLOOKUP(M9,Base!A:B,2,0)*L9 -> 335837.85 | O9: =NPV((1+12%)^(1/12)-1,T9:GH9) -> 306513.31 | P9: =Vendas!$J$1 -> 880.37366 | Q9: =VLOOKUP(A9,[10]FluxoFuturo!$A:$Q,17,0) -> 360.39 | R9: =P9*Q9 -> 317277.86 | S9: =O9/R9 -> 0.96607215 | T9: 2647.37 | U9: 2647.37 | V9: 2647.37 | W9: 2647.37 | X9: 2647.37 | Y9: 2647.37 | Z9: 2647.37 | AA9: 2647.37 | AB9: 16626.89 | AC9: 2647.37 | AD9: 2647.37 | AE9: 2647.37 | AF9: 2647.37 | AG9: 2647.37 | AH9: 2647.37 | AI9: 2647.37 | AJ9: 2647.37 | AK9: 2647.37 | AL9: 2647.37 | AM9: 2647.37 | AN9: 16626.89 | AO9: 2647.37 | AP9: 2647.37 | AQ9: 2647.37 | AR9: 2647.37 | AS9: 2647.37 | AT9: 2647.37 | AU9: 2647.37 | AV9: 2647.37 | AW9: 2647.37 | AX9: 2647.37 | AY9: 2647.37 | AZ9: 16626.89 | BA9: 2647.37 | BB9: 2647.37 | BC9: 2647.37 | BD9: 2647.37 | BE9: 2647.37 | BF9: 2647.37 | BG9: 2647.37 | BH9: 2647.37 | BI9: 2647.37 | BJ9: 2647.37 | BK9: 2647.37 | BL9: 16626.89 | BM9: 2647.37 | BN9: 2647.37 | BO9: 2647.37 | BP9: 2647.37 | BQ9: 2647.37 | BR9: 2647.37 | BS9: 2647.37 | BT9: 2647.37 | BU9: 2647.37 | BV9: 2647.37 | BW9: 2647.37 | BX9: 16626.89 | BY9: 2647.37 | BZ9: 2647.37 | CA9: 2647.37 | CB9: 2647.37 | CC9: 2647.37 | CD9: 2647.37 | CE9: 2647.37 | CF9: 2647.37 | CG9: 2647.37 | CH9: 2647.37 | CI9: 2647.37 | CJ9: 16626.89 | CK9: 2647.37 | CL9: 2647.37 | CM9: 2647.37 | CN9: 2647.37 | CO9: 2647.37 | CP9: 2647.37 | CQ9: 2647.37 | CR9: 2647.37 | CS9: 2647.37 | CT9: 2647.37 | CU9: 2647.37 | CV9: 16626.89 | CW9: 2647.37 | CX9: 2647.37 | CY9: 2647.37 | CZ9: 2647.37 | DA9: 2647.37 | DB9: 2647.37 | DC9: 2647.37 | DD9: 2647.37 | DE9: 2647.37 | DF9: 2647.37 | DG9: 2647.37 | DH9: 16626.89 | DI9: 2647.37 | DJ9: 2647.37 | DK9: 2647.37 | DL9: 2647.37 | DM9: 2647.37 | DN9: 2647.37 | DO9: 2647.37 | DP9: 2647.37 | DQ9: 2647.37 | DR9: 2647.37 | DS9: 2647.37 | DT9: 16626.89 | DU9: 2647.37 | DV9: 2647.37 | DW9: 2647.37 | DX9: 2647.37 | DY9: 2647.37 | DZ9: 2647.37 | EA9: 2647.37 | EB9: 2647.37 | EC9: 2647.37 | ED9: 2647.37 | EE9: 2647.37 | EF9: 16626.89 | EG9: 2647.37 | EH9: 2647.37 | EI9: 2647.37 | EJ9: 2647.37 | EK9: 2647.37 | EL9: 2647.37 | EM9: 2647.37 | EN9: 2647.37 | EO9: 2647.37 | EP9: 2647.37 | EQ9: 2647.37 | ER9: 16626.89 | ES9: 2647.37 | ET9: 2647.37 | EU9: 2647.37 | EV9: 2647.37 | EW9: 2647.37 | EX9: 2647.37 | EY9: 2647.37 | EZ9: 2647.37 | FA9: 2647.37 | FB9: 2647.37 | FC9: 2647.37 | FD9: 16626.85 | FE9: 2647.37 | FF9: 2647.37 | FG9: 2647.37 | FH9: 2647.37 | FI9: 2647.37 | FJ9: 2647.37 | FK9: 2647.37 | FL9: 2647.37 | FM9: 2647.37 | FN9: 2647.37 | FO9: 2647.37 | FP9: 2647.37 | FQ9: 2647.37 | FR9: 2647.37 | FS9: 2647.37 | FT9: 2647.37 | FU9: 2647.37 | FV9: 2647.37 | FW9: 2647.23 | FX9: 0 | FY9: 0 | FZ9: 0 | GA9: 0 | GB9: 0 | GC9: 0 | GD9: 0 | GE9: 0 | GF9: 0 | GG9: 0 | GH9: 0 | GI9: 135924
A10: 135652 | B10: =_xlfn.XLOOKUP(A10,[9]Planilha1!$L:$L,[9]Planilha1!$B:$B,,0) -> 6414 | C10: Joao Vitor Florian | D10: 753.943.751-00 | E10: 0.1003 | F10: SWISS PARK ANAPOLIS | G10: Swiss Park Zurich - Anápolis | H10: =VLOOKUP(B10,Elegibilidade!A:I,9,0) -> Elegível | I10: 152 | J10: 0 | K10: =NPV(0.8%,T10:GH10) -> 333730.53 | L10: =J10+K10 -> 333730.53 | M10: Adimplente | N10: =VLOOKUP(M10,Base!A:B,2,0)*L10 -> 333730.53 | O10: =NPV((1+12%)^(1/12)-1,T10:GH10) -> 305353.08 | P10: =Vendas!$J$1 -> 880.37366 | Q10: =VLOOKUP(A10,[10]FluxoFuturo!$A:$Q,17,0) -> 385.77 | R10: =P10*Q10 -> 339621.75 | S10: =O10/R10 -> 0.89909755 | T10: 3802.39 | U10: 3802.39 | V10: 3802.39 | W10: 3802.39 | X10: 3802.39 | Y10: 3802.39 | Z10: 3802.39 | AA10: 3802.39 | AB10: 3802.39 | AC10: 3802.39 | AD10: 3802.39 | AE10: 3802.39 | AF10: 3802.39 | AG10: 3802.39 | AH10: 3802.39 | AI10: 3802.39 | AJ10: 3802.39 | AK10: 3802.39 | AL10: 3802.39 | AM10: 3802.39 | AN10: 3802.39 | AO10: 3802.39 | AP10: 3802.39 | AQ10: 3802.39 | AR10: 3802.39 | AS10: 3802.39 | AT10: 3802.39 | AU10: 3802.39 | AV10: 3802.39 | AW10: 3802.39 | AX10: 3802.39 | AY10: 3802.39 | AZ10: 3802.39 | BA10: 3802.39 | BB10: 3802.39 | BC10: 3802.39 | BD10: 3802.39 | BE10: 3802.39 | BF10: 3802.39 | BG10: 3802.39 | BH10: 3802.39 | BI10: 3802.39 | BJ10: 3802.39 | BK10: 3802.39 | BL10: 3802.39 | BM10: 3802.39 | BN10: 3802.39 | BO10: 3802.39 | BP10: 3802.39 | BQ10: 3802.39 | BR10: 3802.39 | BS10: 3802.39 | BT10: 3802.39 | BU10: 3802.39 | BV10: 3802.39 | BW10: 3802.39 | BX10: 3802.39 | BY10: 3802.39 | BZ10: 3802.39 | CA10: 3802.39 | CB10: 3802.39 | CC10: 3802.39 | CD10: 3802.39 | CE10: 3802.39 | CF10: 3802.39 | CG10: 3802.39 | CH10: 3802.39 | CI10: 3802.39 | CJ10: 3802.39 | CK10: 3802.39 | CL10: 3802.39 | CM10: 3802.39 | CN10: 3802.39 | CO10: 3802.39 | CP10: 3802.39 | CQ10: 3802.39 | CR10: 3802.39 | CS10: 3802.39 | CT10: 3802.39 | CU10: 3802.39 | CV10: 3802.39 | CW10: 3802.39 | CX10: 3802.39 | CY10: 3802.39 | CZ10: 3802.39 | DA10: 3802.39 | DB10: 3802.39 | DC10: 3802.39 | DD10: 3802.39 | DE10: 3802.39 | DF10: 3802.39 | DG10: 3802.39 | DH10: 3802.39 | DI10: 3802.39 | DJ10: 3802.39 | DK10: 3802.39 | DL10: 3802.39 | DM10: 3802.39 | DN10: 3802.39 | DO10: 3802.39 | DP10: 3802.39 | DQ10: 3802.39 | DR10: 3802.39 | DS10: 3802.39 | DT10: 3802.39 | DU10: 3802.39 | DV10: 3802.39 | DW10: 3802.39 | DX10: 3802.39 | DY10: 3802.39 | DZ10: 3802.39 | EA10: 3802.39 | EB10: 3802.39 | EC10: 3802.39 | ED10: 3802.39 | EE10: 3802.39 | EF10: 3802.39 | EG10: 3802.39 | EH10: 3802.39 | EI10: 3802.39 | EJ10: 3802.39 | EK10: 3802.39 | EL10: 3802.39 | EM10: 3802.39 | EN10: 3802.39 | EO10: 3802.39 | EP10: 3802.39 | EQ10: 3802.39 | ER10: 3802.39 | ES10: 3802.39 | ET10: 3802.39 | EU10: 3802.39 | EV10: 3802.39 | EW10: 3802.39 | EX10: 3802.39 | EY10: 3802.39 | EZ10: 3802.39 | FA10: 3802.39 | FB10: 3802.39 | FC10: 3802.39 | FD10: 3802.39 | FE10: 3802.39 | FF10: 3802.39 | FG10: 3802.39 | FH10: 3802.39 | FI10: 3802.39 | FJ10: 3802.39 | FK10: 3802.39 | FL10: 3802.39 | FM10: 3802.39 | FN10: 3802.39 | FO10: 3802.42 | FP10: 0 | FQ10: 0 | FR10: 0 | FS10: 0 | FT10: 0 | FU10: 0 | FV10: 0 | FW10: 0 | FX10: 0 | FY10: 0 | FZ10: 0 | GA10: 0 | GB10: 0 | GC10: 0 | GD10: 0 | GE10: 0 | GF10: 0 | GG10: 0 | GH10: 0 | GI10: 135652
A11: 135923 | B11: =_xlfn.XLOOKUP(A11,[9]Planilha1!$L:$L,[9]Planilha1!$B:$B,,0) -> 6497 | C11: Moises Elias De Souza Alves | D11: 042.851.991-14 | E11: 0.100339 | F11: SWISS PARK ANAPOLIS | G11: Swiss Park Zurich - Anápolis | H11: =VLOOKUP(B11,Elegibilidade!A:I,9,0) -> Elegível | I11: 159 | J11: 0 | K11: =NPV(0.8%,T11:GH11) -> 332838.57 | L11: =J11+K11 -> 332838.57 | M11: Adimplente | N11: =VLOOKUP(M11,Base!A:B,2,0)*L11 -> 332838.57 | O11: =NPV((1+12%)^(1/12)-1,T11:GH11) -> 303866.31 | P11: =Vendas!$J$1 -> 880.37366 | Q11: =VLOOKUP(A11,[10]FluxoFuturo!$A:$Q,17,0) -> 376.8 | R11: =P11*Q11 -> 331724.8 | S11: =O11/R11 -> 0.91601927 | T11: 2629.52 | U11: 2629.52 | V11: 2629.52 | W11: 2629.52 | X11: 2629.52 | Y11: 2629.52 | Z11: 2629.52 | AA11: 2629.52 | AB11: 16514.77 | AC11: 2629.52 | AD11: 2629.52 | AE11: 2629.52 | AF11: 2629.52 | AG11: 2629.52 | AH11: 2629.52 | AI11: 2629.52 | AJ11: 2629.52 | AK11: 2629.52 | AL11: 2629.52 | AM11: 2629.52 | AN11: 16514.77 | AO11: 2629.52 | AP11: 2629.52 | AQ11: 2629.52 | AR11: 2629.52 | AS11: 2629.52 | AT11: 2629.52 | AU11: 2629.52 | AV11: 2629.52 | AW11: 2629.52 | AX11: 2629.52 | AY11: 2629.52 | AZ11: 16514.77 | BA11: 2629.52 | BB11: 2629.52 | BC11: 2629.52 | BD11: 2629.52 | BE11: 2629.52 | BF11: 2629.52 | BG11: 2629.52 | BH11: 2629.52 | BI11: 2629.52 | BJ11: 2629.52 | BK11: 2629.52 | BL11: 16514.77 | BM11: 2629.52 | BN11: 2629.52 | BO11: 2629.52 | BP11: 2629.52 | BQ11: 2629.52 | BR11: 2629.52 | BS11: 2629.52 | BT11: 2629.52 | BU11: 2629.52 | BV11: 2629.52 | BW11: 2629.52 | BX11: 16514.77 | BY11: 2629.52 | BZ11: 2629.52 | CA11: 2629.52 | CB11: 2629.52 | CC11: 2629.52 | CD11: 2629.52 | CE11: 2629.52 | CF11: 2629.52 | CG11: 2629.52 | CH11: 2629.52 | CI11: 2629.52 | CJ11: 16514.77 | CK11: 2629.52 | CL11: 2629.52 | CM11: 2629.52 | CN11: 2629.52 | CO11: 2629.52 | CP11: 2629.52 | CQ11: 2629.52 | CR11: 2629.52 | CS11: 2629.52 | CT11: 2629.52 | CU11: 2629.52 | CV11: 16514.77 | CW11: 2629.52 | CX11: 2629.52 | CY11: 2629.52 | CZ11: 2629.52 | DA11: 2629.52 | DB11: 2629.52 | DC11: 2629.52 | DD11: 2629.52 | DE11: 2629.52 | DF11: 2629.52 | DG11: 2629.52 | DH11: 16514.77 | DI11: 2629.52 | DJ11: 2629.52 | DK11: 2629.52 | DL11: 2629.52 | DM11: 2629.52 | DN11: 2629.52 | DO11: 2629.52 | DP11: 2629.52 | DQ11: 2629.52 | DR11: 2629.52 | DS11: 2629.52 | DT11: 16514.77 | DU11: 2629.52 | DV11: 2629.52 | DW11: 2629.52 | DX11: 2629.52 | DY11: 2629.52 | DZ11: 2629.52 | EA11: 2629.52 | EB11: 2629.52 | EC11: 2629.52 | ED11: 2629.52 | EE11: 2629.52 | EF11: 16514.77 | EG11: 2629.52 | EH11: 2629.52 | EI11: 2629.52 | EJ11: 2629.52 | EK11: 2629.52 | EL11: 2629.52 | EM11: 2629.52 | EN11: 2629.52 | EO11: 2629.52 | EP11: 2629.52 | EQ11: 2629.52 | ER11: 16514.77 | ES11: 2629.52 | ET11: 2629.52 | EU11: 2629.52 | EV11: 2629.52 | EW11: 2629.52 | EX11: 2629.52 | EY11: 2629.52 | EZ11: 2629.52 | FA11: 2629.52 | FB11: 2629.52 | FC11: 2629.52 | FD11: 16514.74 | FE11: 2629.52 | FF11: 2629.52 | FG11: 2629.52 | FH11: 2629.52 | FI11: 2629.52 | FJ11: 2629.52 | FK11: 2629.52 | FL11: 2629.52 | FM11: 2629.52 | FN11: 2629.52 | FO11: 2629.52 | FP11: 2629.52 | FQ11: 2629.52 | FR11: 2629.52 | FS11: 2629.52 | FT11: 2629.52 | FU11: 2629.52 | FV11: 2629.52 | FW11: 0 | FX11: 0 | FY11: 0 | FZ11: 0 | GA11: 0 | GB11: 0 | GC11: 0 | GD11: 0 | GE11: 0 | GF11: 0 | GG11: 0 | GH11: 0 | GI11: 135923
A12: 135616 | B12: =_xlfn.XLOOKUP(A12,[9]Planilha1!$L:$L,[9]Planilha1!$B:$B,,0) -> 6399 | C12: Ancor Construtora Ltda | D12: 28.241.797/0001-38 | E12: 0.1003 | F12: SWISS PARK ANAPOLIS | G12: Swiss Park Zurich - Anápolis | H12: =VLOOKUP(B12,Elegibilidade!A:I,9,0) -> Elegível | I12: 148 | J12: 3874.82 | K12: =NPV(0.8%,T12:GH12) -> 326597.27 | L12: =J12+K12 -> 330472.09 | M12: Menor que 30 Dias | N12: =VLOOKUP(M12,Base!A:B,2,0)*L12 -> 330472.09 | O12: =NPV((1+12%)^(1/12)-1,T12:GH12) -> 299345.62 | P12: =Vendas!$J$1 -> 880.37366 | Q12: =VLOOKUP(A12,[10]FluxoFuturo!$A:$Q,17,0) -> 434.56 | R12: =P12*Q12 -> 382575.18 | S12: =O12/R12 -> 0.78244913 | T12: 3772.95 | U12: 3772.95 | V12: 3772.95 | W12: 3772.95 | X12: 3772.95 | Y12: 3772.95 | Z12: 3772.95 | AA12: 3772.95 | AB12: 3772.95 | AC12: 3772.95 | AD12: 3772.95 | AE12: 3772.95 | AF12: 3772.95 | AG12: 3772.95 | AH12: 3772.95 | AI12: 3772.95 | AJ12: 3772.95 | AK12: 3772.95 | AL12: 3772.95 | AM12: 3772.95 | AN12: 3772.95 | AO12: 3772.95 | AP12: 3772.95 | AQ12: 3772.95 | AR12: 3772.95 | AS12: 3772.95 | AT12: 3772.95 | AU12: 3772.95 | AV12: 3772.95 | AW12: 3772.95 | AX12: 3772.95 | AY12: 3772.95 | AZ12: 3772.95 | BA12: 3772.95 | BB12: 3772.95 | BC12: 3772.95 | BD12: 3772.95 | BE12: 3772.95 | BF12: 3772.95 | BG12: 3772.95 | BH12: 3772.95 | BI12: 3772.95 | BJ12: 3772.95 | BK12: 3772.95 | BL12: 3772.95 | BM12: 3772.95 | BN12: 3772.95 | BO12: 3772.95 | BP12: 3772.95 | BQ12: 3772.95 | BR12: 3772.95 | BS12: 3772.95 | BT12: 3772.95 | BU12: 3772.95 | BV12: 3772.95 | BW12: 3772.95 | BX12: 3772.95 | BY12: 3772.95 | BZ12: 3772.95 | CA12: 3772.95 | CB12: 3772.95 | CC12: 3772.95 | CD12: 3772.95 | CE12: 3772.95 | CF12: 3772.95 | CG12: 3772.95 | CH12: 3772.95 | CI12: 3772.95 | CJ12: 3772.95 | CK12: 3772.95 | CL12: 3772.95 | CM12: 3772.95 | CN12: 3772.95 | CO12: 3772.95 | CP12: 3772.95 | CQ12: 3772.95 | CR12: 3772.95 | CS12: 3772.95 | CT12: 3772.95 | CU12: 3772.95 | CV12: 3772.95 | CW12: 3772.95 | CX12: 3772.95 | CY12: 3772.95 | CZ12: 3772.95 | DA12: 3772.95 | DB12: 3772.95 | DC12: 3772.95 | DD12: 3772.95 | DE12: 3772.95 | DF12: 3772.95 | DG12: 3772.95 | DH12: 3772.95 | DI12: 3772.95 | DJ12: 3772.95 | DK12: 3772.95 | DL12: 3772.95 | DM12: 3772.95 | DN12: 3772.95 | DO12: 3772.95 | DP12: 3772.95 | DQ12: 3772.95 | DR12: 3772.95 | DS12: 3772.95 | DT12: 3772.95 | DU12: 3772.95 | DV12: 3772.95 | DW12: 3772.95 | DX12: 3772.95 | DY12: 3772.95 | DZ12: 3772.95 | EA12: 3772.95 | EB12: 3772.95 | EC12: 3772.95 | ED12: 3772.95 | EE12: 3772.95 | EF12: 3772.95 | EG12: 3772.95 | EH12: 3772.95 | EI12: 3772.95 | EJ12: 3772.95 | EK12: 3772.95 | EL12: 3772.95 | EM12: 3772.95 | EN12: 3772.95 | EO12: 3772.95 | EP12: 3772.95 | EQ12: 3772.95 | ER12: 3772.95 | ES12: 3772.95 | ET12: 3772.95 | EU12: 3772.95 | EV12: 3772.95 | EW12: 3772.95 | EX12: 3772.95 | EY12: 3772.95 | EZ12: 3772.95 | FA12: 3772.95 | FB12: 3772.95 | FC12: 3772.95 | FD12: 3772.95 | FE12: 3772.95 | FF12: 3772.95 | FG12: 3772.95 | FH12: 3772.95 | FI12: 3772.95 | FJ12: 3772.95 | FK12: 3772.91 | FL12: 0 | FM12: 0 | FN12: 0 | FO12: 0 | FP12: 0 | FQ12: 0 | FR12: 0 | FS12: 0 | FT12: 0 | FU12: 0 | FV12: 0 | FW12: 0 | FX12: 0 | FY12: 0 | FZ12: 0 | GA12: 0 | GB12: 0 | GC12: 0 | GD12: 0 | GE12: 0 | GF12: 0 | GG12: 0 | GH12: 0 | GI12: 135616
A13: 136055 | B13: 6502 | C13: João Miguel Ridal Frutuoso | D13: 119.467.038-50 | E13: 0.100339 | F13: SWISS PARK ANAPOLIS | G13: Swiss Park Zurich - Anápolis | H13: =VLOOKUP(B13,Elegibilidade!A:I,9,0) -> Inelegível | I13: 171 | J13: 0 | K13: =NPV(0.8%,T13:GH13) -> 330431.47 | L13: =J13+K13 -> 330431.47 | M13: Adimplente | N13: =VLOOKUP(M13,Base!A:B,2,0)*L13 -> 330431.47 | O13: =NPV((1+12%)^(1/12)-1,T13:GH13) -> 300631.33 | P13: =Vendas!$J$1 -> 880.37366 | Q13: =VLOOKUP(A13,[10]FluxoFuturo!$A:$Q,17,0) -> 413.88 | R13: =P13*Q13 -> 364369.05 | S13: =O13/R13 -> 0.82507373 | T13: 8979.87 | U13: 8979.87 | V13: 2295.37 | W13: 2295.37 | X13: 2295.37 | Y13: 2295.37 | Z13: 2295.37 | AA13: 2295.37 | AB13: 2295.37 | AC13: 2295.37 | AD13: 16293.52 | AE13: 2295.37 | AF13: 2295.37 | AG13: 2295.37 | AH13: 2295.37 | AI13: 2295.37 | AJ13: 2295.37 | AK13: 2295.37 | AL13: 2295.37 | AM13: 2295.37 | AN13: 2295.37 | AO13: 2295.37 | AP13: 16293.52 | AQ13: 2295.37 | AR13: 2295.37 | AS13: 2295.37 | AT13: 2295.37 | AU13: 2295.37 | AV13: 2295.37 | AW13: 2295.37 | AX13: 2295.37 | AY13: 2295.37 | AZ13: 2295.37 | BA13: 2295.37 | BB13: 16293.52 | BC13: 2295.37 | BD13: 2295.37 | BE13: 2295.37 | BF13: 2295.37 | BG13: 2295.37 | BH13: 2295.37 | BI13: 2295.37 | BJ13: 2295.37 | BK13: 2295.37 | BL13: 2295.37 | BM13: 2295.37 | BN13: 16293.52 | BO13: 2295.37 | BP13: 2295.37 | BQ13: 2295.37 | BR13: 2295.37 | BS13: 2295.37 | BT13: 2295.37 | BU13: 2295.37 | BV13: 2295.37 | BW13: 2295.37 | BX13: 2295.37 | BY13: 2295.37 | BZ13: 16293.52 | CA13: 2295.37 | CB13: 2295.37 | CC13: 2295.37 | CD13: 2295.37 | CE13: 2295.37 | CF13: 2295.37 | CG13: 2295.37 | CH13: 2295.37 | CI13: 2295.37 | CJ13: 2295.37 | CK13: 2295.37 | CL13: 16293.52 | CM13: 2295.37 | CN13: 2295.37 | CO13: 2295.37 | CP13: 2295.37 | CQ13: 2295.37 | CR13: 2295.37 | CS13: 2295.37 | CT13: 2295.37 | CU13: 2295.37 | CV13: 2295.37 | CW13: 2295.37 | CX13: 16293.52 | CY13: 2295.37 | CZ13: 2295.37 | DA13: 2295.37 | DB13: 2295.37 | DC13: 2295.37 | DD13: 2295.37 | DE13: 2295.37 | DF13: 2295.37 | DG13: 2295.37 | DH13: 2295.37 | DI13: 2295.37 | DJ13: 16293.52 | DK13: 2295.37 | DL13: 2295.37 | DM13: 2295.37 | DN13: 2295.37 | DO13: 2295.37 | DP13: 2295.37 | DQ13: 2295.37 | DR13: 2295.37 | DS13: 2295.37 | DT13: 2295.37 | DU13: 2295.37 | DV13: 16293.52 | DW13: 2295.37 | DX13: 2295.37 | DY13: 2295.37 | DZ13: 2295.37 | EA13: 2295.37 | EB13: 2295.37 | EC13: 2295.37 | ED13: 2295.37 | EE13: 2295.37 | EF13: 2295.37 | EG13: 2295.37 | EH13: 16293.52 | EI13: 2295.37 | EJ13: 2295.37 | EK13: 2295.37 | EL13: 2295.37 | EM13: 2295.37 | EN13: 2295.37 | EO13: 2295.37 | EP13: 2295.37 | EQ13: 2295.37 | ER13: 2295.37 | ES13: 2295.37 | ET13: 16293.52 | EU13: 2295.37 | EV13: 2295.37 | EW13: 2295.37 | EX13: 2295.37 | EY13: 2295.37 | EZ13: 2295.37 | FA13: 2295.37 | FB13: 2295.37 | FC13: 2295.37 | FD13: 2295.37 | FE13: 2295.37 | FF13: 16293.52 | FG13: 2295.37 | FH13: 2295.37 | FI13: 2295.37 | FJ13: 2295.37 | FK13: 2295.37 | FL13: 2295.37 | FM13: 2295.37 | FN13: 2295.37 | FO13: 2295.37 | FP13: 2295.37 | FQ13: 2295.37 | FR13: 16293.52 | FS13: 2295.37 | FT13: 2295.37 | FU13: 2295.37 | FV13: 2295.37 | FW13: 2295.37 | FX13: 2295.37 | FY13: 2295.37 | FZ13: 2295.37 | GA13: 2295.37 | GB13: 2295.37 | GC13: 2295.37 | GD13: 16293.52 | GE13: 2295.37 | GF13: 2295.37 | GG13: 2295.37 | GH13: 2295.26 | GI13: 136055
A14: 135672 | B14: =_xlfn.XLOOKUP(A14,[9]Planilha1!$L:$L,[9]Planilha1!$B:$B,,0) -> 6453 | C14: Pamella Suelley Gino Ribeiro | D14: 006.433.111-30 | E14: 0.1003 | F14: SWISS PARK ANAPOLIS | G14: Swiss Park Zurich - Anápolis | H14: =VLOOKUP(B14,Elegibilidade!A:I,9,0) -> Elegível | I14: 151 | J14: 0 | K14: =NPV(0.8%,T14:GH14) -> 325304.77 | L14: =J14+K14 -> 325304.77 | M14: Adimplente | N14: =VLOOKUP(M14,Base!A:B,2,0)*L14 -> 325304.77 | O14: =NPV((1+12%)^(1/12)-1,T14:GH14) -> 297591.24 | P14: =Vendas!$J$1 -> 880.37366 | Q14: =VLOOKUP(A14,[10]FluxoFuturo!$A:$Q,17,0) -> 376.79 | R14: =P14*Q14 -> 331715.99 | S14: =O14/R14 -> 0.89712661 | T14: 0 | U14: 3774.78 | V14: 3774.78 | W14: 3774.78 | X14: 3774.78 | Y14: 3774.78 | Z14: 3774.78 | AA14: 3774.78 | AB14: 3774.78 | AC14: 3774.78 | AD14: 3774.78 | AE14: 3774.78 | AF14: 3774.78 | AG14: 3774.78 | AH14: 3774.78 | AI14: 3774.78 | AJ14: 3774.78 | AK14: 3774.78 | AL14: 3774.78 | AM14: 3774.78 | AN14: 3774.78 | AO14: 3774.78 | AP14: 3774.78 | AQ14: 3774.78 | AR14: 3774.78 | AS14: 3774.78 | AT14: 3774.78 | AU14: 3774.78 | AV14: 3774.78 | AW14: 3774.78 | AX14: 3774.78 | AY14: 3774.78 | AZ14: 3774.78 | BA14: 3774.78 | BB14: 3774.78 | BC14: 3774.78 | BD14: 3774.78 | BE14: 3774.78 | BF14: 3774.78 | BG14: 3774.78 | BH14: 3774.78 | BI14: 3774.78 | BJ14: 3774.78 | BK14: 3774.78 | BL14: 3774.78 | BM14: 3774.78 | BN14: 3774.78 | BO14: 3774.78 | BP14: 3774.78 | BQ14: 3774.78 | BR14: 3774.78 | BS14: 3774.78 | BT14: 3774.78 | BU14: 3774.78 | BV14: 3774.78 | BW14: 3774.78 | BX14: 3774.78 | BY14: 3774.78 | BZ14: 3774.78 | CA14: 3774.78 | CB14: 3774.78 | CC14: 3774.78 | CD14: 3774.78 | CE14: 3774.78 | CF14: 3774.78 | CG14: 3774.78 | CH14: 3774.78 | CI14: 3774.78 | CJ14: 3774.78 | CK14: 3774.78 | CL14: 3774.78 | CM14: 3774.78 | CN14: 3774.78 | CO14: 3774.78 | CP14: 3774.78 | CQ14: 3774.78 | CR14: 3774.78 | CS14: 3774.78 | CT14: 3774.78 | CU14: 3774.78 | CV14: 3774.78 | CW14: 3774.78 | CX14: 3774.78 | CY14: 3774.78 | CZ14: 3774.78 | DA14: 3774.78 | DB14: 3774.78 | DC14: 3774.78 | DD14: 3774.78 | DE14: 3774.78 | DF14: 3774.78 | DG14: 3774.78 | DH14: 3774.78 | DI14: 3774.78 | DJ14: 3774.78 | DK14: 3774.78 | DL14: 3774.78 | DM14: 3774.78 | DN14: 3774.78 | DO14: 3774.78 | DP14: 3774.78 | DQ14: 3774.78 | DR14: 3774.78 | DS14: 3774.78 | DT14: 3774.78 | DU14: 3774.78 | DV14: 3774.78 | DW14: 3774.78 | DX14: 3774.78 | DY14: 3774.78 | DZ14: 3774.78 | EA14: 3774.78 | EB14: 3774.78 | EC14: 3774.78 | ED14: 3774.78 | EE14: 3774.78 | EF14: 3774.78 | EG14: 3774.78 | EH14: 3774.78 | EI14: 3774.78 | EJ14: 3774.78 | EK14: 3774.78 | EL14: 3774.78 | EM14: 3774.78 | EN14: 3774.78 | EO14: 3774.78 | EP14: 3774.78 | EQ14: 3774.78 | ER14: 3774.78 | ES14: 3774.78 | ET14: 3774.78 | EU14: 3774.78 | EV14: 3774.78 | EW14: 3774.78 | EX14: 3774.78 | EY14: 3774.78 | EZ14: 3774.78 | FA14: 3774.78 | FB14: 3774.78 | FC14: 3774.78 | FD14: 3774.78 | FE14: 3774.78 | FF14: 3774.78 | FG14: 3774.78 | FH14: 3774.78 | FI14: 3774.78 | FJ14: 3774.78 | FK14: 3774.78 | FL14: 3774.78 | FM14: 3774.78 | FN14: 0 | FO14: 0 | FP14: 0 | FQ14: 0 | FR14: 0 | FS14: 0 | FT14: 0 | FU14: 0 | FV14: 0 | FW14: 0 | FX14: 0 | FY14: 0 | FZ14: 0 | GA14: 0 | GB14: 0 | GC14: 0 | GD14: 0 | GE14: 0 | GF14: 0 | GG14: 0 | GH14: 0 | GI14: 135672
A15: 135621 | B15: =_xlfn.XLOOKUP(A15,[9]Planilha1!$L:$L,[9]Planilha1!$B:$B,,0) -> 6441 | C15: Camilo El Bazi Filho | D15: 757.022.151-68 | E15: 0.1003 | F15: SWISS PARK ANAPOLIS | G15: Swiss Park Zurich - Anápolis | H15: =VLOOKUP(B15,Elegibilidade!A:I,9,0) -> Elegível | I15: 152 | J15: 2644.66 | K15: =NPV(0.8%,T15:GH15) -> 327000.7 | L15: =J15+K15 -> 329645.36 | M15: Menor que 30 Dias | N15: =VLOOKUP(M15,Base!A:B,2,0)*L15 -> 329645.36 | O15: =NPV((1+12%)^(1/12)-1,T15:GH15) -> 300115.71 | P15: =Vendas!$J$1 -> 880.37366 | Q15: =VLOOKUP(A15,[10]FluxoFuturo!$A:$Q,17,0) -> 360 | R15: =P15*Q15 -> 316934.52 | S15: =O15/R15 -> 0.94693287 | T15: 2584.36 | U15: 16182.88 | V15: 2584.36 | W15: 2584.36 | X15: 2584.36 | Y15: 2584.36 | Z15: 2584.36 | AA15: 2584.36 | AB15: 2584.36 | AC15: 2584.36 | AD15: 2584.36 | AE15: 2584.36 | AF15: 2584.36 | AG15: 16182.88 | AH15: 2584.36 | AI15: 2584.36 | AJ15: 2584.36 | AK15: 2584.36 | AL15: 2584.36 | AM15: 2584.36 | AN15: 2584.36 | AO15: 2584.36 | AP15: 2584.36 | AQ15: 2584.36 | AR15: 2584.36 | AS15: 16182.88 | AT15: 2584.36 | AU15: 2584.36 | AV15: 2584.36 | AW15: 2584.36 | AX15: 2584.36 | AY15: 2584.36 | AZ15: 2584.36 | BA15: 2584.36 | BB15: 2584.36 | BC15: 2584.36 | BD15: 2584.36 | BE15: 16182.88 | BF15: 2584.36 | BG15: 2584.36 | BH15: 2584.36 | BI15: 2584.36 | BJ15: 2584.36 | BK15: 2584.36 | BL15: 2584.36 | BM15: 2584.36 | BN15: 2584.36 | BO15: 2584.36 | BP15: 2584.36 | BQ15: 16182.88 | BR15: 2584.36 | BS15: 2584.36 | BT15: 2584.36 | BU15: 2584.36 | BV15: 2584.36 | BW15: 2584.36 | BX15: 2584.36 | BY15: 2584.36 | BZ15: 2584.36 | CA15: 2584.36 | CB15: 2584.36 | CC15: 16182.88 | CD15: 2584.36 | CE15: 2584.36 | CF15: 2584.36 | CG15: 2584.36 | CH15: 2584.36 | CI15: 2584.36 | CJ15: 2584.36 | CK15: 2584.36 | CL15: 2584.36 | CM15: 2584.36 | CN15: 2584.36 | CO15: 16182.88 | CP15: 2584.36 | CQ15: 2584.36 | CR15: 2584.36 | CS15: 2584.36 | CT15: 2584.36 | CU15: 2584.36 | CV15: 2584.36 | CW15: 2584.36 | CX15: 2584.36 | CY15: 2584.36 | CZ15: 2584.36 | DA15: 16182.88 | DB15: 2584.36 | DC15: 2584.36 | DD15: 2584.36 | DE15: 2584.36 | DF15: 2584.36 | DG15: 2584.36 | DH15: 2584.36 | DI15: 2584.36 | DJ15: 2584.36 | DK15: 2584.36 | DL15: 2584.36 | DM15: 16182.88 | DN15: 2584.36 | DO15: 2584.36 | DP15: 2584.36 | DQ15: 2584.36 | DR15: 2584.36 | DS15: 2584.36 | DT15: 2584.36 | DU15: 2584.36 | DV15: 2584.36 | DW15: 2584.36 | DX15: 2584.36 | DY15: 16182.88 | DZ15: 2584.36 | EA15: 2584.36 | EB15: 2584.36 | EC15: 2584.36 | ED15: 2584.36 | EE15: 2584.36 | EF15: 2584.36 | EG15: 2584.36 | EH15: 2584.36 | EI15: 2584.36 | EJ15: 2584.36 | EK15: 16182.88 | EL15: 2584.36 | EM15: 2584.36 | EN15: 2584.36 | EO15: 2584.36 | EP15: 2584.36 | EQ15: 2584.36 | ER15: 2584.36 | ES15: 2584.36 | ET15: 2584.36 | EU15: 2584.36 | EV15: 2584.36 | EW15: 16182.87 | EX15: 2584.36 | EY15: 2584.36 | EZ15: 2584.36 | FA15: 2584.36 | FB15: 2584.36 | FC15: 2584.36 | FD15: 2584.36 | FE15: 2584.36 | FF15: 2584.36 | FG15: 2584.36 | FH15: 2584.36 | FI15: 2584.36 | FJ15: 2584.36 | FK15: 2584.36 | FL15: 2584.36 | FM15: 2584.36 | FN15: 2584.36 | FO15: 2584.42 | FP15: 0 | FQ15: 0 | FR15: 0 | FS15: 0 | FT15: 0 | FU15: 0 | FV15: 0 | FW15: 0 | FX15: 0 | FY15: 0 | FZ15: 0 | GA15: 0 | GB15: 0 | GC15: 0 | GD15: 0 | GE15: 0 | GF15: 0 | GG15: 0 | GH15: 0 | GI15: 135621
A16: 135674 | B16: =_xlfn.XLOOKUP(A16,[9]Planilha1!$L:$L,[9]Planilha1!$B:$B,,0) -> 6472 | C16: Paulo Gabriel Fontoura Ferreira | D16: 031.444.551-05 | E16: 0.1003 | F16: SWISS PARK ANAPOLIS | G16: Swiss Park Zurich - Anápolis | H16: =VLOOKUP(B16,Elegibilidade!A:I,9,0) -> Elegível | I16: 152 | J16: 0 | K16: =NPV(0.8%,T16:GH16) -> 328677.91 | L16: =J16+K16 -> 328677.91 | M16: Adimplente | N16: =VLOOKUP(M16,Base!A:B,2,0)*L16 -> 328677.91 | O16: =NPV((1+12%)^(1/12)-1,T16:GH16) -> 301099.03 | P16: =Vendas!$J$1 -> 880.37366 | Q16: =VLOOKUP(A16,[10]FluxoFuturo!$A:$Q,17,0) -> 369.06 | R16: =P16*Q16 -> 324910.7 | S16: =O16/R16 -> 0.92671316 | T16: 2622.82 | U16: 2622.82 | V16: 2622.82 | W16: 2622.82 | X16: 2622.82 | Y16: 16423.73 | Z16: 2622.82 | AA16: 2622.82 | AB16: 2622.82 | AC16: 2622.82 | AD16: 2622.82 | AE16: 2622.82 | AF16: 2622.82 | AG16: 2622.82 | AH16: 2622.82 | AI16: 2622.82 | AJ16: 2622.82 | AK16: 16423.73 | AL16: 2622.82 | AM16: 2622.82 | AN16: 2622.82 | AO16: 2622.82 | AP16: 2622.82 | AQ16: 2622.82 | AR16: 2622.82 | AS16: 2622.82 | AT16: 2622.82 | AU16: 2622.82 | AV16: 2622.82 | AW16: 16423.73 | AX16: 2622.82 | AY16: 2622.82 | AZ16: 2622.82 | BA16: 2622.82 | BB16: 2622.82 | BC16: 2622.82 | BD16: 2622.82 | BE16: 2622.82 | BF16: 2622.82 | BG16: 2622.82 | BH16: 2622.82 | BI16: 16423.73 | BJ16: 2622.82 | BK16: 2622.82 | BL16: 2622.82 | BM16: 2622.82 | BN16: 2622.82 | BO16: 2622.82 | BP16: 2622.82 | BQ16: 2622.82 | BR16: 2622.82 | BS16: 2622.82 | BT16: 2622.82 | BU16: 16423.73 | BV16: 2622.82 | BW16: 2622.82 | BX16: 2622.82 | BY16: 2622.82 | BZ16: 2622.82 | CA16: 2622.82 | CB16: 2622.82 | CC16: 2622.82 | CD16: 2622.82 | CE16: 2622.82 | CF16: 2622.82 | CG16: 16423.73 | CH16: 2622.82 | CI16: 2622.82 | CJ16: 2622.82 | CK16: 2622.82 | CL16: 2622.82 | CM16: 2622.82 | CN16: 2622.82 | CO16: 2622.82 | CP16: 2622.82 | CQ16: 2622.82 | CR16: 2622.82 | CS16: 16423.73 | CT16: 2622.82 | CU16: 2622.82 | CV16: 2622.82 | CW16: 2622.82 | CX16: 2622.82 | CY16: 2622.82 | CZ16: 2622.82 | DA16: 2622.82 | DB16: 2622.82 | DC16: 2622.82 | DD16: 2622.82 | DE16: 16423.73 | DF16: 2622.82 | DG16: 2622.82 | DH16: 2622.82 | DI16: 2622.82 | DJ16: 2622.82 | DK16: 2622.82 | DL16: 2622.82 | DM16: 2622.82 | DN16: 2622.82 | DO16: 2622.82 | DP16: 2622.82 | DQ16: 16423.73 | DR16: 2622.82 | DS16: 2622.82 | DT16: 2622.82 | DU16: 2622.82 | DV16: 2622.82 | DW16: 2622.82 | DX16: 2622.82 | DY16: 2622.82 | DZ16: 2622.82 | EA16: 2622.82 | EB16: 2622.82 | EC16: 16423.73 | ED16: 2622.82 | EE16: 2622.82 | EF16: 2622.82 | EG16: 2622.82 | EH16: 2622.82 | EI16: 2622.82 | EJ16: 2622.82 | EK16: 2622.82 | EL16: 2622.82 | EM16: 2622.82 | EN16: 2622.82 | EO16: 16423.73 | EP16: 2622.82 | EQ16: 2622.82 | ER16: 2622.82 | ES16: 2622.82 | ET16: 2622.82 | EU16: 2622.82 | EV16: 2622.82 | EW16: 2622.82 | EX16: 2622.82 | EY16: 2622.82 | EZ16: 2622.82 | FA16: 16423.69 | FB16: 2622.82 | FC16: 2622.82 | FD16: 2622.82 | FE16: 2622.82 | FF16: 2622.82 | FG16: 2622.82 | FH16: 2622.82 | FI16: 2622.82 | FJ16: 2622.82 | FK16: 2622.82 | FL16: 2622.82 | FM16: 2622.82 | FN16: 2622.82 | FO16: 2622.82 | FP16: 0 | FQ16: 0 | FR16: 0 | FS16: 0 | FT16: 0 | FU16: 0 | FV16: 0 | FW16: 0 | FX16: 0 | FY16: 0 | FZ16: 0 | GA16: 0 | GB16: 0 | GC16: 0 | GD16: 0 | GE16: 0 | GF16: 0 | GG16: 0 | GH16: 0 | GI16: 135674
A17: 135640 | B17: =_xlfn.XLOOKUP(A17,[9]Planilha1!$L:$L,[9]Planilha1!$B:$B,,0) -> 6447 | C17: Gabriel Nascimento Melazo Ribeiro | D17: 038.700.121-29 | E17: 0.1003 | F17: SWISS PARK ANAPOLIS | G17: Swiss Park Zurich - Anápolis | H17: =VLOOKUP(B17,Elegibilidade!A:I,9,0) -> Elegível | I17: 153 | J17: 0 | K17: =NPV(0.8%,T17:GH17) -> 326283.65 | L17: =J17+K17 -> 326283.65 | M17: Adimplente | N17: =VLOOKUP(M17,Base!A:B,2,0)*L17 -> 326283.65 | O17: =NPV((1+12%)^(1/12)-1,T17:GH17) -> 299226.01 | P17: =Vendas!$J$1 -> 880.37366 | Q17: =VLOOKUP(A17,[10]FluxoFuturo!$A:$Q,17,0) -> 360 | R17: =P17*Q17 -> 316934.52 | S17: =O17/R17 -> 0.94412566 | T17: 2578.94 | U17: 2578.94 | V17: 16148.95 | W17: 2578.94 | X17: 2578.94 | Y17: 2578.94 | Z17: 2578.94 | AA17: 2578.94 | AB17: 2578.94 | AC17: 2578.94 | AD17: 2578.94 | AE17: 2578.94 | AF17: 2578.94 | AG17: 2578.94 | AH17: 16148.95 | AI17: 2578.94 | AJ17: 2578.94 | AK17: 2578.94 | AL17: 2578.94 | AM17: 2578.94 | AN17: 2578.94 | AO17: 2578.94 | AP17: 2578.94 | AQ17: 2578.94 | AR17: 2578.94 | AS17: 2578.94 | AT17: 16148.95 | AU17: 2578.94 | AV17: 2578.94 | AW17: 2578.94 | AX17: 2578.94 | AY17: 2578.94 | AZ17: 2578.94 | BA17: 2578.94 | BB17: 2578.94 | BC17: 2578.94 | BD17: 2578.94 | BE17: 2578.94 | BF17: 16148.95 | BG17: 2578.94 | BH17: 2578.94 | BI17: 2578.94 | BJ17: 2578.94 | BK17: 2578.94 | BL17: 2578.94 | BM17: 2578.94 | BN17: 2578.94 | BO17: 2578.94 | BP17: 2578.94 | BQ17: 2578.94 | BR17: 16148.95 | BS17: 2578.94 | BT17: 2578.94 | BU17: 2578.94 | BV17: 2578.94 | BW17: 2578.94 | BX17: 2578.94 | BY17: 2578.94 | BZ17: 2578.94 | CA17: 2578.94 | CB17: 2578.94 | CC17: 2578.94 | CD17: 16148.95 | CE17: 2578.94 | CF17: 2578.94 | CG17: 2578.94 | CH17: 2578.94 | CI17: 2578.94 | CJ17: 2578.94 | CK17: 2578.94 | CL17: 2578.94 | CM17: 2578.94 | CN17: 2578.94 | CO17: 2578.94 | CP17: 16148.95 | CQ17: 2578.94 | CR17: 2578.94 | CS17: 2578.94 | CT17: 2578.94 | CU17: 2578.94 | CV17: 2578.94 | CW17: 2578.94 | CX17: 2578.94 | CY17: 2578.94 | CZ17: 2578.94 | DA17: 2578.94 | DB17: 16148.95 | DC17: 2578.94 | DD17: 2578.94 | DE17: 2578.94 | DF17: 2578.94 | DG17: 2578.94 | DH17: 2578.94 | DI17: 2578.94 | DJ17: 2578.94 | DK17: 2578.94 | DL17: 2578.94 | DM17: 2578.94 | DN17: 16148.95 | DO17: 2578.94 | DP17: 2578.94 | DQ17: 2578.94 | DR17: 2578.94 | DS17: 2578.94 | DT17: 2578.94 | DU17: 2578.94 | DV17: 2578.94 | DW17: 2578.94 | DX17: 2578.94 | DY17: 2578.94 | DZ17: 16148.95 | EA17: 2578.94 | EB17: 2578.94 | EC17: 2578.94 | ED17: 2578.94 | EE17: 2578.94 | EF17: 2578.94 | EG17: 2578.94 | EH17: 2578.94 | EI17: 2578.94 | EJ17: 2578.94 | EK17: 2578.94 | EL17: 16148.95 | EM17: 2578.94 | EN17: 2578.94 | EO17: 2578.94 | EP17: 2578.94 | EQ17: 2578.94 | ER17: 2578.94 | ES17: 2578.94 | ET17: 2578.94 | EU17: 2578.94 | EV17: 2578.94 | EW17: 2578.94 | EX17: 16148.94 | EY17: 2578.94 | EZ17: 2578.94 | FA17: 2578.94 | FB17: 2578.94 | FC17: 2578.94 | FD17: 2578.94 | FE17: 2578.94 | FF17: 2578.94 | FG17: 2578.94 | FH17: 2578.94 | FI17: 2578.94 | FJ17: 2578.94 | FK17: 2578.94 | FL17: 2578.94 | FM17: 2578.94 | FN17: 2578.94 | FO17: 2578.94 | FP17: 2579 | FQ17: 0 | FR17: 0 | FS17: 0 | FT17: 0 | FU17: 0 | FV17: 0 | FW17: 0 | FX17: 0 | FY17: 0 | FZ17: 0 | GA17: 0 | GB17: 0 | GC17: 0 | GD17: 0 | GE17: 0 | GF17: 0 | GG17: 0 | GH17: 0 | GI17: 135640
A18: 136100 | B18: =_xlfn.XLOOKUP(A18,[9]Planilha1!$L:$L,[9]Planilha1!$B:$B,,0) -> 5420 | C18: Vagner Ricardo de Souza Godoi | D18: 040.227.541-17 | E18: 0.100339 | F18: SWISS PARK ANAPOLIS | G18: Swiss Park Zurich - Anápolis | H18: =VLOOKUP(B18,Elegibilidade!A:I,9,0) -> Inelegível | I18: 169 | J18: 0 | K18: =NPV(0.8%,T18:GH18) -> 322839.58 | L18: =J18+K18 -> 322839.58 | M18: Menor que 30 Dias | N18: =VLOOKUP(M18,Base!A:B,2,0)*L18 -> 322839.58 | O18: =NPV((1+12%)^(1/12)-1,T18:GH18) -> 293511.98 | P18: =Vendas!$J$1 -> 880.37366 | Q18: =VLOOKUP(A18,[10]FluxoFuturo!$A:$Q,17,0) -> 375.43 | R18: =P18*Q18 -> 330518.68 | S18: =O18/R18 -> 0.88803446 | T18: 11290.22 | U18: 2266.62 | V18: 2266.62 | W18: 2266.62 | X18: 2266.62 | Y18: 2266.62 | Z18: 2266.62 | AA18: 2266.62 | AB18: 2266.62 | AC18: 2266.62 | AD18: 16332.94 | AE18: 2266.62 | AF18: 2266.62 | AG18: 2266.62 | AH18: 2266.62 | AI18: 2266.62 | AJ18: 2266.62 | AK18: 2266.62 | AL18: 2266.62 | AM18: 2266.62 | AN18: 2266.62 | AO18: 2266.62 | AP18: 16332.94 | AQ18: 2266.62 | AR18: 2266.62 | AS18: 2266.62 | AT18: 2266.62 | AU18: 2266.62 | AV18: 2266.62 | AW18: 2266.62 | AX18: 2266.62 | AY18: 2266.62 | AZ18: 2266.62 | BA18: 2266.62 | BB18: 16332.94 | BC18: 2266.62 | BD18: 2266.62 | BE18: 2266.62 | BF18: 2266.62 | BG18: 2266.62 | BH18: 2266.62 | BI18: 2266.62 | BJ18: 2266.62 | BK18: 2266.62 | BL18: 2266.62 | BM18: 2266.62 | BN18: 16332.94 | BO18: 2266.62 | BP18: 2266.62 | BQ18: 2266.62 | BR18: 2266.62 | BS18: 2266.62 | BT18: 2266.62 | BU18: 2266.62 | BV18: 2266.62 | BW18: 2266.62 | BX18: 2266.62 | BY18: 2266.62 | BZ18: 16332.94 | CA18: 2266.62 | CB18: 2266.62 | CC18: 2266.62 | CD18: 2266.62 | CE18: 2266.62 | CF18: 2266.62 | CG18: 2266.62 | CH18: 2266.62 | CI18: 2266.62 | CJ18: 2266.62 | CK18: 2266.62 | CL18: 16332.94 | CM18: 2266.62 | CN18: 2266.62 | CO18: 2266.62 | CP18: 2266.62 | CQ18: 2266.62 | CR18: 2266.62 | CS18: 2266.62 | CT18: 2266.62 | CU18: 2266.62 | CV18: 2266.62 | CW18: 2266.62 | CX18: 16332.94 | CY18: 2266.62 | CZ18: 2266.62 | DA18: 2266.62 | DB18: 2266.62 | DC18: 2266.62 | DD18: 2266.62 | DE18: 2266.62 | DF18: 2266.62 | DG18: 2266.62 | DH18: 2266.62 | DI18: 2266.62 | DJ18: 16332.94 | DK18: 2266.62 | DL18: 2266.62 | DM18: 2266.62 | DN18: 2266.62 | DO18: 2266.62 | DP18: 2266.62 | DQ18: 2266.62 | DR18: 2266.62 | DS18: 2266.62 | DT18: 2266.62 | DU18: 2266.62 | DV18: 16332.94 | DW18: 2266.62 | DX18: 2266.62 | DY18: 2266.62 | DZ18: 2266.62 | EA18: 2266.62 | EB18: 2266.62 | EC18: 2266.62 | ED18: 2266.62 | EE18: 2266.62 | EF18: 2266.62 | EG18: 2266.62 | EH18: 16332.94 | EI18: 2266.62 | EJ18: 2266.62 | EK18: 2266.62 | EL18: 2266.62 | EM18: 2266.62 | EN18: 2266.62 | EO18: 2266.62 | EP18: 2266.62 | EQ18: 2266.62 | ER18: 2266.62 | ES18: 2266.62 | ET18: 16332.94 | EU18: 2266.62 | EV18: 2266.62 | EW18: 2266.62 | EX18: 2266.62 | EY18: 2266.62 | EZ18: 2266.62 | FA18: 2266.62 | FB18: 2266.62 | FC18: 2266.62 | FD18: 2266.62 | FE18: 2266.62 | FF18: 16332.94 | FG18: 2266.62 | FH18: 2266.62 | FI18: 2266.62 | FJ18: 2266.62 | FK18: 2266.62 | FL18: 2266.62 | FM18: 2266.62 | FN18: 2266.62 | FO18: 2266.62 | FP18: 2266.62 | FQ18: 2266.62 | FR18: 16332.94 | FS18: 2266.62 | FT18: 2266.62 | FU18: 2266.62 | FV18: 2266.62 | FW18: 2266.62 | FX18: 2266.62 | FY18: 2266.62 | FZ18: 2266.62 | GA18: 2266.62 | GB18: 2266.62 | GC18: 2266.62 | GD18: 16332.94 | GE18: 2266.62 | GF18: 2266.62 | GG18: 0 | GH18: 0 | GI18: 136100
A19: 135663 | B19: =_xlfn.XLOOKUP(A19,[9]Planilha1!$L:$L,[9]Planilha1!$B:$B,,0) -> 6417 | C19: Luciene Cassia Viana | D19: 857.816.301-04 | E19: 0.1003 | F19: SWISS PARK ANAPOLIS | G19: Swiss Park Zurich - Anápolis | H19: =VLOOKUP(B19,Elegibilidade!A:I,9,0) -> Elegível | I19: 150 | J19: 0 | K19: =NPV(0.8%,T19:GH19) -> 323561.38 | L19: =J19+K19 -> 323561.38 | M19: Adimplente | N19: =VLOOKUP(M19,Base!A:B,2,0)*L19 -> 323561.38 | O19: =NPV((1+12%)^(1/12)-1,T19:GH19) -> 296420.72 | P19: =Vendas!$J$1 -> 880.37366 | Q19: =VLOOKUP(A19,[10]FluxoFuturo!$A:$Q,17,0) -> 386.22 | R19: =P19*Q19 -> 340017.92 | S19: =O19/R19 -> 0.87177972 | T19: 2606.84 | U19: 2606.84 | V19: 2606.84 | W19: 2606.84 | X19: 2606.84 | Y19: 2606.84 | Z19: 2606.84 | AA19: 2606.84 | AB19: 2606.84 | AC19: 2606.84 | AD19: 17342.11 | AE19: 2606.84 | AF19: 2606.84 | AG19: 2606.84 | AH19: 2606.84 | AI19: 2606.84 | AJ19: 2606.84 | AK19: 2606.84 | AL19: 2606.84 | AM19: 2606.84 | AN19: 2606.84 | AO19: 2606.84 | AP19: 17342.11 | AQ19: 2606.84 | AR19: 2606.84 | AS19: 2606.84 | AT19: 2606.84 | AU19: 2606.84 | AV19: 2606.84 | AW19: 2606.84 | AX19: 2606.84 | AY19: 2606.84 | AZ19: 2606.84 | BA19: 2606.84 | BB19: 17342.11 | BC19: 2606.84 | BD19: 2606.84 | BE19: 2606.84 | BF19: 2606.84 | BG19: 2606.84 | BH19: 2606.84 | BI19: 2606.84 | BJ19: 2606.84 | BK19: 2606.84 | BL19: 2606.84 | BM19: 2606.84 | BN19: 17342.11 | BO19: 2606.84 | BP19: 2606.84 | BQ19: 2606.84 | BR19: 2606.84 | BS19: 2606.84 | BT19: 2606.84 | BU19: 2606.84 | BV19: 2606.84 | BW19: 2606.84 | BX19: 2606.84 | BY19: 2606.84 | BZ19: 17342.11 | CA19: 2606.84 | CB19: 2606.84 | CC19: 2606.84 | CD19: 2606.84 | CE19: 2606.84 | CF19: 2606.84 | CG19: 2606.84 | CH19: 2606.84 | CI19: 2606.84 | CJ19: 2606.84 | CK19: 2606.84 | CL19: 17342.11 | CM19: 2606.84 | CN19: 2606.84 | CO19: 2606.84 | CP19: 2606.84 | CQ19: 2606.84 | CR19: 2606.84 | CS19: 2606.84 | CT19: 2606.84 | CU19: 2606.84 | CV19: 2606.84 | CW19: 2606.84 | CX19: 17342.11 | CY19: 2606.84 | CZ19: 2606.84 | DA19: 2606.84 | DB19: 2606.84 | DC19: 2606.84 | DD19: 2606.84 | DE19: 2606.84 | DF19: 2606.84 | DG19: 2606.84 | DH19: 2606.84 | DI19: 2606.84 | DJ19: 17342.11 | DK19: 2606.84 | DL19: 2606.84 | DM19: 2606.84 | DN19: 2606.84 | DO19: 2606.84 | DP19: 2606.84 | DQ19: 2606.84 | DR19: 2606.84 | DS19: 2606.84 | DT19: 2606.84 | DU19: 2606.84 | DV19: 17342.11 | DW19: 2606.84 | DX19: 2606.84 | DY19: 2606.84 | DZ19: 2606.84 | EA19: 2606.84 | EB19: 2606.84 | EC19: 2606.84 | ED19: 2606.84 | EE19: 2606.84 | EF19: 2606.84 | EG19: 2606.84 | EH19: 17342.11 | EI19: 2606.84 | EJ19: 2606.84 | EK19: 2606.84 | EL19: 2606.84 | EM19: 2606.84 | EN19: 2606.84 | EO19: 2606.84 | EP19: 2606.84 | EQ19: 2606.84 | ER19: 2606.84 | ES19: 2606.84 | ET19: 17342.11 | EU19: 2606.84 | EV19: 2606.84 | EW19: 2606.84 | EX19: 2606.84 | EY19: 2606.84 | EZ19: 2606.84 | FA19: 2606.84 | FB19: 2606.84 | FC19: 2606.84 | FD19: 2606.84 | FE19: 2606.84 | FF19: 2606.84 | FG19: 2606.84 | FH19: 2606.84 | FI19: 2606.84 | FJ19: 2606.84 | FK19: 2606.84 | FL19: 2606.84 | FM19: 2606.36 | FN19: 0 | FO19: 0 | FP19: 0 | FQ19: 0 | FR19: 0 | FS19: 0 | FT19: 0 | FU19: 0 | FV19: 0 | FW19: 0 | FX19: 0 | FY19: 0 | FZ19: 0 | GA19: 0 | GB19: 0 | GC19: 0 | GD19: 0 | GE19: 0 | GF19: 0 | GG19: 0 | GH19: 0 | GI19: 135663
A20: 135643 | B20: =_xlfn.XLOOKUP(A20,[9]Planilha1!$L:$L,[9]Planilha1!$B:$B,,0) -> 6448 | C20: Guilherme Pansani Silva | D20: 035.250.341-64 | E20: 0.1003 | F20: SWISS PARK ANAPOLIS | G20: Swiss Park Zurich - Anápolis | H20: =VLOOKUP(B20,Elegibilidade!A:I,9,0) -> Elegível | I20: 144 | J20: 0 | K20: =NPV(0.8%,T20:GH20) -> 322378.39 | L20: =J20+K20 -> 322378.39 | M20: Adimplente | N20: =VLOOKUP(M20,Base!A:B,2,0)*L20 -> 322378.39 | O20: =NPV((1+12%)^(1/12)-1,T20:GH20) -> 296000.8 | P20: =Vendas!$J$1 -> 880.37366 | Q20: =VLOOKUP(A20,[10]FluxoFuturo!$A:$Q,17,0) -> 376.16 | R20: =P20*Q20 -> 331161.36 | S20: =O20/R20 -> 0.89382652 | T20: 3778.55 | U20: 3778.55 | V20: 3778.55 | W20: 3778.55 | X20: 3778.55 | Y20: 3778.55 | Z20: 3778.55 | AA20: 3778.55 | AB20: 3778.55 | AC20: 3778.55 | AD20: 3778.55 | AE20: 3778.55 | AF20: 3778.55 | AG20: 3778.55 | AH20: 3778.55 | AI20: 3778.55 | AJ20: 3778.55 | AK20: 3778.55 | AL20: 3778.55 | AM20: 3778.55 | AN20: 3778.55 | AO20: 3778.55 | AP20: 3778.55 | AQ20: 3778.55 | AR20: 3778.55 | AS20: 3778.55 | AT20: 3778.55 | AU20: 3778.55 | AV20: 3778.55 | AW20: 3778.55 | AX20: 3778.55 | AY20: 3778.55 | AZ20: 3778.55 | BA20: 3778.55 | BB20: 3778.55 | BC20: 3778.55 | BD20: 3778.55 | BE20: 3778.55 | BF20: 3778.55 | BG20: 3778.55 | BH20: 3778.55 | BI20: 3778.55 | BJ20: 3778.55 | BK20: 3778.55 | BL20: 3778.55 | BM20: 3778.55 | BN20: 3778.55 | BO20: 3778.55 | BP20: 3778.55 | BQ20: 3778.55 | BR20: 3778.55 | BS20: 3778.55 | BT20: 3778.55 | BU20: 3778.55 | BV20: 3778.55 | BW20: 3778.55 | BX20: 3778.55 | BY20: 3778.55 | BZ20: 3778.55 | CA20: 3778.55 | CB20: 3778.55 | CC20: 3778.55 | CD20: 3778.55 | CE20: 3778.55 | CF20: 3778.55 | CG20: 3778.55 | CH20: 3778.55 | CI20: 3778.55 | CJ20: 3778.55 | CK20: 3778.55 | CL20: 3778.55 | CM20: 3778.55 | CN20: 3778.55 | CO20: 3778.55 | CP20: 3778.55 | CQ20: 3778.55 | CR20: 3778.55 | CS20: 3778.55 | CT20: 3778.55 | CU20: 3778.55 | CV20: 3778.55 | CW20: 3778.55 | CX20: 3778.55 | CY20: 3778.55 | CZ20: 3778.55 | DA20: 3778.55 | DB20: 3778.55 | DC20: 3778.55 | DD20: 3778.55 | DE20: 3778.55 | DF20: 3778.55 | DG20: 3778.55 | DH20: 3778.55 | DI20: 3778.55 | DJ20: 3778.55 | DK20: 3778.55 | DL20: 3778.55 | DM20: 3778.55 | DN20: 3778.55 | DO20: 3778.55 | DP20: 3778.55 | DQ20: 3778.55 | DR20: 3778.55 | DS20: 3778.55 | DT20: 3778.55 | DU20: 3778.55 | DV20: 3778.55 | DW20: 3778.55 | DX20: 3778.55 | DY20: 3778.55 | DZ20: 3778.55 | EA20: 3778.55 | EB20: 3778.55 | EC20: 3778.55 | ED20: 3778.55 | EE20: 3778.55 | EF20: 3778.55 | EG20: 3778.55 | EH20: 3778.55 | EI20: 3778.55 | EJ20: 3778.55 | EK20: 3778.55 | EL20: 3778.55 | EM20: 3778.55 | EN20: 3778.55 | EO20: 3778.55 | EP20: 3778.55 | EQ20: 3778.55 | ER20: 3778.55 | ES20: 3778.55 | ET20: 3778.55 | EU20: 3778.55 | EV20: 3778.55 | EW20: 3778.55 | EX20: 3778.55 | EY20: 3778.55 | EZ20: 3778.55 | FA20: 3778.55 | FB20: 3778.55 | FC20: 3778.55 | FD20: 3778.55 | FE20: 3778.55 | FF20: 3778.55 | FG20: 3778.55 | FH20: 0 | FI20: 0 | FJ20: 0 | FK20: 0 | FL20: 0 | FM20: 0 | FN20: 0 | FO20: 0 | FP20: 0 | FQ20: 0 | FR20: 0 | FS20: 0 | FT20: 0 | FU20: 0 | FV20: 0 | FW20: 0 | FX20: 0 | FY20: 0 | FZ20: 0 | GA20: 0 | GB20: 0 | GC20: 0 | GD20: 0 | GE20: 0 | GF20: 0 | GG20: 0 | GH20: 0 | GI20: 135643
A21: 135681 | B21: =_xlfn.XLOOKUP(A21,[9]Planilha1!$L:$L,[9]Planilha1!$B:$B,,0) -> 6381 | C21: Rodrigo Luiz Barbosa Da Silva | D21: 040.322.191-92 | E21: 0.1003 | F21: SWISS PARK ANAPOLIS | G21: Swiss Park Zurich - Anápolis | H21: =VLOOKUP(B21,Elegibilidade!A:I,9,0) -> Elegível | I21: 86 | J21: 0 | K21: =NPV(0.8%,T21:GH21) -> 320525.77 | L21: =J21+K21 -> 320525.77 | M21: Adimplente | N21: =VLOOKUP(M21,Base!A:B,2,0)*L21 -> 320525.77 | O21: =NPV((1+12%)^(1/12)-1,T21:GH21) -> 302961.7 | P21: =Vendas!$J$1 -> 880.37366 | Q21: =VLOOKUP(A21,[10]FluxoFuturo!$A:$Q,17,0) -> 441.71 | R21: =P21*Q21 -> 388869.85 | S21: =O21/R21 -> 0.7790825 | T21: 5169.33 | U21: 5169.33 | V21: 5169.33 | W21: 5169.33 | X21: 5169.33 | Y21: 5169.33 | Z21: 5169.33 | AA21: 5169.33 | AB21: 5169.33 | AC21: 5169.33 | AD21: 5169.33 | AE21: 5169.33 | AF21: 5169.33 | AG21: 5169.33 | AH21: 5169.33 | AI21: 5169.33 | AJ21: 5169.33 | AK21: 5169.33 | AL21: 5169.33 | AM21: 5169.33 | AN21: 5169.33 | AO21: 5169.33 | AP21: 5169.33 | AQ21: 5169.33 | AR21: 5169.33 | AS21: 5169.33 | AT21: 5169.33 | AU21: 5169.33 | AV21: 5169.33 | AW21: 5169.33 | AX21: 5169.33 | AY21: 5169.33 | AZ21: 5169.33 | BA21: 5169.33 | BB21: 5169.33 | BC21: 5169.33 | BD21: 5169.33 | BE21: 5169.33 | BF21: 5169.33 | BG21: 5169.33 | BH21: 5169.33 | BI21: 5169.33 | BJ21: 5169.33 | BK21: 5169.33 | BL21: 5169.33 | BM21: 5169.33 | BN21: 5169.33 | BO21: 5169.33 | BP21: 5169.33 | BQ21: 5169.33 | BR21: 5169.33 | BS21: 5169.33 | BT21: 5169.33 | BU21: 5169.33 | BV21: 5169.33 | BW21: 5169.33 | BX21: 5169.33 | BY21: 5169.33 | BZ21: 5169.33 | CA21: 5169.33 | CB21: 5169.33 | CC21: 5169.33 | CD21: 5169.33 | CE21: 5169.33 | CF21: 5169.33 | CG21: 5169.33 | CH21: 5169.33 | CI21: 5169.33 | CJ21: 5169.33 | CK21: 5169.33 | CL21: 5169.33 | CM21: 5169.33 | CN21: 5169.33 | CO21: 5169.33 | CP21: 5169.33 | CQ21: 5169.33 | CR21: 5169.33 | CS21: 5169.33 | CT21: 5169.33 | CU21: 5169.33 | CV21: 5169.33 | CW21: 5169.33 | CX21: 5169.33 | CY21: 5169.33 | CZ21: 5169.33 | DA21: 5169.52 | DB21: 0 | DC21: 0 | DD21: 0 | DE21: 0 | DF21: 0 | DG21: 0 | DH21: 0 | DI21: 0 | DJ21: 0 | DK21: 0 | DL21: 0 | DM21: 0 | DN21: 0 | DO21: 0 | DP21: 0 | DQ21: 0 | DR21: 0 | DS21: 0 | DT21: 0 | DU21: 0 | DV21: 0 | DW21: 0 | DX21: 0 | DY21: 0 | DZ21: 0 | EA21: 0 | EB21: 0 | EC21: 0 | ED21: 0 | EE21: 0 | EF21: 0 | EG21: 0 | EH21: 0 | EI21: 0 | EJ21: 0 | EK21: 0 | EL21: 0 | EM21: 0 | EN21: 0 | EO21: 0 | EP21: 0 | EQ21: 0 | ER21: 0 | ES21: 0 | ET21: 0 | EU21: 0 | EV21: 0 | EW21: 0 | EX21: 0 | EY21: 0 | EZ21: 0 | FA21: 0 | FB21: 0 | FC21: 0 | FD21: 0 | FE21: 0 | FF21: 0 | FG21: 0 | FH21: 0 | FI21: 0 | FJ21: 0 | FK21: 0 | FL21: 0 | FM21: 0 | FN21: 0 | FO21: 0 | FP21: 0 | FQ21: 0 | FR21: 0 | FS21: 0 | FT21: 0 | FU21: 0 | FV21: 0 | FW21: 0 | FX21: 0 | FY21: 0 | FZ21: 0 | GA21: 0 | GB21: 0 | GC21: 0 | GD21: 0 | GE21: 0 | GF21: 0 | GG21: 0 | GH21: 0 | GI21: 135681
A22: 135698 | B22: =_xlfn.XLOOKUP(A22,[9]Planilha1!$L:$L,[9]Planilha1!$B:$B,,0) -> 6483 | C22: Debora De Oliveira Canedo | D22: 037.963.933-57 | E22: 0.1003 | F22: SWISS PARK ANAPOLIS | G22: Swiss Park Zurich - Anápolis | H22: =VLOOKUP(B22,Elegibilidade!A:I,9,0) -> Elegível | I22: 95 | J22: 0 | K22: =NPV(0.8%,T22:GH22) -> 319982.62 | L22: =J22+K22 -> 319982.62 | M22: Adimplente | N22: =VLOOKUP(M22,Base!A:B,2,0)*L22 -> 319982.62 | O22: =NPV((1+12%)^(1/12)-1,T22:GH22) -> 300960.05 | P22: =Vendas!$J$1 -> 880.37366 | Q22: =VLOOKUP(A22,[10]FluxoFuturo!$A:$Q,17,0) -> 362.1 | R22: =P22*Q22 -> 318783.3 | S22: =O22/R22 -> 0.94408976 | T22: 4821.58 | U22: 4821.58 | V22: 4821.58 | W22: 4821.58 | X22: 4821.58 | Y22: 4821.58 | Z22: 4821.58 | AA22: 4821.58 | AB22: 4821.58 | AC22: 4821.58 | AD22: 4821.58 | AE22: 4821.58 | AF22: 4821.58 | AG22: 4821.58 | AH22: 4821.58 | AI22: 4821.58 | AJ22: 4821.58 | AK22: 4821.58 | AL22: 4821.58 | AM22: 4821.58 | AN22: 4821.58 | AO22: 4821.58 | AP22: 4821.58 | AQ22: 4821.58 | AR22: 4821.58 | AS22: 4821.58 | AT22: 4821.58 | AU22: 4821.58 | AV22: 4821.58 | AW22: 4821.58 | AX22: 4821.58 | AY22: 4821.58 | AZ22: 4821.58 | BA22: 4821.58 | BB22: 4821.58 | BC22: 4821.58 | BD22: 4821.58 | BE22: 4821.58 | BF22: 4821.58 | BG22: 4821.58 | BH22: 4821.58 | BI22: 4821.58 | BJ22: 4821.58 | BK22: 4821.58 | BL22: 4821.58 | BM22: 4821.58 | BN22: 4821.58 | BO22: 4821.58 | BP22: 4821.58 | BQ22: 4821.58 | BR22: 4821.58 | BS22: 4821.58 | BT22: 4821.58 | BU22: 4821.58 | BV22: 4821.58 | BW22: 4821.58 | BX22: 4821.58 | BY22: 4821.58 | BZ22: 4821.58 | CA22: 4821.58 | CB22: 4821.58 | CC22: 4821.58 | CD22: 4821.58 | CE22: 4821.58 | CF22: 4821.58 | CG22: 4821.58 | CH22: 4821.58 | CI22: 4821.58 | CJ22: 4821.58 | CK22: 4821.58 | CL22: 4821.58 | CM22: 4821.58 | CN22: 4821.58 | CO22: 4821.58 | CP22: 4821.58 | CQ22: 4821.58 | CR22: 4821.58 | CS22: 4821.58 | CT22: 4821.58 | CU22: 4821.58 | CV22: 4821.58 | CW22: 4821.58 | CX22: 4821.58 | CY22: 4821.58 | CZ22: 4821.58 | DA22: 4821.58 | DB22: 4821.58 | DC22: 4821.58 | DD22: 4821.58 | DE22: 4821.58 | DF22: 4821.58 | DG22: 4821.58 | DH22: 4821.58 | DI22: 4821.58 | DJ22: 4821.83 | DK22: 0 | DL22: 0 | DM22: 0 | DN22: 0 | DO22: 0 | DP22: 0 | DQ22: 0 | DR22: 0 | DS22: 0 | DT22: 0 | DU22: 0 | DV22: 0 | DW22: 0 | DX22: 0 | DY22: 0 | DZ22: 0 | EA22: 0 | EB22: 0 | EC22: 0 | ED22: 0 | EE22: 0 | EF22: 0 | EG22: 0 | EH22: 0 | EI22: 0 | EJ22: 0 | EK22: 0 | EL22: 0 | EM22: 0 | EN22: 0 | EO22: 0 | EP22: 0 | EQ22: 0 | ER22: 0 | ES22: 0 | ET22: 0 | EU22: 0 | EV22: 0 | EW22: 0 | EX22: 0 | EY22: 0 | EZ22: 0 | FA22: 0 | FB22: 0 | FC22: 0 | FD22: 0 | FE22: 0 | FF22: 0 | FG22: 0 | FH22: 0 | FI22: 0 | FJ22: 0 | FK22: 0 | FL22: 0 | FM22: 0 | FN22: 0 | FO22: 0 | FP22: 0 | FQ22: 0 | FR22: 0 | FS22: 0 | FT22: 0 | FU22: 0 | FV22: 0 | FW22: 0 | FX22: 0 | FY22: 0 | FZ22: 0 | GA22: 0 | GB22: 0 | GC22: 0 | GD22: 0 | GE22: 0 | GF22: 0 | GG22: 0 | GH22: 0 | GI22: 135698
A23: 135615 | B23: =_xlfn.XLOOKUP(A23,[9]Planilha1!$L:$L,[9]Planilha1!$B:$B,,0) -> 6398 | C23: Ancor Construtora Ltda | D23: 28.241.797/0001-38 | E23: 0.1003 | F23: SWISS PARK ANAPOLIS | G23: Swiss Park Zurich - Anápolis | H23: =VLOOKUP(B23,Elegibilidade!A:I,9,0) -> Elegível | I23: 148 | J23: 3690.51 | K23: =NPV(0.8%,T23:GH23) -> 311062.62 | L23: =J23+K23 -> 314753.13 | M23: Menor que 30 Dias | N23: =VLOOKUP(M23,Base!A:B,2,0)*L23 -> 314753.13 | O23: =NPV((1+12%)^(1/12)-1,T23:GH23) -> 285107.21 | P23: =Vendas!$J$1 -> 880.37366 | Q23: =VLOOKUP(A23,[10]FluxoFuturo!$A:$Q,17,0) -> 413.89 | R23: =P23*Q23 -> 364377.86 | S23: =O23/R23 -> 0.78244933 | T23: 3593.49 | U23: 3593.49 | V23: 3593.49 | W23: 3593.49 | X23: 3593.49 | Y23: 3593.49 | Z23: 3593.49 | AA23: 3593.49 | AB23: 3593.49 | AC23: 3593.49 | AD23: 3593.49 | AE23: 3593.49 | AF23: 3593.49 | AG23: 3593.49 | AH23: 3593.49 | AI23: 3593.49 | AJ23: 3593.49 | AK23: 3593.49 | AL23: 3593.49 | AM23: 3593.49 | AN23: 3593.49 | AO23: 3593.49 | AP23: 3593.49 | AQ23: 3593.49 | AR23: 3593.49 | AS23: 3593.49 | AT23: 3593.49 | AU23: 3593.49 | AV23: 3593.49 | AW23: 3593.49 | AX23: 3593.49 | AY23: 3593.49 | AZ23: 3593.49 | BA23: 3593.49 | BB23: 3593.49 | BC23: 3593.49 | BD23: 3593.49 | BE23: 3593.49 | BF23: 3593.49 | BG23: 3593.49 | BH23: 3593.49 | BI23: 3593.49 | BJ23: 3593.49 | BK23: 3593.49 | BL23: 3593.49 | BM23: 3593.49 | BN23: 3593.49 | BO23: 3593.49 | BP23: 3593.49 | BQ23: 3593.49 | BR23: 3593.49 | BS23: 3593.49 | BT23: 3593.49 | BU23: 3593.49 | BV23: 3593.49 | BW23: 3593.49 | BX23: 3593.49 | BY23: 3593.49 | BZ23: 3593.49 | CA23: 3593.49 | CB23: 3593.49 | CC23: 3593.49 | CD23: 3593.49 | CE23: 3593.49 | CF23: 3593.49 | CG23: 3593.49 | CH23: 3593.49 | CI23: 3593.49 | CJ23: 3593.49 | CK23: 3593.49 | CL23: 3593.49 | CM23: 3593.49 | CN23: 3593.49 | CO23: 3593.49 | CP23: 3593.49 | CQ23: 3593.49 | CR23: 3593.49 | CS23: 3593.49 | CT23: 3593.49 | CU23: 3593.49 | CV23: 3593.49 | CW23: 3593.49 | CX23: 3593.49 | CY23: 3593.49 | CZ23: 3593.49 | DA23: 3593.49 | DB23: 3593.49 | DC23: 3593.49 | DD23: 3593.49 | DE23: 3593.49 | DF23: 3593.49 | DG23: 3593.49 | DH23: 3593.49 | DI23: 3593.49 | DJ23: 3593.49 | DK23: 3593.49 | DL23: 3593.49 | DM23: 3593.49 | DN23: 3593.49 | DO23: 3593.49 | DP23: 3593.49 | DQ23: 3593.49 | DR23: 3593.49 | DS23: 3593.49 | DT23: 3593.49 | DU23: 3593.49 | DV23: 3593.49 | DW23: 3593.49 | DX23: 3593.49 | DY23: 3593.49 | DZ23: 3593.49 | EA23: 3593.49 | EB23: 3593.49 | EC23: 3593.49 | ED23: 3593.49 | EE23: 3593.49 | EF23: 3593.49 | EG23: 3593.49 | EH23: 3593.49 | EI23: 3593.49 | EJ23: 3593.49 | EK23: 3593.49 | EL23: 3593.49 | EM23: 3593.49 | EN23: 3593.49 | EO23: 3593.49 | EP23: 3593.49 | EQ23: 3593.49 | ER23: 3593.49 | ES23: 3593.49 | ET23: 3593.49 | EU23: 3593.49 | EV23: 3593.49 | EW23: 3593.49 | EX23: 3593.49 | EY23: 3593.49 | EZ23: 3593.49 | FA23: 3593.49 | FB23: 3593.49 | FC23: 3593.49 | FD23: 3593.49 | FE23: 3593.49 | FF23: 3593.49 | FG23: 3593.49 | FH23: 3593.49 | FI23: 3593.49 | FJ23: 3593.49 | FK23: 3593.19 | FL23: 0 | FM23: 0 | FN23: 0 | FO23: 0 | FP23: 0 | FQ23: 0 | FR23: 0 | FS23: 0 | FT23: 0 | FU23: 0 | FV23: 0 | FW23: 0 | FX23: 0 | FY23: 0 | FZ23: 0 | GA23: 0 | GB23: 0 | GC23: 0 | GD23: 0 | GE23: 0 | GF23: 0 | GG23: 0 | GH23: 0 | GI23: 135615
A24: 135634 | B24: =_xlfn.XLOOKUP(A24,[9]Planilha1!$L:$L,[9]Planilha1!$B:$B,,0) -> 6427 | C24: Fabiana Faria Flor Sabino | D24: 936.975.461-04 | E24: 0.1003 | F24: SWISS PARK ANAPOLIS | G24: Swiss Park Zurich - Anápolis | H24: =VLOOKUP(B24,Elegibilidade!A:I,9,0) -> Elegível | I24: 148 | J24: 0 | K24: =NPV(0.8%,T24:GH24) -> 314506.51 | L24: =J24+K24 -> 314506.51 | M24: Adimplente | N24: =VLOOKUP(M24,Base!A:B,2,0)*L24 -> 314506.51 | O24: =NPV((1+12%)^(1/12)-1,T24:GH24) -> 288301.94 | P24: =Vendas!$J$1 -> 880.37366 | Q24: =VLOOKUP(A24,[10]FluxoFuturo!$A:$Q,17,0) -> 377.26 | R24: =P24*Q24 -> 332129.77 | S24: =O24/R24 -> 0.86804006 | T24: 2546.35 | U24: 2546.35 | V24: 2546.35 | W24: 2546.35 | X24: 2546.35 | Y24: 2546.35 | Z24: 2546.35 | AA24: 2546.35 | AB24: 2546.35 | AC24: 2546.35 | AD24: 16939.76 | AE24: 2546.35 | AF24: 2546.35 | AG24: 2546.35 | AH24: 2546.35 | AI24: 2546.35 | AJ24: 2546.35 | AK24: 2546.35 | AL24: 2546.35 | AM24: 2546.35 | AN24: 2546.35 | AO24: 2546.35 | AP24: 16939.76 | AQ24: 2546.35 | AR24: 2546.35 | AS24: 2546.35 | AT24: 2546.35 | AU24: 2546.35 | AV24: 2546.35 | AW24: 2546.35 | AX24: 2546.35 | AY24: 2546.35 | AZ24: 2546.35 | BA24: 2546.35 | BB24: 16939.76 | BC24: 2546.35 | BD24: 2546.35 | BE24: 2546.35 | BF24: 2546.35 | BG24: 2546.35 | BH24: 2546.35 | BI24: 2546.35 | BJ24: 2546.35 | BK24: 2546.35 | BL24: 2546.35 | BM24: 2546.35 | BN24: 16939.76 | BO24: 2546.35 | BP24: 2546.35 | BQ24: 2546.35 | BR24: 2546.35 | BS24: 2546.35 | BT24: 2546.35 | BU24: 2546.35 | BV24: 2546.35 | BW24: 2546.35 | BX24: 2546.35 | BY24: 2546.35 | BZ24: 16939.76 | CA24: 2546.35 | CB24: 2546.35 | CC24: 2546.35 | CD24: 2546.35 | CE24: 2546.35 | CF24: 2546.35 | CG24: 2546.35 | CH24: 2546.35 | CI24: 2546.35 | CJ24: 2546.35 | CK24: 2546.35 | CL24: 16939.76 | CM24: 2546.35 | CN24: 2546.35 | CO24: 2546.35 | CP24: 2546.35 | CQ24: 2546.35 | CR24: 2546.35 | CS24: 2546.35 | CT24: 2546.35 | CU24: 2546.35 | CV24: 2546.35 | CW24: 2546.35 | CX24: 16939.76 | CY24: 2546.35 | CZ24: 2546.35 | DA24: 2546.35 | DB24: 2546.35 | DC24: 2546.35 | DD24: 2546.35 | DE24: 2546.35 | DF24: 2546.35 | DG24: 2546.35 | DH24: 2546.35 | DI24: 2546.35 | DJ24: 16939.76 | DK24: 2546.35 | DL24: 2546.35 | DM24: 2546.35 | DN24: 2546.35 | DO24: 2546.35 | DP24: 2546.35 | DQ24: 2546.35 | DR24: 2546.35 | DS24: 2546.35 | DT24: 2546.35 | DU24: 2546.35 | DV24: 16939.76 | DW24: 2546.35 | DX24: 2546.35 | DY24: 2546.35 | DZ24: 2546.35 | EA24: 2546.35 | EB24: 2546.35 | EC24: 2546.35 | ED24: 2546.35 | EE24: 2546.35 | EF24: 2546.35 | EG24: 2546.35 | EH24: 16939.76 | EI24: 2546.35 | EJ24: 2546.35 | EK24: 2546.35 | EL24: 2546.35 | EM24: 2546.35 | EN24: 2546.35 | EO24: 2546.35 | EP24: 2546.35 | EQ24: 2546.35 | ER24: 2546.35 | ES24: 2546.35 | ET24: 16939.76 | EU24: 2546.35 | EV24: 2546.35 | EW24: 2546.35 | EX24: 2546.35 | EY24: 2546.35 | EZ24: 2546.35 | FA24: 2546.35 | FB24: 2546.35 | FC24: 2546.35 | FD24: 2546.35 | FE24: 2546.35 | FF24: 2546.35 | FG24: 2546.35 | FH24: 2546.35 | FI24: 2546.35 | FJ24: 2546.35 | FK24: 2546.35 | FL24: 0 | FM24: 0 | FN24: 0 | FO24: 0 | FP24: 0 | FQ24: 0 | FR24: 0 | FS24: 0 | FT24: 0 | FU24: 0 | FV24: 0 | FW24: 0 | FX24: 0 | FY24: 0 | FZ24: 0 | GA24: 0 | GB24: 0 | GC24: 0 | GD24: 0 | GE24: 0 | GF24: 0 | GG24: 0 | GH24: 0 | GI24: 135634
A25: 135689 | B25: =_xlfn.XLOOKUP(A25,[9]Planilha1!$L:$L,[9]Planilha1!$B:$B,,0) -> 6368 | C25: Valmir Gonçalves Ferreira | D25: 591.403.801-49 | E25: 0.1003 | F25: SWISS PARK ANAPOLIS | G25: Swiss Park Zurich - Anápolis | H25: =VLOOKUP(B25,Elegibilidade!A:I,9,0) -> Elegível | I25: 85 | J25: 0 | K25: =NPV(0.8%,T25:GH25) -> 314081.48 | L25: =J25+K25 -> 314081.48 | M25: Adimplente | N25: =VLOOKUP(M25,Base!A:B,2,0)*L25 -> 314081.48 | O25: =NPV((1+12%)^(1/12)-1,T25:GH25) -> 297036.3 | P25: =Vendas!$J$1 -> 880.37366 | Q25: =VLOOKUP(A25,[10]FluxoFuturo!$A:$Q,17,0) -> 432.98 | R25: =P25*Q25 -> 381184.19 | S25: =O25/R25 -> 0.77924613 | T25: 5106.91 | U25: 5106.91 | V25: 5106.91 | W25: 5106.91 | X25: 5106.91 | Y25: 5106.91 | Z25: 5106.91 | AA25: 5106.91 | AB25: 5106.91 | AC25: 5106.91 | AD25: 5106.91 | AE25: 5106.91 | AF25: 5106.91 | AG25: 5106.91 | AH25: 5106.91 | AI25: 5106.91 | AJ25: 5106.91 | AK25: 5106.91 | AL25: 5106.91 | AM25: 5106.91 | AN25: 5106.91 | AO25: 5106.91 | AP25: 5106.91 | AQ25: 5106.91 | AR25: 5106.91 | AS25: 5106.91 | AT25: 5106.91 | AU25: 5106.91 | AV25: 5106.91 | AW25: 5106.91 | AX25: 5106.91 | AY25: 5106.91 | AZ25: 5106.91 | BA25: 5106.91 | BB25: 5106.91 | BC25: 5106.91 | BD25: 5106.91 | BE25: 5106.91 | BF25: 5106.91 | BG25: 5106.91 | BH25: 5106.91 | BI25: 5106.91 | BJ25: 5106.91 | BK25: 5106.91 | BL25: 5106.91 | BM25: 5106.91 | BN25: 5106.91 | BO25: 5106.91 | BP25: 5106.91 | BQ25: 5106.91 | BR25: 5106.91 | BS25: 5106.91 | BT25: 5106.91 | BU25: 5106.91 | BV25: 5106.91 | BW25: 5106.91 | BX25: 5106.91 | BY25: 5106.91 | BZ25: 5106.91 | CA25: 5106.91 | CB25: 5106.91 | CC25: 5106.91 | CD25: 5106.91 | CE25: 5106.91 | CF25: 5106.91 | CG25: 5106.91 | CH25: 5106.91 | CI25: 5106.91 | CJ25: 5106.91 | CK25: 5106.91 | CL25: 5106.91 | CM25: 5106.91 | CN25: 5106.91 | CO25: 5106.91 | CP25: 5106.91 | CQ25: 5106.91 | CR25: 5106.91 | CS25: 5106.91 | CT25: 5106.91 | CU25: 5106.91 | CV25: 5106.91 | CW25: 5106.91 | CX25: 5106.91 | CY25: 5106.91 | CZ25: 5106.59 | DA25: 0 | DB25: 0 | DC25: 0 | DD25: 0 | DE25: 0 | DF25: 0 | DG25: 0 | DH25: 0 | DI25: 0 | DJ25: 0 | DK25: 0 | DL25: 0 | DM25: 0 | DN25: 0 | DO25: 0 | DP25: 0 | DQ25: 0 | DR25: 0 | DS25: 0 | DT25: 0 | DU25: 0 | DV25: 0 | DW25: 0 | DX25: 0 | DY25: 0 | DZ25: 0 | EA25: 0 | EB25: 0 | EC25: 0 | ED25: 0 | EE25: 0 | EF25: 0 | EG25: 0 | EH25: 0 | EI25: 0 | EJ25: 0 | EK25: 0 | EL25: 0 | EM25: 0 | EN25: 0 | EO25: 0 | EP25: 0 | EQ25: 0 | ER25: 0 | ES25: 0 | ET25: 0 | EU25: 0 | EV25: 0 | EW25: 0 | EX25: 0 | EY25: 0 | EZ25: 0 | FA25: 0 | FB25: 0 | FC25: 0 | FD25: 0 | FE25: 0 | FF25: 0 | FG25: 0 | FH25: 0 | FI25: 0 | FJ25: 0 | FK25: 0 | FL25: 0 | FM25: 0 | FN25: 0 | FO25: 0 | FP25: 0 | FQ25: 0 | FR25: 0 | FS25: 0 | FT25: 0 | FU25: 0 | FV25: 0 | FW25: 0 | FX25: 0 | FY25: 0 | FZ25: 0 | GA25: 0 | GB25: 0 | GC25: 0 | GD25: 0 | GE25: 0 | GF25: 0 | GG25: 0 | GH25: 0 | GI25: 135689
... A34: 135650 | B34: =_xlfn.XLOOKUP(A34,[9]Planilha1!$L:$L,[9]Planilha1!$B:$B,,0) -> 6416 | C34: Ivan Jose Miranda Junior | D34: 956.843.281-72 | E34: 0.1003 | F34: SWISS PARK ANAPOLIS | G34: Swiss Park Zurich - Anápolis | H34: =VLOOKUP(B34,Elegibilidade!A:I,9,0) -> Elegível | I34: 150 | J34: 0 | K34: =NPV(0.8%,T34:GH34) -> 301594.93 | L34: =J34+K34 -> 301594.93 | M34: Adimplente | N34: =VLOOKUP(M34,Base!A:B,2,0)*L34 -> 301594.93 | O34: =NPV((1+12%)^(1/12)-1,T34:GH34) -> 276296.83 | P34: =Vendas!$J$1 -> 880.37366 | Q34: =VLOOKUP(A34,[10]FluxoFuturo!$A:$Q,17,0) -> 360 | R34: =P34*Q34 -> 316934.52 | S34: =O34/R34 -> 0.87177891 | T34: 2429.86 | U34: 2429.86 | V34: 2429.86 | W34: 2429.86 | X34: 2429.86 | Y34: 2429.86 | Z34: 2429.86 | AA34: 2429.86 | AB34: 2429.86 | AC34: 2429.86 | AD34: 16164.78 | AE34: 2429.86 | AF34: 2429.86 | AG34: 2429.86 | AH34: 2429.86 | AI34: 2429.86 | AJ34: 2429.86 | AK34: 2429.86 | AL34: 2429.86 | AM34: 2429.86 | AN34: 2429.86 | AO34: 2429.86 | AP34: 16164.78 | AQ34: 2429.86 | AR34: 2429.86 | AS34: 2429.86 | AT34: 2429.86 | AU34: 2429.86 | AV34: 2429.86 | AW34: 2429.86 | AX34: 2429.86 | AY34: 2429.86 | AZ34: 2429.86 | BA34: 2429.86 | BB34: 16164.78 | BC34: 2429.86 | BD34: 2429.86 | BE34: 2429.86 | BF34: 2429.86 | BG34: 2429.86 | BH34: 2429.86 | BI34: 2429.86 | BJ34: 2429.86 | BK34: 2429.86 | BL34: 2429.86 | BM34: 2429.86 | BN34: 16164.78 | BO34: 2429.86 | BP34: 2429.86 | BQ34: 2429.86 | BR34: 2429.86 | BS34: 2429.86 | BT34: 2429.86 | BU34: 2429.86 | BV34: 2429.86 | BW34: 2429.86 | BX34: 2429.86 | BY34: 2429.86 | BZ34: 16164.78 | CA34: 2429.86 | CB34: 2429.86 | CC34: 2429.86 | CD34: 2429.86 | CE34: 2429.86 | CF34: 2429.86 | CG34: 2429.86 | CH34: 2429.86 | CI34: 2429.86 | CJ34: 2429.86 | CK34: 2429.86 | CL34: 16164.78 | CM34: 2429.86 | CN34: 2429.86 | CO34: 2429.86 | CP34: 2429.86 | CQ34: 2429.86 | CR34: 2429.86 | CS34: 2429.86 | CT34: 2429.86 | CU34: 2429.86 | CV34: 2429.86 | CW34: 2429.86 | CX34: 16164.78 | CY34: 2429.86 | CZ34: 2429.86 | DA34: 2429.86 | DB34: 2429.86 | DC34: 2429.86 | DD34: 2429.86 | DE34: 2429.86 | DF34: 2429.86 | DG34: 2429.86 | DH34: 2429.86 | DI34: 2429.86 | DJ34: 16164.78 | DK34: 2429.86 | DL34: 2429.86 | DM34: 2429.86 | DN34: 2429.86 | DO34: 2429.86 | DP34: 2429.86 | DQ34: 2429.86 | DR34: 2429.86 | DS34: 2429.86 | DT34: 2429.86 | DU34: 2429.86 | DV34: 16164.78 | DW34: 2429.86 | DX34: 2429.86 | DY34: 2429.86 | DZ34: 2429.86 | EA34: 2429.86 | EB34: 2429.86 | EC34: 2429.86 | ED34: 2429.86 | EE34: 2429.86 | EF34: 2429.86 | EG34: 2429.86 | EH34: 16164.78 | EI34: 2429.86 | EJ34: 2429.86 | EK34: 2429.86 | EL34: 2429.86 | EM34: 2429.86 | EN34: 2429.86 | EO34: 2429.86 | EP34: 2429.86 | EQ34: 2429.86 | ER34: 2429.86 | ES34: 2429.86 | ET34: 16164.77 | EU34: 2429.86 | EV34: 2429.86 | EW34: 2429.86 | EX34: 2429.86 | EY34: 2429.86 | EZ34: 2429.86 | FA34: 2429.86 | FB34: 2429.86 | FC34: 2429.86 | FD34: 2429.86 | FE34: 2429.86 | FF34: 2429.86 | FG34: 2429.86 | FH34: 2429.86 | FI34: 2429.86 | FJ34: 2429.86 | FK34: 2429.86 | FL34: 2429.86 | FM34: 2429.74 | FN34: 0 | FO34: 0 | FP34: 0 | FQ34: 0 | FR34: 0 | FS34: 0 | FT34: 0 | FU34: 0 | FV34: 0 | FW34: 0 | FX34: 0 | FY34: 0 | FZ34: 0 | GA34: 0 | GB34: 0 | GC34: 0 | GD34: 0 | GE34: 0 | GF34: 0 | GG34: 0 | GH34: 0 | GI34: 135650
A35: 136355 | B35: =_xlfn.XLOOKUP(A35,[9]Planilha1!$L:$L,[9]Planilha1!$B:$B,,0) -> 5434 | C35: Sheilla Maklenn Rocha de Sousa | D35: 733.413.551-20 | E35: 0.100339 | F35: SWISS PARK ANAPOLIS | G35: Swiss Park Zurich - Anápolis | H35: =VLOOKUP(B35,Elegibilidade!A:I,9,0) -> Inelegível | I35: 135 | J35: 0 | K35: =NPV(0.8%,T35:GH35) -> 300500 | L35: =J35+K35 -> 300500 | M35: Adimplente | N35: =VLOOKUP(M35,Base!A:B,2,0)*L35 -> 300500 | O35: =NPV((1+12%)^(1/12)-1,T35:GH35) -> 277040.35 | P35: =Vendas!$J$1 -> 880.37366 | Q35: 360 | R35: =P35*Q35 -> 316934.52 | S35: =O35/R35 -> 0.87412488 | T35: 3648.27 | U35: 3648.27 | V35: 3648.27 | W35: 3648.27 | X35: 3648.27 | Y35: 3648.27 | Z35: 3648.27 | AA35: 3648.27 | AB35: 3648.27 | AC35: 3648.27 | AD35: 3648.27 | AE35: 3648.27 | AF35: 3648.27 | AG35: 3648.27 | AH35: 3648.27 | AI35: 3648.27 | AJ35: 3648.27 | AK35: 3648.27 | AL35: 3648.27 | AM35: 3648.27 | AN35: 3648.27 | AO35: 3648.27 | AP35: 3648.27 | AQ35: 3648.27 | AR35: 3648.27 | AS35: 3648.27 | AT35: 3648.27 | AU35: 3648.27 | AV35: 3648.27 | AW35: 3648.27 | AX35: 3648.27 | AY35: 3648.27 | AZ35: 3648.27 | BA35: 3648.27 | BB35: 3648.27 | BC35: 3648.27 | BD35: 3648.27 | BE35: 3648.27 | BF35: 3648.27 | BG35: 3648.27 | BH35: 3648.27 | BI35: 3648.27 | BJ35: 3648.27 | BK35: 3648.27 | BL35: 3648.27 | BM35: 3648.27 | BN35: 3648.27 | BO35: 3648.27 | BP35: 3648.27 | BQ35: 3648.27 | BR35: 3648.27 | BS35: 3648.27 | BT35: 3648.27 | BU35: 3648.27 | BV35: 3648.27 | BW35: 3648.27 | BX35: 3648.27 | BY35: 3648.27 | BZ35: 3648.27 | CA35: 3648.27 | CB35: 3648.27 | CC35: 3648.27 | CD35: 3648.27 | CE35: 3648.27 | CF35: 3648.27 | CG35: 3648.27 | CH35: 3648.27 | CI35: 3648.27 | CJ35: 3648.27 | CK35: 3648.27 | CL35: 3648.27 | CM35: 3648.27 | CN35: 3648.27 | CO35: 3648.27 | CP35: 3648.27 | CQ35: 3648.27 | CR35: 3648.27 | CS35: 3648.27 | CT35: 3648.27 | CU35: 3648.27 | CV35: 3648.27 | CW35: 3648.27 | CX35: 3648.27 | CY35: 3648.27 | CZ35: 3648.27 | DA35: 3648.27 | DB35: 3648.27 | DC35: 3648.27 | DD35: 3648.27 | DE35: 3648.27 | DF35: 3648.27 | DG35: 3648.27 | DH35: 3648.27 | DI35: 3648.27 | DJ35: 3648.27 | DK35: 3648.27 | DL35: 3648.27 | DM35: 3648.27 | DN35: 3648.27 | DO35: 3648.27 | DP35: 3648.27 | DQ35: 3648.27 | DR35: 3648.27 | DS35: 3648.27 | DT35: 3648.27 | DU35: 3648.27 | DV35: 3648.27 | DW35: 3648.27 | DX35: 3648.27 | DY35: 3648.27 | DZ35: 3648.27 | EA35: 3648.27 | EB35: 3648.27 | EC35: 3648.27 | ED35: 3648.27 | EE35: 3648.27 | EF35: 3648.27 | EG35: 3648.27 | EH35: 3648.27 | EI35: 3648.27 | EJ35: 3648.27 | EK35: 3648.27 | EL35: 3648.27 | EM35: 3648.27 | EN35: 3648.27 | EO35: 3648.27 | EP35: 3648.27 | EQ35: 3648.27 | ER35: 3648.27 | ES35: 3648.27 | ET35: 3648.27 | EU35: 3648.27 | EV35: 3648.27 | EW35: 3648.27 | EX35: 3648.81 | EY35: 0 | EZ35: 0 | FA35: 0 | FB35: 0 | FC35: 0 | FD35: 0 | FE35: 0 | FF35: 0 | FG35: 0 | FH35: 0 | FI35: 0 | FJ35: 0 | FK35: 0 | FL35: 0 | FM35: 0 | FN35: 0 | FO35: 0 | FP35: 0 | FQ35: 0 | FR35: 0 | FS35: 0 | FT35: 0 | FU35: 0 | FV35: 0 | FW35: 0 | FX35: 0 | FY35: 0 | FZ35: 0 | GA35: 0 | GB35: 0 | GC35: 0 | GD35: 0 | GE35: 0 | GF35: 0 | GG35: 0 | GH35: 0 | GI35: 136355
A36: 136247 | B36: =_xlfn.XLOOKUP(A36,[9]Planilha1!$L:$L,[9]Planilha1!$B:$B,,0) -> 5426 | C36: Kerolayne Barbosa de Oliveira | D36: 701.732.051-43 | E36: 0 | F36: SWISS PARK ANAPOLIS | G36: Swiss Park Zurich - Anápolis | H36: =VLOOKUP(B36,Elegibilidade!A:I,9,0) -> Inelegível | I36: 24 | J36: 0 | K36: =SUM(T36:GH36) -> 298895.52 | L36: =J36+K36 -> 298895.52 | M36: Adimplente | N36: =VLOOKUP(M36,Base!A:B,2,0)*L36 -> 298895.52 | O36: =NPV((1+12%)^(1/12)-1,T36:GH36) -> 266181.74 | P36: =Vendas!$J$1 -> 880.37366 | Q36: 419.89 | R36: =P36*Q36 -> 369660.1 | S36: =O36/R36 -> 0.7200716 | T36: 12453.98 | U36: 12453.98 | V36: 12453.98 | W36: 12453.98 | X36: 12453.98 | Y36: 12453.98 | Z36: 12453.98 | AA36: 12453.98 | AB36: 12453.98 | AC36: 12453.98 | AD36: 12453.98 | AE36: 12453.98 | AF36: 12453.98 | AG36: 12453.98 | AH36: 12453.98 | AI36: 12453.98 | AJ36: 12453.98 | AK36: 12453.98 | AL36: 12453.98 | AM36: 12453.98 | AN36: 12453.98 | AO36: 12453.98 | AP36: 12453.98 | AQ36: 12453.98 | AR36: 0 | AS36: 0 | AT36: 0 | AU36: 0 | AV36: 0 | AW36: 0 | AX36: 0 | AY36: 0 | AZ36: 0 | BA36: 0 | BB36: 0 | BC36: 0 | BD36: 0 | BE36: 0 | BF36: 0 | BG36: 0 | BH36: 0 | BI36: 0 | BJ36: 0 | BK36: 0 | BL36: 0 | BM36: 0 | BN36: 0 | BO36: 0 | BP36: 0 | BQ36: 0 | BR36: 0 | BS36: 0 | BT36: 0 | BU36: 0 | BV36: 0 | BW36: 0 | BX36: 0 | BY36: 0 | BZ36: 0 | CA36: 0 | CB36: 0 | CC36: 0 | CD36: 0 | CE36: 0 | CF36: 0 | CG36: 0 | CH36: 0 | CI36: 0 | CJ36: 0 | CK36: 0 | CL36: 0 | CM36: 0 | CN36: 0 | CO36: 0 | CP36: 0 | CQ36: 0 | CR36: 0 | CS36: 0 | CT36: 0 | CU36: 0 | CV36: 0 | CW36: 0 | CX36: 0 | CY36: 0 | CZ36: 0 | DA36: 0 | DB36: 0 | DC36: 0 | DD36: 0 | DE36: 0 | DF36: 0 | DG36: 0 | DH36: 0 | DI36: 0 | DJ36: 0 | DK36: 0 | DL36: 0 | DM36: 0 | DN36: 0 | DO36: 0 | DP36: 0 | DQ36: 0 | DR36: 0 | DS36: 0 | DT36: 0 | DU36: 0 | DV36: 0 | DW36: 0 | DX36: 0 | DY36: 0 | DZ36: 0 | EA36: 0 | EB36: 0 | EC36: 0 | ED36: 0 | EE36: 0 | EF36: 0 | EG36: 0 | EH36: 0 | EI36: 0 | EJ36: 0 | EK36: 0 | EL36: 0 | EM36: 0 | EN36: 0 | EO36: 0 | EP36: 0 | EQ36: 0 | ER36: 0 | ES36: 0 | ET36: 0 | EU36: 0 | EV36: 0 | EW36: 0 | EX36: 0 | EY36: 0 | EZ36: 0 | FA36: 0 | FB36: 0 | FC36: 0 | FD36: 0 | FE36: 0 | FF36: 0 | FG36: 0 | FH36: 0 | FI36: 0 | FJ36: 0 | FK36: 0 | FL36: 0 | FM36: 0 | FN36: 0 | FO36: 0 | FP36: 0 | FQ36: 0 | FR36: 0 | FS36: 0 | FT36: 0 | FU36: 0 | FV36: 0 | FW36: 0 | FX36: 0 | FY36: 0 | FZ36: 0 | GA36: 0 | GB36: 0 | GC36: 0 | GD36: 0 | GE36: 0 | GF36: 0 | GG36: 0 | GH36: 0 | GI36: 136247
A37: 135682 | B37: =_xlfn.XLOOKUP(A37,[9]Planilha1!$L:$L,[9]Planilha1!$B:$B,,0) -> 6357 | C37: Ronimiller Ferreira Franca | D37: 931.002.481-04 | E37: 0.1003 | F37: SWISS PARK ANAPOLIS | G37: Swiss Park Zurich - Anápolis | H37: =VLOOKUP(B37,Elegibilidade!A:I,9,0) -> Elegível | I37: 117 | J37: 0 | K37: =NPV(0.8%,T37:GH37) -> 298773.34 | L37: =J37+K37 -> 298773.34 | M37: Adimplente | N37: =VLOOKUP(M37,Base!A:B,2,0)*L37 -> 298773.34 | O37: =NPV((1+12%)^(1/12)-1,T37:GH37) -> 277831.7 | P37: =Vendas!$J$1 -> 880.37366 | Q37: =VLOOKUP(A37,[10]FluxoFuturo!$A:$Q,17,0) -> 448.54 | R37: =P37*Q37 -> 394882.8 | S37: =O37/R37 -> 0.70358014 | T37: 3941.97 | U37: 3941.97 | V37: 3941.97 | W37: 3941.97 | X37: 3941.97 | Y37: 3941.97 | Z37: 3941.97 | AA37: 3941.97 | AB37: 3941.97 | AC37: 3941.97 | AD37: 3941.97 | AE37: 3941.97 | AF37: 3941.97 | AG37: 3941.97 | AH37: 3941.97 | AI37: 3941.97 | AJ37: 3941.97 | AK37: 3941.97 | AL37: 3941.97 | AM37: 3941.97 | AN37: 3941.97 | AO37: 3941.97 | AP37: 3941.97 | AQ37: 3941.97 | AR37: 3941.97 | AS37: 3941.97 | AT37: 3941.97 | AU37: 3941.97 | AV37: 3941.97 | AW37: 3941.97 | AX37: 3941.97 | AY37: 3941.97 | AZ37: 3941.97 | BA37: 3941.97 | BB37: 3941.97 | BC37: 3941.97 | BD37: 3941.97 | BE37: 3941.97 | BF37: 3941.97 | BG37: 3941.97 | BH37: 3941.97 | BI37: 3941.97 | BJ37: 3941.97 | BK37: 3941.97 | BL37: 3941.97 | BM37: 3941.97 | BN37: 3941.97 | BO37: 3941.97 | BP37: 3941.97 | BQ37: 3941.97 | BR37: 3941.97 | BS37: 3941.97 | BT37: 3941.97 | BU37: 3941.97 | BV37: 3941.97 | BW37: 3941.97 | BX37: 3941.97 | BY37: 3941.97 | BZ37: 3941.97 | CA37: 3941.97 | CB37: 3941.97 | CC37: 3941.97 | CD37: 3941.97 | CE37: 3941.97 | CF37: 3941.97 | CG37: 3941.97 | CH37: 3941.97 | CI37: 3941.97 | CJ37: 3941.97 | CK37: 3941.97 | CL37: 3941.97 | CM37: 3941.97 | CN37: 3941.97 | CO37: 3941.97 | CP37: 3941.97 | CQ37: 3941.97 | CR37: 3941.97 | CS37: 3941.97 | CT37: 3941.97 | CU37: 3941.97 | CV37: 3941.97 | CW37: 3941.97 | CX37: 3941.97 | CY37: 3941.97 | CZ37: 3941.97 | DA37: 3941.97 | DB37: 3941.97 | DC37: 3941.97 | DD37: 3941.97 | DE37: 3941.97 | DF37: 3941.97 | DG37: 3941.97 | DH37: 3941.97 | DI37: 3941.97 | DJ37: 3941.97 | DK37: 3941.97 | DL37: 3941.97 | DM37: 3941.97 | DN37: 3941.97 | DO37: 3941.97 | DP37: 3941.97 | DQ37: 3941.97 | DR37: 3941.97 | DS37: 3941.97 | DT37: 3941.97 | DU37: 3941.97 | DV37: 3941.97 | DW37: 3941.97 | DX37: 3941.97 | DY37: 3941.97 | DZ37: 3941.97 | EA37: 3941.97 | EB37: 3941.97 | EC37: 3941.97 | ED37: 3941.97 | EE37: 3941.97 | EF37: 3941.97 | EG37: 0 | EH37: 0 | EI37: 0 | EJ37: 0 | EK37: 0 | EL37: 0 | EM37: 0 | EN37: 0 | EO37: 0 | EP37: 0 | EQ37: 0 | ER37: 0 | ES37: 0 | ET37: 0 | EU37: 0 | EV37: 0 | EW37: 0 | EX37: 0 | EY37: 0 | EZ37: 0 | FA37: 0 | FB37: 0 | FC37: 0 | FD37: 0 | FE37: 0 | FF37: 0 | FG37: 0 | FH37: 0 | FI37: 0 | FJ37: 0 | FK37: 0 | FL37: 0 | FM37: 0 | FN37: 0 | FO37: 0 | FP37: 0 | FQ37: 0 | FR37: 0 | FS37: 0 | FT37: 0 | FU37: 0 | FV37: 0 | FW37: 0 | FX37: 0 | FY37: 0 | FZ37: 0 | GA37: 0 | GB37: 0 | GC37: 0 | GD37: 0 | GE37: 0 | GF37: 0 | GG37: 0 | GH37: 0 | GI37: 135682
A38: 135669 | B38: =_xlfn.XLOOKUP(A38,[9]Planilha1!$L:$L,[9]Planilha1!$B:$B,,0) -> 6367 | C38: Nilton Elias Martins Junior | D38: 960.061.021-53 | E38: 0.1003 | F38: SWISS PARK ANAPOLIS | G38: Swiss Park Zurich - Anápolis | H38: =VLOOKUP(B38,Elegibilidade!A:I,9,0) -> Elegível | I38: 148 | J38: 0 | K38: =NPV(0.8%,T38:GH38) -> 288630.03 | L38: =J38+K38 -> 288630.03 | M38: Adimplente | N38: =VLOOKUP(M38,Base!A:B,2,0)*L38 -> 288630.03 | O38: =NPV((1+12%)^(1/12)-1,T38:GH38) -> 264546.4 | P38: =Vendas!$J$1 -> 880.37366 | Q38: =VLOOKUP(A38,[10]FluxoFuturo!$A:$Q,17,0) -> 379.4 | R38: =P38*Q38 -> 334013.77 | S38: =O38/R38 -> 0.79202244 | T38: 3334.34 | U38: 3334.34 | V38: 3334.34 | W38: 3334.34 | X38: 3334.34 | Y38: 3334.34 | Z38: 3334.34 | AA38: 3334.34 | AB38: 3334.34 | AC38: 3334.34 | AD38: 3334.34 | AE38: 3334.34 | AF38: 3334.34 | AG38: 3334.34 | AH38: 3334.34 | AI38: 3334.34 | AJ38: 3334.34 | AK38: 3334.34 | AL38: 3334.34 | AM38: 3334.34 | AN38: 3334.34 | AO38: 3334.34 | AP38: 3334.34 | AQ38: 3334.34 | AR38: 3334.34 | AS38: 3334.34 | AT38: 3334.34 | AU38: 3334.34 | AV38: 3334.34 | AW38: 3334.34 | AX38: 3334.34 | AY38: 3334.34 | AZ38: 3334.34 | BA38: 3334.34 | BB38: 3334.34 | BC38: 3334.34 | BD38: 3334.34 | BE38: 3334.34 | BF38: 3334.34 | BG38: 3334.34 | BH38: 3334.34 | BI38: 3334.34 | BJ38: 3334.34 | BK38: 3334.34 | BL38: 3334.34 | BM38: 3334.34 | BN38: 3334.34 | BO38: 3334.34 | BP38: 3334.34 | BQ38: 3334.34 | BR38: 3334.34 | BS38: 3334.34 | BT38: 3334.34 | BU38: 3334.34 | BV38: 3334.34 | BW38: 3334.34 | BX38: 3334.34 | BY38: 3334.34 | BZ38: 3334.34 | CA38: 3334.34 | CB38: 3334.34 | CC38: 3334.34 | CD38: 3334.34 | CE38: 3334.34 | CF38: 3334.34 | CG38: 3334.34 | CH38: 3334.34 | CI38: 3334.34 | CJ38: 3334.34 | CK38: 3334.34 | CL38: 3334.34 | CM38: 3334.34 | CN38: 3334.34 | CO38: 3334.34 | CP38: 3334.34 | CQ38: 3334.34 | CR38: 3334.34 | CS38: 3334.34 | CT38: 3334.34 | CU38: 3334.34 | CV38: 3334.34 | CW38: 3334.34 | CX38: 3334.34 | CY38: 3334.34 | CZ38: 3334.34 | DA38: 3334.34 | DB38: 3334.34 | DC38: 3334.34 | DD38: 3334.34 | DE38: 3334.34 | DF38: 3334.34 | DG38: 3334.34 | DH38: 3334.34 | DI38: 3334.34 | DJ38: 3334.34 | DK38: 3334.34 | DL38: 3334.34 | DM38: 3334.34 | DN38: 3334.34 | DO38: 3334.34 | DP38: 3334.34 | DQ38: 3334.34 | DR38: 3334.34 | DS38: 3334.34 | DT38: 3334.34 | DU38: 3334.34 | DV38: 3334.34 | DW38: 3334.34 | DX38: 3334.34 | DY38: 3334.34 | DZ38: 3334.34 | EA38: 3334.34 | EB38: 3334.34 | EC38: 3334.34 | ED38: 3334.34 | EE38: 3334.34 | EF38: 3334.34 | EG38: 3334.34 | EH38: 3334.34 | EI38: 3334.34 | EJ38: 3334.34 | EK38: 3334.34 | EL38: 3334.34 | EM38: 3334.34 | EN38: 3334.34 | EO38: 3334.34 | EP38: 3334.34 | EQ38: 3334.34 | ER38: 3334.34 | ES38: 3334.34 | ET38: 3334.34 | EU38: 3334.34 | EV38: 3334.34 | EW38: 3334.34 | EX38: 3334.34 | EY38: 3334.34 | EZ38: 3334.34 | FA38: 3334.34 | FB38: 3334.34 | FC38: 3334.34 | FD38: 3334.34 | FE38: 3334.34 | FF38: 3334.34 | FG38: 3334.34 | FH38: 3334.34 | FI38: 3334.34 | FJ38: 3334.34 | FK38: 3334.6 | FL38: 0 | FM38: 0 | FN38: 0 | FO38: 0 | FP38: 0 | FQ38: 0 | FR38: 0 | FS38: 0 | FT38: 0 | FU38: 0 | FV38: 0 | FW38: 0 | FX38: 0 | FY38: 0 | FZ38: 0 | GA38: 0 | GB38: 0 | GC38: 0 | GD38: 0 | GE38: 0 | GF38: 0 | GG38: 0 | GH38: 0 | GI38: 135669
A39: 135679 | B39: =_xlfn.XLOOKUP(A39,[9]Planilha1!$L:$L,[9]Planilha1!$B:$B,,0) -> 6383 | C39: Rafaela Lima Rodrigues | D39: 700.906.771-61 | E39: 0.1003 | F39: SWISS PARK ANAPOLIS | G39: Swiss Park Zurich - Anápolis | H39: =VLOOKUP(B39,Elegibilidade!A:I,9,0) -> Elegível | I39: 85 | J39: 0 | K39: =NPV(0.8%,T39:GH39) -> 287749.87 | L39: =J39+K39 -> 287749.87 | M39: Adimplente | N39: =VLOOKUP(M39,Base!A:B,2,0)*L39 -> 287749.87 | O39: =NPV((1+12%)^(1/12)-1,T39:GH39) -> 272133.7 | P39: =Vendas!$J$1 -> 880.37366 | Q39: =VLOOKUP(A39,[10]FluxoFuturo!$A:$Q,17,0) -> 396.68 | R39: =P39*Q39 -> 349226.62 | S39: =O39/R39 -> 0.77924672 | T39: 4678.76 | U39: 4678.76 | V39: 4678.76 | W39: 4678.76 | X39: 4678.76 | Y39: 4678.76 | Z39: 4678.76 | AA39: 4678.76 | AB39: 4678.76 | AC39: 4678.76 | AD39: 4678.76 | AE39: 4678.76 | AF39: 4678.76 | AG39: 4678.76 | AH39: 4678.76 | AI39: 4678.76 | AJ39: 4678.76 | AK39: 4678.76 | AL39: 4678.76 | AM39: 4678.76 | AN39: 4678.76 | AO39: 4678.76 | AP39: 4678.76 | AQ39: 4678.76 | AR39: 4678.76 | AS39: 4678.76 | AT39: 4678.76 | AU39: 4678.76 | AV39: 4678.76 | AW39: 4678.76 | AX39: 4678.76 | AY39: 4678.76 | AZ39: 4678.76 | BA39: 4678.76 | BB39: 4678.76 | BC39: 4678.76 | BD39: 4678.76 | BE39: 4678.76 | BF39: 4678.76 | BG39: 4678.76 | BH39: 4678.76 | BI39: 4678.76 | BJ39: 4678.76 | BK39: 4678.76 | BL39: 4678.76 | BM39: 4678.76 | BN39: 4678.76 | BO39: 4678.76 | BP39: 4678.76 | BQ39: 4678.76 | BR39: 4678.76 | BS39: 4678.76 | BT39: 4678.76 | BU39: 4678.76 | BV39: 4678.76 | BW39: 4678.76 | BX39: 4678.76 | BY39: 4678.76 | BZ39: 4678.76 | CA39: 4678.76 | CB39: 4678.76 | CC39: 4678.76 | CD39: 4678.76 | CE39: 4678.76 | CF39: 4678.76 | CG39: 4678.76 | CH39: 4678.76 | CI39: 4678.76 | CJ39: 4678.76 | CK39: 4678.76 | CL39: 4678.76 | CM39: 4678.76 | CN39: 4678.76 | CO39: 4678.76 | CP39: 4678.76 | CQ39: 4678.76 | CR39: 4678.76 | CS39: 4678.76 | CT39: 4678.76 | CU39: 4678.76 | CV39: 4678.76 | CW39: 4678.76 | CX39: 4678.76 | CY39: 4678.76 | CZ39: 4678.79 | DA39: 0 | DB39: 0 | DC39: 0 | DD39: 0 | DE39: 0 | DF39: 0 | DG39: 0 | DH39: 0 | DI39: 0 | DJ39: 0 | DK39: 0 | DL39: 0 | DM39: 0 | DN39: 0 | DO39: 0 | DP39: 0 | DQ39: 0 | DR39: 0 | DS39: 0 | DT39: 0 | DU39: 0 | DV39: 0 | DW39: 0 | DX39: 0 | DY39: 0 | DZ39: 0 | EA39: 0 | EB39: 0 | EC39: 0 | ED39: 0 | EE39: 0 | EF39: 0 | EG39: 0 | EH39: 0 | EI39: 0 | EJ39: 0 | EK39: 0 | EL39: 0 | EM39: 0 | EN39: 0 | EO39: 0 | EP39: 0 | EQ39: 0 | ER39: 0 | ES39: 0 | ET39: 0 | EU39: 0 | EV39: 0 | EW39: 0 | EX39: 0 | EY39: 0 | EZ39: 0 | FA39: 0 | FB39: 0 | FC39: 0 | FD39: 0 | FE39: 0 | FF39: 0 | FG39: 0 | FH39: 0 | FI39: 0 | FJ39: 0 | FK39: 0 | FL39: 0 | FM39: 0 | FN39: 0 | FO39: 0 | FP39: 0 | FQ39: 0 | FR39: 0 | FS39: 0 | FT39: 0 | FU39: 0 | FV39: 0 | FW39: 0 | FX39: 0 | FY39: 0 | FZ39: 0 | GA39: 0 | GB39: 0 | GC39: 0 | GD39: 0 | GE39: 0 | GF39: 0 | GG39: 0 | GH39: 0 | GI39: 135679
A40: 135626 | B40: =_xlfn.XLOOKUP(A40,[9]Planilha1!$L:$L,[9]Planilha1!$B:$B,,0) -> 6401 | C40: Daniel Silva Ferreira | D40: 985.431.721-87 | E40: 0.1003 | F40: SWISS PARK ANAPOLIS | G40: Swiss Park Zurich - Anápolis | H40: =VLOOKUP(B40,Elegibilidade!A:I,9,0) -> Elegível | I40: 85 | J40: 0 | K40: =NPV(0.8%,T40:GH40) -> 285305.06 | L40: =J40+K40 -> 285305.06 | M40: Adimplente | N40: =VLOOKUP(M40,Base!A:B,2,0)*L40 -> 285305.06 | O40: =NPV((1+12%)^(1/12)-1,T40:GH40) -> 269821.58 | P40: =Vendas!$J$1 -> 880.37366 | Q40: =VLOOKUP(A40,[10]FluxoFuturo!$A:$Q,17,0) -> 393.31 | R40: =P40*Q40 -> 346259.77 | S40: =O40/R40 -> 0.77924613 | T40: 4639.01 | U40: 4639.01 | V40: 4639.01 | W40: 4639.01 | X40: 4639.01 | Y40: 4639.01 | Z40: 4639.01 | AA40: 4639.01 | AB40: 4639.01 | AC40: 4639.01 | AD40: 4639.01 | AE40: 4639.01 | AF40: 4639.01 | AG40: 4639.01 | AH40: 4639.01 | AI40: 4639.01 | AJ40: 4639.01 | AK40: 4639.01 | AL40: 4639.01 | AM40: 4639.01 | AN40: 4639.01 | AO40: 4639.01 | AP40: 4639.01 | AQ40: 4639.01 | AR40: 4639.01 | AS40: 4639.01 | AT40: 4639.01 | AU40: 4639.01 | AV40: 4639.01 | AW40: 4639.01 | AX40: 4639.01 | AY40: 4639.01 | AZ40: 4639.01 | BA40: 4639.01 | BB40: 4639.01 | BC40: 4639.01 | BD40: 4639.01 | BE40: 4639.01 | BF40: 4639.01 | BG40: 4639.01 | BH40: 4639.01 | BI40: 4639.01 | BJ40: 4639.01 | BK40: 4639.01 | BL40: 4639.01 | BM40: 4639.01 | BN40: 4639.01 | BO40: 4639.01 | BP40: 4639.01 | BQ40: 4639.01 | BR40: 4639.01 | BS40: 4639.01 | BT40: 4639.01 | BU40: 4639.01 | BV40: 4639.01 | BW40: 4639.01 | BX40: 4639.01 | BY40: 4639.01 | BZ40: 4639.01 | CA40: 4639.01 | CB40: 4639.01 | CC40: 4639.01 | CD40: 4639.01 | CE40: 4639.01 | CF40: 4639.01 | CG40: 4639.01 | CH40: 4639.01 | CI40: 4639.01 | CJ40: 4639.01 | CK40: 4639.01 | CL40: 4639.01 | CM40: 4639.01 | CN40: 4639.01 | CO40: 4639.01 | CP40: 4639.01 | CQ40: 4639.01 | CR40: 4639.01 | CS40: 4639.01 | CT40: 4639.01 | CU40: 4639.01 | CV40: 4639.01 | CW40: 4639.01 | CX40: 4639.01 | CY40: 4639.01 | CZ40: 4638.78 | DA40: 0 | DB40: 0 | DC40: 0 | DD40: 0 | DE40: 0 | DF40: 0 | DG40: 0 | DH40: 0 | DI40: 0 | DJ40: 0 | DK40: 0 | DL40: 0 | DM40: 0 | DN40: 0 | DO40: 0 | DP40: 0 | DQ40: 0 | DR40: 0 | DS40: 0 | DT40: 0 | DU40: 0 | DV40: 0 | DW40: 0 | DX40: 0 | DY40: 0 | DZ40: 0 | EA40: 0 | EB40: 0 | EC40: 0 | ED40: 0 | EE40: 0 | EF40: 0 | EG40: 0 | EH40: 0 | EI40: 0 | EJ40: 0 | EK40: 0 | EL40: 0 | EM40: 0 | EN40: 0 | EO40: 0 | EP40: 0 | EQ40: 0 | ER40: 0 | ES40: 0 | ET40: 0 | EU40: 0 | EV40: 0 | EW40: 0 | EX40: 0 | EY40: 0 | EZ40: 0 | FA40: 0 | FB40: 0 | FC40: 0 | FD40: 0 | FE40: 0 | FF40: 0 | FG40: 0 | FH40: 0 | FI40: 0 | FJ40: 0 | FK40: 0 | FL40: 0 | FM40: 0 | FN40: 0 | FO40: 0 | FP40: 0 | FQ40: 0 | FR40: 0 | FS40: 0 | FT40: 0 | FU40: 0 | FV40: 0 | FW40: 0 | FX40: 0 | FY40: 0 | FZ40: 0 | GA40: 0 | GB40: 0 | GC40: 0 | GD40: 0 | GE40: 0 | GF40: 0 | GG40: 0 | GH40: 0 | GI40: 135626
A41: 136447 | B41: =_xlfn.XLOOKUP(A41,[9]Planilha1!$L:$L,[9]Planilha1!$B:$B,,0) -> 5435 | C41: Kléber Rodrigues Amorim | D41: 921.374.821-34 | E41: 0.100339 | F41: SWISS PARK ANAPOLIS | G41: Swiss Park Zurich - Anápolis | H41: =VLOOKUP(B41,Elegibilidade!A:I,9,0) -> Inelegível | I41: 137 | J41: 0 | K41: =NPV(0.8%,T41:GH41) -> 284580.2 | L41: =J41+K41 -> 284580.2 | M41: Adimplente | N41: =VLOOKUP(M41,Base!A:B,2,0)*L41 -> 284580.2 | O41: =NPV((1+12%)^(1/12)-1,T41:GH41) -> 262792.35 | P41: =Vendas!$J$1 -> 880.37366 | Q41: 360 | R41: =P41*Q41 -> 316934.52 | S41: =O41/R41 -> 0.82916922 | T41: 7741.92 | U41: 7741.92 | V41: 3321.76 | W41: 3321.76 | X41: 3321.76 | Y41: 3321.76 | Z41: 3321.76 | AA41: 3321.76 | AB41: 3321.76 | AC41: 3321.76 | AD41: 3321.76 | AE41: 3321.76 | AF41: 3321.76 | AG41: 3321.76 | AH41: 3321.76 | AI41: 3321.76 | AJ41: 3321.76 | AK41: 3321.76 | AL41: 3321.76 | AM41: 3321.76 | AN41: 3321.76 | AO41: 3321.76 | AP41: 3321.76 | AQ41: 3321.76 | AR41: 3321.76 | AS41: 3321.76 | AT41: 3321.76 | AU41: 3321.76 | AV41: 3321.76 | AW41: 3321.76 | AX41: 3321.76 | AY41: 3321.76 | AZ41: 3321.76 | BA41: 3321.76 | BB41: 3321.76 | BC41: 3321.76 | BD41: 3321.76 | BE41: 3321.76 | BF41: 3321.76 | BG41: 3321.76 | BH41: 3321.76 | BI41: 3321.76 | BJ41: 3321.76 | BK41: 3321.76 | BL41: 3321.76 | BM41: 3321.76 | BN41: 3321.76 | BO41: 3321.76 | BP41: 3321.76 | BQ41: 3321.76 | BR41: 3321.76 | BS41: 3321.76 | BT41: 3321.76 | BU41: 3321.76 | BV41: 3321.76 | BW41: 3321.76 | BX41: 3321.76 | BY41: 3321.76 | BZ41: 3321.76 | CA41: 3321.76 | CB41: 3321.76 | CC41: 3321.76 | CD41: 3321.76 | CE41: 3321.76 | CF41: 3321.76 | CG41: 3321.76 | CH41: 3321.76 | CI41: 3321.76 | CJ41: 3321.76 | CK41: 3321.76 | CL41: 3321.76 | CM41: 3321.76 | CN41: 3321.76 | CO41: 3321.76 | CP41: 3321.76 | CQ41: 3321.76 | CR41: 3321.76 | CS41: 3321.76 | CT41: 3321.76 | CU41: 3321.76 | CV41: 3321.76 | CW41: 3321.76 | CX41: 3321.76 | CY41: 3321.76 | CZ41: 3321.76 | DA41: 3321.76 | DB41: 3321.76 | DC41: 3321.76 | DD41: 3321.76 | DE41: 3321.76 | DF41: 3321.76 | DG41: 3321.76 | DH41: 3321.76 | DI41: 3321.76 | DJ41: 3321.76 | DK41: 3321.76 | DL41: 3321.76 | DM41: 3321.76 | DN41: 3321.76 | DO41: 3321.76 | DP41: 3321.76 | DQ41: 3321.76 | DR41: 3321.76 | DS41: 3321.76 | DT41: 3321.76 | DU41: 3321.76 | DV41: 3321.76 | DW41: 3321.76 | DX41: 3321.76 | DY41: 3321.76 | DZ41: 3321.76 | EA41: 3321.76 | EB41: 3321.76 | EC41: 3321.76 | ED41: 3321.76 | EE41: 3321.76 | EF41: 3321.76 | EG41: 3321.76 | EH41: 3321.76 | EI41: 3321.76 | EJ41: 3321.76 | EK41: 3321.76 | EL41: 3321.76 | EM41: 3321.76 | EN41: 3321.76 | EO41: 3321.76 | EP41: 3321.76 | EQ41: 3321.76 | ER41: 3321.76 | ES41: 3321.76 | ET41: 3321.76 | EU41: 3321.76 | EV41: 3321.76 | EW41: 3321.76 | EX41: 3321.76 | EY41: 3321.76 | EZ41: 3321.76 | FA41: 0 | FB41: 0 | FC41: 0 | FD41: 0 | FE41: 0 | FF41: 0 | FG41: 0 | FH41: 0 | FI41: 0 | FJ41: 0 | FK41: 0 | FL41: 0 | FM41: 0 | FN41: 0 | FO41: 0 | FP41: 0 | FQ41: 0 | FR41: 0 | FS41: 0 | FT41: 0 | FU41: 0 | FV41: 0 | FW41: 0 | FX41: 0 | FY41: 0 | FZ41: 0 | GA41: 0 | GB41: 0 | GC41: 0 | GD41: 0 | GE41: 0 | GF41: 0 | GG41: 0 | GH41: 0 | GI41: 136447
A42: 135954 | B42: 6499 | C42: Fábio Rodrigues Ribeiro | D42: 301.855.668-20 | E42: 0.100339 | F42: SWISS PARK ANAPOLIS | G42: Swiss Park Zurich - Anápolis | H42: =VLOOKUP(B42,Elegibilidade!A:I,9,0) -> Inelegível | I42: 169 | J42: 0 | K42: =NPV(0.8%,T42:GH42) -> 279655.46 | L42: =J42+K42 -> 279655.46 | M42: Adimplente | N42: =VLOOKUP(M42,Base!A:B,2,0)*L42 -> 279655.46 | O42: =NPV((1+12%)^(1/12)-1,T42:GH42) -> 254072.55 | P42: =Vendas!$J$1 -> 880.37366 | Q42: =VLOOKUP(A42,[10]FluxoFuturo!$A:$Q,17,0) -> 360 | R42: =P42*Q42 -> 316934.52 | S42: =O42/R42 -> 0.80165628 | T42: 7785.28 | U42: 1989.01 | V42: 1989.01 | W42: 1989.01 | X42: 1989.01 | Y42: 1989.01 | Z42: 1989.01 | AA42: 1989.01 | AB42: 1989.01 | AC42: 1989.01 | AD42: 14124.99 | AE42: 1989.01 | AF42: 1989.01 | AG42: 1989.01 | AH42: 1989.01 | AI42: 1989.01 | AJ42: 1989.01 | AK42: 1989.01 | AL42: 1989.01 | AM42: 1989.01 | AN42: 1989.01 | AO42: 1989.01 | AP42: 14124.99 | AQ42: 1989.01 | AR42: 1989.01 | AS42: 1989.01 | AT42: 1989.01 | AU42: 1989.01 | AV42: 1989.01 | AW42: 1989.01 | AX42: 1989.01 | AY42: 1989.01 | AZ42: 1989.01 | BA42: 1989.01 | BB42: 14124.99 | BC42: 1989.01 | BD42: 1989.01 | BE42: 1989.01 | BF42: 1989.01 | BG42: 1989.01 | BH42: 1989.01 | BI42: 1989.01 | BJ42: 1989.01 | BK42: 1989.01 | BL42: 1989.01 | BM42: 1989.01 | BN42: 14124.99 | BO42: 1989.01 | BP42: 1989.01 | BQ42: 1989.01 | BR42: 1989.01 | BS42: 1989.01 | BT42: 1989.01 | BU42: 1989.01 | BV42: 1989.01 | BW42: 1989.01 | BX42: 1989.01 | BY42: 1989.01 | BZ42: 14124.99 | CA42: 1989.01 | CB42: 1989.01 | CC42: 1989.01 | CD42: 1989.01 | CE42: 1989.01 | CF42: 1989.01 | CG42: 1989.01 | CH42: 1989.01 | CI42: 1989.01 | CJ42: 1989.01 | CK42: 1989.01 | CL42: 14124.99 | CM42: 1989.01 | CN42: 1989.01 | CO42: 1989.01 | CP42: 1989.01 | CQ42: 1989.01 | CR42: 1989.01 | CS42: 1989.01 | CT42: 1989.01 | CU42: 1989.01 | CV42: 1989.01 | CW42: 1989.01 | CX42: 14124.99 | CY42: 1989.01 | CZ42: 1989.01 | DA42: 1989.01 | DB42: 1989.01 | DC42: 1989.01 | DD42: 1989.01 | DE42: 1989.01 | DF42: 1989.01 | DG42: 1989.01 | DH42: 1989.01 | DI42: 1989.01 | DJ42: 14124.99 | DK42: 1989.01 | DL42: 1989.01 | DM42: 1989.01 | DN42: 1989.01 | DO42: 1989.01 | DP42: 1989.01 | DQ42: 1989.01 | DR42: 1989.01 | DS42: 1989.01 | DT42: 1989.01 | DU42: 1989.01 | DV42: 14124.99 | DW42: 1989.01 | DX42: 1989.01 | DY42: 1989.01 | DZ42: 1989.01 | EA42: 1989.01 | EB42: 1989.01 | EC42: 1989.01 | ED42: 1989.01 | EE42: 1989.01 | EF42: 1989.01 | EG42: 1989.01 | EH42: 14124.99 | EI42: 1989.01 | EJ42: 1989.01 | EK42: 1989.01 | EL42: 1989.01 | EM42: 1989.01 | EN42: 1989.01 | EO42: 1989.01 | EP42: 1989.01 | EQ42: 1989.01 | ER42: 1989.01 | ES42: 1989.01 | ET42: 14124.99 | EU42: 1989.01 | EV42: 1989.01 | EW42: 1989.01 | EX42: 1989.01 | EY42: 1989.01 | EZ42: 1989.01 | FA42: 1989.01 | FB42: 1989.01 | FC42: 1989.01 | FD42: 1989.01 | FE42: 1989.01 | FF42: 14124.99 | FG42: 1989.01 | FH42: 1989.01 | FI42: 1989.01 | FJ42: 1989.01 | FK42: 1989.01 | FL42: 1989.01 | FM42: 1989.01 | FN42: 1989.01 | FO42: 1989.01 | FP42: 1989.01 | FQ42: 1989.01 | FR42: 14124.99 | FS42: 1989.01 | FT42: 1989.01 | FU42: 1989.01 | FV42: 1989.01 | FW42: 1989.01 | FX42: 1989.01 | FY42: 1989.01 | FZ42: 1989.01 | GA42: 1989.01 | GB42: 1989.01 | GC42: 1989.01 | GD42: 14124.95 | GE42: 1989.01 | GF42: 1989.01 | GG42: 0 | GH42: 0 | GI42: 135954
A43: 136248 | B43: =_xlfn.XLOOKUP(A43,[9]Planilha1!$L:$L,[9]Planilha1!$B:$B,,0) -> 5423 | C43: Priscilla Ribeiro Freire Campos | D43: 262.513.558-16 | E43: 0.100339 | F43: SWISS PARK ANAPOLIS | G43: Swiss Park Zurich - Anápolis | H43: =VLOOKUP(B43,Elegibilidade!A:I,9,0) -> Inelegível | I43: 169 | J43: 0 | K43: =NPV(0.8%,T43:GH43) -> 277076.77 | L43: =J43+K43 -> 277076.77 | M43: Menor que 30 Dias | N43: =VLOOKUP(M43,Base!A:B,2,0)*L43 -> 277076.77 | O43: =NPV((1+12%)^(1/12)-1,T43:GH43) -> 251898.12 | P43: =Vendas!$J$1 -> 880.37366 | Q43: 360 | R43: =P43*Q43 -> 316934.52 | S43: =O43/R43 -> 0.79479547 | T43: 9596.66 | U43: 1946.66 | V43: 1946.66 | W43: 1946.66 | X43: 1946.66 | Y43: 1946.66 | Z43: 1946.66 | AA43: 1946.66 | AB43: 1946.66 | AC43: 1946.66 | AD43: 14015.05 | AE43: 1946.66 | AF43: 1946.66 | AG43: 1946.66 | AH43: 1946.66 | AI43: 1946.66 | AJ43: 1946.66 | AK43: 1946.66 | AL43: 1946.66 | AM43: 1946.66 | AN43: 1946.66 | AO43: 1946.66 | AP43: 14015.05 | AQ43: 1946.66 | AR43: 1946.66 | AS43: 1946.66 | AT43: 1946.66 | AU43: 1946.66 | AV43: 1946.66 | AW43: 1946.66 | AX43: 1946.66 | AY43: 1946.66 | AZ43: 1946.66 | BA43: 1946.66 | BB43: 14015.05 | BC43: 1946.66 | BD43: 1946.66 | BE43: 1946.66 | BF43: 1946.66 | BG43: 1946.66 | BH43: 1946.66 | BI43: 1946.66 | BJ43: 1946.66 | BK43: 1946.66 | BL43: 1946.66 | BM43: 1946.66 | BN43: 14015.05 | BO43: 1946.66 | BP43: 1946.66 | BQ43: 1946.66 | BR43: 1946.66 | BS43: 1946.66 | BT43: 1946.66 | BU43: 1946.66 | BV43: 1946.66 | BW43: 1946.66 | BX43: 1946.66 | BY43: 1946.66 | BZ43: 14015.05 | CA43: 1946.66 | CB43: 1946.66 | CC43: 1946.66 | CD43: 1946.66 | CE43: 1946.66 | CF43: 1946.66 | CG43: 1946.66 | CH43: 1946.66 | CI43: 1946.66 | CJ43: 1946.66 | CK43: 1946.66 | CL43: 14015.05 | CM43: 1946.66 | CN43: 1946.66 | CO43: 1946.66 | CP43: 1946.66 | CQ43: 1946.66 | CR43: 1946.66 | CS43: 1946.66 | CT43: 1946.66 | CU43: 1946.66 | CV43: 1946.66 | CW43: 1946.66 | CX43: 14015.05 | CY43: 1946.66 | CZ43: 1946.66 | DA43: 1946.66 | DB43: 1946.66 | DC43: 1946.66 | DD43: 1946.66 | DE43: 1946.66 | DF43: 1946.66 | DG43: 1946.66 | DH43: 1946.66 | DI43: 1946.66 | DJ43: 14015.05 | DK43: 1946.66 | DL43: 1946.66 | DM43: 1946.66 | DN43: 1946.66 | DO43: 1946.66 | DP43: 1946.66 | DQ43: 1946.66 | DR43: 1946.66 | DS43: 1946.66 | DT43: 1946.66 | DU43: 1946.66 | DV43: 14015.05 | DW43: 1946.66 | DX43: 1946.66 | DY43: 1946.66 | DZ43: 1946.66 | EA43: 1946.66 | EB43: 1946.66 | EC43: 1946.66 | ED43: 1946.66 | EE43: 1946.66 | EF43: 1946.66 | EG43: 1946.66 | EH43: 14015.05 | EI43: 1946.66 | EJ43: 1946.66 | EK43: 1946.66 | EL43: 1946.66 | EM43: 1946.66 | EN43: 1946.66 | EO43: 1946.66 | EP43: 1946.66 | EQ43: 1946.66 | ER43: 1946.66 | ES43: 1946.66 | ET43: 14015.05 | EU43: 1946.66 | EV43: 1946.66 | EW43: 1946.66 | EX43: 1946.66 | EY43: 1946.66 | EZ43: 1946.66 | FA43: 1946.66 | FB43: 1946.66 | FC43: 1946.66 | FD43: 1946.66 | FE43: 1946.66 | FF43: 14015.05 | FG43: 1946.66 | FH43: 1946.66 | FI43: 1946.66 | FJ43: 1946.66 | FK43: 1946.66 | FL43: 1946.66 | FM43: 1946.66 | FN43: 1946.66 | FO43: 1946.66 | FP43: 1946.66 | FQ43: 1946.66 | FR43: 14015.05 | FS43: 1946.66 | FT43: 1946.66 | FU43: 1946.66 | FV43: 1946.66 | FW43: 1946.66 | FX43: 1946.66 | FY43: 1946.66 | FZ43: 1946.66 | GA43: 1946.66 | GB43: 1946.66 | GC43: 1946.66 | GD43: 14015.05 | GE43: 1946.66 | GF43: 1946.66 | GG43: 0 | GH43: 0 | GI43: 136248
A44: 135661 | B44: =_xlfn.XLOOKUP(A44,[9]Planilha1!$L:$L,[9]Planilha1!$B:$B,,0) -> 6409 | C44: Lucas Garcia Oliveira | D44: 253.190.908-70 | E44: 0.1003 | F44: SWISS PARK ANAPOLIS | G44: Swiss Park Zurich - Anápolis | H44: =VLOOKUP(B44,Elegibilidade!A:I,9,0) -> Elegível | I44: 149 | J44: 3224.12 | K44: =NPV(0.8%,T44:GH44) -> 273686.75 | L44: =J44+K44 -> 276910.87 | M44: Menor que 30 Dias | N44: =VLOOKUP(M44,Base!A:B,2,0)*L44 -> 276910.87 | O44: =NPV((1+12%)^(1/12)-1,T44:GH44) -> 250740.49 | P44: =Vendas!$J$1 -> 880.37366 | Q44: =VLOOKUP(A44,[10]FluxoFuturo!$A:$Q,17,0) -> 360 | R44: =P44*Q44 -> 316934.52 | S44: =O44/R44 -> 0.7911429 | T44: 3150.61 | U44: 3150.61 | V44: 3150.61 | W44: 3150.61 | X44: 3150.61 | Y44: 3150.61 | Z44: 3150.61 | AA44: 3150.61 | AB44: 3150.61 | AC44: 3150.61 | AD44: 3150.61 | AE44: 3150.61 | AF44: 3150.61 | AG44: 3150.61 | AH44: 3150.61 | AI44: 3150.61 | AJ44: 3150.61 | AK44: 3150.61 | AL44: 3150.61 | AM44: 3150.61 | AN44: 3150.61 | AO44: 3150.61 | AP44: 3150.61 | AQ44: 3150.61 | AR44: 3150.61 | AS44: 3150.61 | AT44: 3150.61 | AU44: 3150.61 | AV44: 3150.61 | AW44: 3150.61 | AX44: 3150.61 | AY44: 3150.61 | AZ44: 3150.61 | BA44: 3150.61 | BB44: 3150.61 | BC44: 3150.61 | BD44: 3150.61 | BE44: 3150.61 | BF44: 3150.61 | BG44: 3150.61 | BH44: 3150.61 | BI44: 3150.61 | BJ44: 3150.61 | BK44: 3150.61 | BL44: 3150.61 | BM44: 3150.61 | BN44: 3150.61 | BO44: 3150.61 | BP44: 3150.61 | BQ44: 3150.61 | BR44: 3150.61 | BS44: 3150.61 | BT44: 3150.61 | BU44: 3150.61 | BV44: 3150.61 | BW44: 3150.61 | BX44: 3150.61 | BY44: 3150.61 | BZ44: 3150.61 | CA44: 3150.61 | CB44: 3150.61 | CC44: 3150.61 | CD44: 3150.61 | CE44: 3150.61 | CF44: 3150.61 | CG44: 3150.61 | CH44: 3150.61 | CI44: 3150.61 | CJ44: 3150.61 | CK44: 3150.61 | CL44: 3150.61 | CM44: 3150.61 | CN44: 3150.61 | CO44: 3150.61 | CP44: 3150.61 | CQ44: 3150.61 | CR44: 3150.61 | CS44: 3150.61 | CT44: 3150.61 | CU44: 3150.61 | CV44: 3150.61 | CW44: 3150.61 | CX44: 3150.61 | CY44: 3150.61 | CZ44: 3150.61 | DA44: 3150.61 | DB44: 3150.61 | DC44: 3150.61 | DD44: 3150.61 | DE44: 3150.61 | DF44: 3150.61 | DG44: 3150.61 | DH44: 3150.61 | DI44: 3150.61 | DJ44: 3150.61 | DK44: 3150.61 | DL44: 3150.61 | DM44: 3150.61 | DN44: 3150.61 | DO44: 3150.61 | DP44: 3150.61 | DQ44: 3150.61 | DR44: 3150.61 | DS44: 3150.61 | DT44: 3150.61 | DU44: 3150.61 | DV44: 3150.61 | DW44: 3150.61 | DX44: 3150.61 | DY44: 3150.61 | DZ44: 3150.61 | EA44: 3150.61 | EB44: 3150.61 | EC44: 3150.61 | ED44: 3150.61 | EE44: 3150.61 | EF44: 3150.61 | EG44: 3150.61 | EH44: 3150.61 | EI44: 3150.61 | EJ44: 3150.61 | EK44: 3150.61 | EL44: 3150.61 | EM44: 3150.61 | EN44: 3150.61 | EO44: 3150.61 | EP44: 3150.61 | EQ44: 3150.61 | ER44: 3150.61 | ES44: 3150.61 | ET44: 3150.61 | EU44: 3150.61 | EV44: 3150.61 | EW44: 3150.61 | EX44: 3150.61 | EY44: 3150.61 | EZ44: 3150.61 | FA44: 3150.61 | FB44: 3150.61 | FC44: 3150.61 | FD44: 3150.61 | FE44: 3150.61 | FF44: 3150.61 | FG44: 3150.61 | FH44: 3150.61 | FI44: 3150.61 | FJ44: 3150.61 | FK44: 3150.61 | FL44: 3150.2 | FM44: 0 | FN44: 0 | FO44: 0 | FP44: 0 | FQ44: 0 | FR44: 0 | FS44: 0 | FT44: 0 | FU44: 0 | FV44: 0 | FW44: 0 | FX44: 0 | FY44: 0 | FZ44: 0 | GA44: 0 | GB44: 0 | GC44: 0 | GD44: 0 | GE44: 0 | GF44: 0 | GG44: 0 | GH44: 0 | GI44: 135661
A45: 135662 | B45: =_xlfn.XLOOKUP(A45,[9]Planilha1!$L:$L,[9]Planilha1!$B:$B,,0) -> 6410 | C45: Lucas Garcia Oliveira | D45: 253.190.908-70 | E45: 0.1003 | F45: SWISS PARK ANAPOLIS | G45: Swiss Park Zurich - Anápolis | H45: =VLOOKUP(B45,Elegibilidade!A:I,9,0) -> Elegível | I45: 149 | J45: 3224.12 | K45: =NPV(0.8%,T45:GH45) -> 273686.75 | L45: =J45+K45 -> 276910.87 | M45: Menor que 30 Dias | N45: =VLOOKUP(M45,Base!A:B,2,0)*L45 -> 276910.87 | O45: =NPV((1+12%)^(1/12)-1,T45:GH45) -> 250740.49 | P45: =Vendas!$J$1 -> 880.37366 | Q45: =VLOOKUP(A45,[10]FluxoFuturo!$A:$Q,17,0) -> 360 | R45: =P45*Q45 -> 316934.52 | S45: =O45/R45 -> 0.7911429 | T45: 3150.61 | U45: 3150.61 | V45: 3150.61 | W45: 3150.61 | X45: 3150.61 | Y45: 3150.61 | Z45: 3150.61 | AA45: 3150.61 | AB45: 3150.61 | AC45: 3150.61 | AD45: 3150.61 | AE45: 3150.61 | AF45: 3150.61 | AG45: 3150.61 | AH45: 3150.61 | AI45: 3150.61 | AJ45: 3150.61 | AK45: 3150.61 | AL45: 3150.61 | AM45: 3150.61 | AN45: 3150.61 | AO45: 3150.61 | AP45: 3150.61 | AQ45: 3150.61 | AR45: 3150.61 | AS45: 3150.61 | AT45: 3150.61 | AU45: 3150.61 | AV45: 3150.61 | AW45: 3150.61 | AX45: 3150.61 | AY45: 3150.61 | AZ45: 3150.61 | BA45: 3150.61 | BB45: 3150.61 | BC45: 3150.61 | BD45: 3150.61 | BE45: 3150.61 | BF45: 3150.61 | BG45: 3150.61 | BH45: 3150.61 | BI45: 3150.61 | BJ45: 3150.61 | BK45: 3150.61 | BL45: 3150.61 | BM45: 3150.61 | BN45: 3150.61 | BO45: 3150.61 | BP45: 3150.61 | BQ45: 3150.61 | BR45: 3150.61 | BS45: 3150.61 | BT45: 3150.61 | BU45: 3150.61 | BV45: 3150.61 | BW45: 3150.61 | BX45: 3150.61 | BY45: 3150.61 | BZ45: 3150.61 | CA45: 3150.61 | CB45: 3150.61 | CC45: 3150.61 | CD45: 3150.61 | CE45: 3150.61 | CF45: 3150.61 | CG45: 3150.61 | CH45: 3150.61 | CI45: 3150.61 | CJ45: 3150.61 | CK45: 3150.61 | CL45: 3150.61 | CM45: 3150.61 | CN45: 3150.61 | CO45: 3150.61 | CP45: 3150.61 | CQ45: 3150.61 | CR45: 3150.61 | CS45: 3150.61 | CT45: 3150.61 | CU45: 3150.61 | CV45: 3150.61 | CW45: 3150.61 | CX45: 3150.61 | CY45: 3150.61 | CZ45: 3150.61 | DA45: 3150.61 | DB45: 3150.61 | DC45: 3150.61 | DD45: 3150.61 | DE45: 3150.61 | DF45: 3150.61 | DG45: 3150.61 | DH45: 3150.61 | DI45: 3150.61 | DJ45: 3150.61 | DK45: 3150.61 | DL45: 3150.61 | DM45: 3150.61 | DN45: 3150.61 | DO45: 3150.61 | DP45: 3150.61 | DQ45: 3150.61 | DR45: 3150.61 | DS45: 3150.61 | DT45: 3150.61 | DU45: 3150.61 | DV45: 3150.61 | DW45: 3150.61 | DX45: 3150.61 | DY45: 3150.61 | DZ45: 3150.61 | EA45: 3150.61 | EB45: 3150.61 | EC45: 3150.61 | ED45: 3150.61 | EE45: 3150.61 | EF45: 3150.61 | EG45: 3150.61 | EH45: 3150.61 | EI45: 3150.61 | EJ45: 3150.61 | EK45: 3150.61 | EL45: 3150.61 | EM45: 3150.61 | EN45: 3150.61 | EO45: 3150.61 | EP45: 3150.61 | EQ45: 3150.61 | ER45: 3150.61 | ES45: 3150.61 | ET45: 3150.61 | EU45: 3150.61 | EV45: 3150.61 | EW45: 3150.61 | EX45: 3150.61 | EY45: 3150.61 | EZ45: 3150.61 | FA45: 3150.61 | FB45: 3150.61 | FC45: 3150.61 | FD45: 3150.61 | FE45: 3150.61 | FF45: 3150.61 | FG45: 3150.61 | FH45: 3150.61 | FI45: 3150.61 | FJ45: 3150.61 | FK45: 3150.61 | FL45: 3150.2 | FM45: 0 | FN45: 0 | FO45: 0 | FP45: 0 | FQ45: 0 | FR45: 0 | FS45: 0 | FT45: 0 | FU45: 0 | FV45: 0 | FW45: 0 | FX45: 0 | FY45: 0 | FZ45: 0 | GA45: 0 | GB45: 0 | GC45: 0 | GD45: 0 | GE45: 0 | GF45: 0 | GG45: 0 | GH45: 0 | GI45: 135662
A46: 135699 | B46: =_xlfn.XLOOKUP(A46,[9]Planilha1!$L:$L,[9]Planilha1!$B:$B,,0) -> 6487 | C46: Joao Marcos Do Vale | D46: 701.005.471-17 | E46: 0.1003 | F46: SWISS PARK ANAPOLIS | G46: Swiss Park Zurich - Anápolis | H46: =VLOOKUP(B46,Elegibilidade!A:I,9,0) -> Elegível | I46: 159 | J46: 0 | K46: =NPV(0.8%,T46:GH46) -> 276408.18 | L46: =J46+K46 -> 276408.18 | M46: Adimplente | N46: =VLOOKUP(M46,Base!A:B,2,0)*L46 -> 276408.18 | O46: =NPV((1+12%)^(1/12)-1,T46:GH46) -> 252155.15 | P46: =Vendas!$J$1 -> 880.37366 | Q46: =VLOOKUP(A46,[10]FluxoFuturo!$A:$Q,17,0) -> 360 | R46: =P46*Q46 -> 316934.52 | S46: =O46/R46 -> 0.79560646 | T46: 3078.44 | U46: 3078.44 | V46: 3078.44 | W46: 3078.44 | X46: 3078.44 | Y46: 3078.44 | Z46: 3078.44 | AA46: 3078.44 | AB46: 3078.44 | AC46: 3078.44 | AD46: 3078.44 | AE46: 3078.44 | AF46: 3078.44 | AG46: 3078.44 | AH46: 3078.44 | AI46: 3078.44 | AJ46: 3078.44 | AK46: 3078.44 | AL46: 3078.44 | AM46: 3078.44 | AN46: 3078.44 | AO46: 3078.44 | AP46: 3078.44 | AQ46: 3078.44 | AR46: 3078.44 | AS46: 3078.44 | AT46: 3078.44 | AU46: 3078.44 | AV46: 3078.44 | AW46: 3078.44 | AX46: 3078.44 | AY46: 3078.44 | AZ46: 3078.44 | BA46: 3078.44 | BB46: 3078.44 | BC46: 3078.44 | BD46: 3078.44 | BE46: 3078.44 | BF46: 3078.44 | BG46: 3078.44 | BH46: 3078.44 | BI46: 3078.44 | BJ46: 3078.44 | BK46: 3078.44 | BL46: 3078.44 | BM46: 3078.44 | BN46: 3078.44 | BO46: 3078.44 | BP46: 3078.44 | BQ46: 3078.44 | BR46: 3078.44 | BS46: 3078.44 | BT46: 3078.44 | BU46: 3078.44 | BV46: 3078.44 | BW46: 3078.44 | BX46: 3078.44 | BY46: 3078.44 | BZ46: 3078.44 | CA46: 3078.44 | CB46: 3078.44 | CC46: 3078.44 | CD46: 3078.44 | CE46: 3078.44 | CF46: 3078.44 | CG46: 3078.44 | CH46: 3078.44 | CI46: 3078.44 | CJ46: 3078.44 | CK46: 3078.44 | CL46: 3078.44 | CM46: 3078.44 | CN46: 3078.44 | CO46: 3078.44 | CP46: 3078.44 | CQ46: 3078.44 | CR46: 3078.44 | CS46: 3078.44 | CT46: 3078.44 | CU46: 3078.44 | CV46: 3078.44 | CW46: 3078.44 | CX46: 3078.44 | CY46: 3078.44 | CZ46: 3078.44 | DA46: 3078.44 | DB46: 3078.44 | DC46: 3078.44 | DD46: 3078.44 | DE46: 3078.44 | DF46: 3078.44 | DG46: 3078.44 | DH46: 3078.44 | DI46: 3078.44 | DJ46: 3078.44 | DK46: 3078.44 | DL46: 3078.44 | DM46: 3078.44 | DN46: 3078.44 | DO46: 3078.44 | DP46: 3078.44 | DQ46: 3078.44 | DR46: 3078.44 | DS46: 3078.44 | DT46: 3078.44 | DU46: 3078.44 | DV46: 3078.44 | DW46: 3078.44 | DX46: 3078.44 | DY46: 3078.44 | DZ46: 3078.44 | EA46: 3078.44 | EB46: 3078.44 | EC46: 3078.44 | ED46: 3078.44 | EE46: 3078.44 | EF46: 3078.44 | EG46: 3078.44 | EH46: 3078.44 | EI46: 3078.44 | EJ46: 3078.44 | EK46: 3078.44 | EL46: 3078.44 | EM46: 3078.44 | EN46: 3078.44 | EO46: 3078.44 | EP46: 3078.44 | EQ46: 3078.44 | ER46: 3078.44 | ES46: 3078.44 | ET46: 3078.44 | EU46: 3078.44 | EV46: 3078.44 | EW46: 3078.44 | EX46: 3078.44 | EY46: 3078.44 | EZ46: 3078.44 | FA46: 3078.44 | FB46: 3078.44 | FC46: 3078.44 | FD46: 3078.44 | FE46: 3078.44 | FF46: 3078.44 | FG46: 3078.44 | FH46: 3078.44 | FI46: 3078.44 | FJ46: 3078.44 | FK46: 3078.44 | FL46: 3078.44 | FM46: 3078.44 | FN46: 3078.44 | FO46: 3078.44 | FP46: 3078.44 | FQ46: 3078.44 | FR46: 3078.44 | FS46: 3078.44 | FT46: 3078.44 | FU46: 3078.44 | FV46: 3078.06 | FW46: 0 | FX46: 0 | FY46: 0 | FZ46: 0 | GA46: 0 | GB46: 0 | GC46: 0 | GD46: 0 | GE46: 0 | GF46: 0 | GG46: 0 | GH46: 0 | GI46: 135699
A47: 135700 | B47: =_xlfn.XLOOKUP(A47,[9]Planilha1!$L:$L,[9]Planilha1!$B:$B,,0) -> 6488 | C47: Joao Marcos Do Vale | D47: 701.005.471-17 | E47: 0.1003 | F47: SWISS PARK ANAPOLIS | G47: Swiss Park Zurich - Anápolis | H47: =VLOOKUP(B47,Elegibilidade!A:I,9,0) -> Elegível | I47: 159 | J47: 0 | K47: =NPV(0.8%,T47:GH47) -> 276408.18 | L47: =J47+K47 -> 276408.18 | M47: Adimplente | N47: =VLOOKUP(M47,Base!A:B,2,0)*L47 -> 276408.18 | O47: =NPV((1+12%)^(1/12)-1,T47:GH47) -> 252155.15 | P47: =Vendas!$J$1 -> 880.37366 | Q47: =VLOOKUP(A47,[10]FluxoFuturo!$A:$Q,17,0) -> 360 | R47: =P47*Q47 -> 316934.52 | S47: =O47/R47 -> 0.79560646 | T47: 3078.44 | U47: 3078.44 | V47: 3078.44 | W47: 3078.44 | X47: 3078.44 | Y47: 3078.44 | Z47: 3078.44 | AA47: 3078.44 | AB47: 3078.44 | AC47: 3078.44 | AD47: 3078.44 | AE47: 3078.44 | AF47: 3078.44 | AG47: 3078.44 | AH47: 3078.44 | AI47: 3078.44 | AJ47: 3078.44 | AK47: 3078.44 | AL47: 3078.44 | AM47: 3078.44 | AN47: 3078.44 | AO47: 3078.44 | AP47: 3078.44 | AQ47: 3078.44 | AR47: 3078.44 | AS47: 3078.44 | AT47: 3078.44 | AU47: 3078.44 | AV47: 3078.44 | AW47: 3078.44 | AX47: 3078.44 | AY47: 3078.44 | AZ47: 3078.44 | BA47: 3078.44 | BB47: 3078.44 | BC47: 3078.44 | BD47: 3078.44 | BE47: 3078.44 | BF47: 3078.44 | BG47: 3078.44 | BH47: 3078.44 | BI47: 3078.44 | BJ47: 3078.44 | BK47: 3078.44 | BL47: 3078.44 | BM47: 3078.44 | BN47: 3078.44 | BO47: 3078.44 | BP47: 3078.44 | BQ47: 3078.44 | BR47: 3078.44 | BS47: 3078.44 | BT47: 3078.44 | BU47: 3078.44 | BV47: 3078.44 | BW47: 3078.44 | BX47: 3078.44 | BY47: 3078.44 | BZ47: 3078.44 | CA47: 3078.44 | CB47: 3078.44 | CC47: 3078.44 | CD47: 3078.44 | CE47: 3078.44 | CF47: 3078.44 | CG47: 3078.44 | CH47: 3078.44 | CI47: 3078.44 | CJ47: 3078.44 | CK47: 3078.44 | CL47: 3078.44 | CM47: 3078.44 | CN47: 3078.44 | CO47: 3078.44 | CP47: 3078.44 | CQ47: 3078.44 | CR47: 3078.44 | CS47: 3078.44 | CT47: 3078.44 | CU47: 3078.44 | CV47: 3078.44 | CW47: 3078.44 | CX47: 3078.44 | CY47: 3078.44 | CZ47: 3078.44 | DA47: 3078.44 | DB47: 3078.44 | DC47: 3078.44 | DD47: 3078.44 | DE47: 3078.44 | DF47: 3078.44 | DG47: 3078.44 | DH47: 3078.44 | DI47: 3078.44 | DJ47: 3078.44 | DK47: 3078.44 | DL47: 3078.44 | DM47: 3078.44 | DN47: 3078.44 | DO47: 3078.44 | DP47: 3078.44 | DQ47: 3078.44 | DR47: 3078.44 | DS47: 3078.44 | DT47: 3078.44 | DU47: 3078.44 | DV47: 3078.44 | DW47: 3078.44 | DX47: 3078.44 | DY47: 3078.44 | DZ47: 3078.44 | EA47: 3078.44 | EB47: 3078.44 | EC47: 3078.44 | ED47: 3078.44 | EE47: 3078.44 | EF47: 3078.44 | EG47: 3078.44 | EH47: 3078.44 | EI47: 3078.44 | EJ47: 3078.44 | EK47: 3078.44 | EL47: 3078.44 | EM47: 3078.44 | EN47: 3078.44 | EO47: 3078.44 | EP47: 3078.44 | EQ47: 3078.44 | ER47: 3078.44 | ES47: 3078.44 | ET47: 3078.44 | EU47: 3078.44 | EV47: 3078.44 | EW47: 3078.44 | EX47: 3078.44 | EY47: 3078.44 | EZ47: 3078.44 | FA47: 3078.44 | FB47: 3078.44 | FC47: 3078.44 | FD47: 3078.44 | FE47: 3078.44 | FF47: 3078.44 | FG47: 3078.44 | FH47: 3078.44 | FI47: 3078.44 | FJ47: 3078.44 | FK47: 3078.44 | FL47: 3078.44 | FM47: 3078.44 | FN47: 3078.44 | FO47: 3078.44 | FP47: 3078.44 | FQ47: 3078.44 | FR47: 3078.44 | FS47: 3078.44 | FT47: 3078.44 | FU47: 3078.44 | FV47: 3078.06 | FW47: 0 | FX47: 0 | FY47: 0 | FZ47: 0 | GA47: 0 | GB47: 0 | GC47: 0 | GD47: 0 | GE47: 0 | GF47: 0 | GG47: 0 | GH47: 0 | GI47: 135700
A48: 135691 | B48: =_xlfn.XLOOKUP(A48,[9]Planilha1!$L:$L,[9]Planilha1!$B:$B,,0) -> 6352 | C48: Victor Hugo Gomes Da Silva | D48: 029.838.141-90 | E48: 0.1003 | F48: SWISS PARK ANAPOLIS | G48: Swiss Park Zurich - Anápolis | H48: =VLOOKUP(B48,Elegibilidade!A:I,9,0) -> Elegível | I48: 149 | J48: 0 | K48: =NPV(0.8%,T48:GH48) -> 276013.07 | L48: =J48+K48 -> 276013.07 | M48: Adimplente | N48: =VLOOKUP(M48,Base!A:B,2,0)*L48 -> 276013.07 | O48: =NPV((1+12%)^(1/12)-1,T48:GH48) -> 252871.77 | P48: =Vendas!$J$1 -> 880.37366 | Q48: =VLOOKUP(A48,[10]FluxoFuturo!$A:$Q,17,0) -> 363.06 | R48: =P48*Q48 -> 319628.46 | S48: =O48/R48 -> 0.79114285 | T48: 3177.39 | U48: 3177.39 | V48: 3177.39 | W48: 3177.39 | X48: 3177.39 | Y48: 3177.39 | Z48: 3177.39 | AA48: 3177.39 | AB48: 3177.39 | AC48: 3177.39 | AD48: 3177.39 | AE48: 3177.39 | AF48: 3177.39 | AG48: 3177.39 | AH48: 3177.39 | AI48: 3177.39 | AJ48: 3177.39 | AK48: 3177.39 | AL48: 3177.39 | AM48: 3177.39 | AN48: 3177.39 | AO48: 3177.39 | AP48: 3177.39 | AQ48: 3177.39 | AR48: 3177.39 | AS48: 3177.39 | AT48: 3177.39 | AU48: 3177.39 | AV48: 3177.39 | AW48: 3177.39 | AX48: 3177.39 | AY48: 3177.39 | AZ48: 3177.39 | BA48: 3177.39 | BB48: 3177.39 | BC48: 3177.39 | BD48: 3177.39 | BE48: 3177.39 | BF48: 3177.39 | BG48: 3177.39 | BH48: 3177.39 | BI48: 3177.39 | BJ48: 3177.39 | BK48: 3177.39 | BL48: 3177.39 | BM48: 3177.39 | BN48: 3177.39 | BO48: 3177.39 | BP48: 3177.39 | BQ48: 3177.39 | BR48: 3177.39 | BS48: 3177.39 | BT48: 3177.39 | BU48: 3177.39 | BV48: 3177.39 | BW48: 3177.39 | BX48: 3177.39 | BY48: 3177.39 | BZ48: 3177.39 | CA48: 3177.39 | CB48: 3177.39 | CC48: 3177.39 | CD48: 3177.39 | CE48: 3177.39 | CF48: 3177.39 | CG48: 3177.39 | CH48: 3177.39 | CI48: 3177.39 | CJ48: 3177.39 | CK48: 3177.39 | CL48: 3177.39 | CM48: 3177.39 | CN48: 3177.39 | CO48: 3177.39 | CP48: 3177.39 | CQ48: 3177.39 | CR48: 3177.39 | CS48: 3177.39 | CT48: 3177.39 | CU48: 3177.39 | CV48: 3177.39 | CW48: 3177.39 | CX48: 3177.39 | CY48: 3177.39 | CZ48: 3177.39 | DA48: 3177.39 | DB48: 3177.39 | DC48: 3177.39 | DD48: 3177.39 | DE48: 3177.39 | DF48: 3177.39 | DG48: 3177.39 | DH48: 3177.39 | DI48: 3177.39 | DJ48: 3177.39 | DK48: 3177.39 | DL48: 3177.39 | DM48: 3177.39 | DN48: 3177.39 | DO48: 3177.39 | DP48: 3177.39 | DQ48: 3177.39 | DR48: 3177.39 | DS48: 3177.39 | DT48: 3177.39 | DU48: 3177.39 | DV48: 3177.39 | DW48: 3177.39 | DX48: 3177.39 | DY48: 3177.39 | DZ48: 3177.39 | EA48: 3177.39 | EB48: 3177.39 | EC48: 3177.39 | ED48: 3177.39 | EE48: 3177.39 | EF48: 3177.39 | EG48: 3177.39 | EH48: 3177.39 | EI48: 3177.39 | EJ48: 3177.39 | EK48: 3177.39 | EL48: 3177.39 | EM48: 3177.39 | EN48: 3177.39 | EO48: 3177.39 | EP48: 3177.39 | EQ48: 3177.39 | ER48: 3177.39 | ES48: 3177.39 | ET48: 3177.39 | EU48: 3177.39 | EV48: 3177.39 | EW48: 3177.39 | EX48: 3177.39 | EY48: 3177.39 | EZ48: 3177.39 | FA48: 3177.39 | FB48: 3177.39 | FC48: 3177.39 | FD48: 3177.39 | FE48: 3177.39 | FF48: 3177.39 | FG48: 3177.39 | FH48: 3177.39 | FI48: 3177.39 | FJ48: 3177.39 | FK48: 3177.39 | FL48: 3176.98 | FM48: 0 | FN48: 0 | FO48: 0 | FP48: 0 | FQ48: 0 | FR48: 0 | FS48: 0 | FT48: 0 | FU48: 0 | FV48: 0 | FW48: 0 | FX48: 0 | FY48: 0 | FZ48: 0 | GA48: 0 | GB48: 0 | GC48: 0 | GD48: 0 | GE48: 0 | GF48: 0 | GG48: 0 | GH48: 0 | GI48: 135691
A49: 135690 | B49: =_xlfn.XLOOKUP(A49,[9]Planilha1!$L:$L,[9]Planilha1!$B:$B,,0) -> 6353 | C49: Victor Hugo Gomes Da Silva | D49: 029.838.141-90 | E49: 0.1003 | F49: SWISS PARK ANAPOLIS | G49: Swiss Park Zurich - Anápolis | H49: =VLOOKUP(B49,Elegibilidade!A:I,9,0) -> Elegível | I49: 149 | J49: 0 | K49: =NPV(0.8%,T49:GH49) -> 274317.65 | L49: =J49+K49 -> 274317.65 | M49: Adimplente | N49: =VLOOKUP(M49,Base!A:B,2,0)*L49 -> 274317.65 | O49: =NPV((1+12%)^(1/12)-1,T49:GH49) -> 251318.47 | P49: =Vendas!$J$1 -> 880.37366 | Q49: =VLOOKUP(A49,[10]FluxoFuturo!$A:$Q,17,0) -> 360.83 | R49: =P49*Q49 -> 317665.23 | S49: =O49/R49 -> 0.79114253 | T49: 3157.87 | U49: 3157.87 | V49: 3157.87 | W49: 3157.87 | X49: 3157.87 | Y49: 3157.87 | Z49: 3157.87 | AA49: 3157.87 | AB49: 3157.87 | AC49: 3157.87 | AD49: 3157.87 | AE49: 3157.87 | AF49: 3157.87 | AG49: 3157.87 | AH49: 3157.87 | AI49: 3157.87 | AJ49: 3157.87 | AK49: 3157.87 | AL49: 3157.87 | AM49: 3157.87 | AN49: 3157.87 | AO49: 3157.87 | AP49: 3157.87 | AQ49: 3157.87 | AR49: 3157.87 | AS49: 3157.87 | AT49: 3157.87 | AU49: 3157.87 | AV49: 3157.87 | AW49: 3157.87 | AX49: 3157.87 | AY49: 3157.87 | AZ49: 3157.87 | BA49: 3157.87 | BB49: 3157.87 | BC49: 3157.87 | BD49: 3157.87 | BE49: 3157.87 | BF49: 3157.87 | BG49: 3157.87 | BH49: 3157.87 | BI49: 3157.87 | BJ49: 3157.87 | BK49: 3157.87 | BL49: 3157.87 | BM49: 3157.87 | BN49: 3157.87 | BO49: 3157.87 | BP49: 3157.87 | BQ49: 3157.87 | BR49: 3157.87 | BS49: 3157.87 | BT49: 3157.87 | BU49: 3157.87 | BV49: 3157.87 | BW49: 3157.87 | BX49: 3157.87 | BY49: 3157.87 | BZ49: 3157.87 | CA49: 3157.87 | CB49: 3157.87 | CC49: 3157.87 | CD49: 3157.87 | CE49: 3157.87 | CF49: 3157.87 | CG49: 3157.87 | CH49: 3157.87 | CI49: 3157.87 | CJ49: 3157.87 | CK49: 3157.87 | CL49: 3157.87 | CM49: 3157.87 | CN49: 3157.87 | CO49: 3157.87 | CP49: 3157.87 | CQ49: 3157.87 | CR49: 3157.87 | CS49: 3157.87 | CT49: 3157.87 | CU49: 3157.87 | CV49: 3157.87 | CW49: 3157.87 | CX49: 3157.87 | CY49: 3157.87 | CZ49: 3157.87 | DA49: 3157.87 | DB49: 3157.87 | DC49: 3157.87 | DD49: 3157.87 | DE49: 3157.87 | DF49: 3157.87 | DG49: 3157.87 | DH49: 3157.87 | DI49: 3157.87 | DJ49: 3157.87 | DK49: 3157.87 | DL49: 3157.87 | DM49: 3157.87 | DN49: 3157.87 | DO49: 3157.87 | DP49: 3157.87 | DQ49: 3157.87 | DR49: 3157.87 | DS49: 3157.87 | DT49: 3157.87 | DU49: 3157.87 | DV49: 3157.87 | DW49: 3157.87 | DX49: 3157.87 | DY49: 3157.87 | DZ49: 3157.87 | EA49: 3157.87 | EB49: 3157.87 | EC49: 3157.87 | ED49: 3157.87 | EE49: 3157.87 | EF49: 3157.87 | EG49: 3157.87 | EH49: 3157.87 | EI49: 3157.87 | EJ49: 3157.87 | EK49: 3157.87 | EL49: 3157.87 | EM49: 3157.87 | EN49: 3157.87 | EO49: 3157.87 | EP49: 3157.87 | EQ49: 3157.87 | ER49: 3157.87 | ES49: 3157.87 | ET49: 3157.87 | EU49: 3157.87 | EV49: 3157.87 | EW49: 3157.87 | EX49: 3157.87 | EY49: 3157.87 | EZ49: 3157.87 | FA49: 3157.87 | FB49: 3157.87 | FC49: 3157.87 | FD49: 3157.87 | FE49: 3157.87 | FF49: 3157.87 | FG49: 3157.87 | FH49: 3157.87 | FI49: 3157.87 | FJ49: 3157.87 | FK49: 3157.87 | FL49: 3158.25 | FM49: 0 | FN49: 0 | FO49: 0 | FP49: 0 | FQ49: 0 | FR49: 0 | FS49: 0 | FT49: 0 | FU49: 0 | FV49: 0 | FW49: 0 | FX49: 0 | FY49: 0 | FZ49: 0 | GA49: 0 | GB49: 0 | GC49: 0 | GD49: 0 | GE49: 0 | GF49: 0 | GG49: 0 | GH49: 0 | GI49: 135690
A50: 135685 | B50: =_xlfn.XLOOKUP(A50,[9]Planilha1!$L:$L,[9]Planilha1!$B:$B,,0) -> 6351 | C50: Sidney Humberto De Souza | D50: 015.841.711-97 | E50: 0.1003 | F50: SWISS PARK ANAPOLIS | G50: Swiss Park Zurich - Anápolis | H50: =VLOOKUP(B50,Elegibilidade!A:I,9,0) -> Elegível | I50: 149 | J50: 0 | K50: =NPV(0.8%,T50:GH50) -> 273686.75 | L50: =J50+K50 -> 273686.75 | M50: Adimplente | N50: =VLOOKUP(M50,Base!A:B,2,0)*L50 -> 273686.75 | O50: =NPV((1+12%)^(1/12)-1,T50:GH50) -> 250740.49 | P50: =Vendas!$J$1 -> 880.37366 | Q50: =VLOOKUP(A50,[10]FluxoFuturo!$A:$Q,17,0) -> 360 | R50: =P50*Q50 -> 316934.52 | S50: =O50/R50 -> 0.7911429 | T50: 3150.61 | U50: 3150.61 | V50: 3150.61 | W50: 3150.61 | X50: 3150.61 | Y50: 3150.61 | Z50: 3150.61 | AA50: 3150.61 | AB50: 3150.61 | AC50: 3150.61 | AD50: 3150.61 | AE50: 3150.61 | AF50: 3150.61 | AG50: 3150.61 | AH50: 3150.61 | AI50: 3150.61 | AJ50: 3150.61 | AK50: 3150.61 | AL50: 3150.61 | AM50: 3150.61 | AN50: 3150.61 | AO50: 3150.61 | AP50: 3150.61 | AQ50: 3150.61 | AR50: 3150.61 | AS50: 3150.61 | AT50: 3150.61 | AU50: 3150.61 | AV50: 3150.61 | AW50: 3150.61 | AX50: 3150.61 | AY50: 3150.61 | AZ50: 3150.61 | BA50: 3150.61 | BB50: 3150.61 | BC50: 3150.61 | BD50: 3150.61 | BE50: 3150.61 | BF50: 3150.61 | BG50: 3150.61 | BH50: 3150.61 | BI50: 3150.61 | BJ50: 3150.61 | BK50: 3150.61 | BL50: 3150.61 | BM50: 3150.61 | BN50: 3150.61 | BO50: 3150.61 | BP50: 3150.61 | BQ50: 3150.61 | BR50: 3150.61 | BS50: 3150.61 | BT50: 3150.61 | BU50: 3150.61 | BV50: 3150.61 | BW50: 3150.61 | BX50: 3150.61 | BY50: 3150.61 | BZ50: 3150.61 | CA50: 3150.61 | CB50: 3150.61 | CC50: 3150.61 | CD50: 3150.61 | CE50: 3150.61 | CF50: 3150.61 | CG50: 3150.61 | CH50: 3150.61 | CI50: 3150.61 | CJ50: 3150.61 | CK50: 3150.61 | CL50: 3150.61 | CM50: 3150.61 | CN50: 3150.61 | CO50: 3150.61 | CP50: 3150.61 | CQ50: 3150.61 | CR50: 3150.61 | CS50: 3150.61 | CT50: 3150.61 | CU50: 3150.61 | CV50: 3150.61 | CW50: 3150.61 | CX50: 3150.61 | CY50: 3150.61 | CZ50: 3150.61 | DA50: 3150.61 | DB50: 3150.61 | DC50: 3150.61 | DD50: 3150.61 | DE50: 3150.61 | DF50: 3150.61 | DG50: 3150.61 | DH50: 3150.61 | DI50: 3150.61 | DJ50: 3150.61 | DK50: 3150.61 | DL50: 3150.61 | DM50: 3150.61 | DN50: 3150.61 | DO50: 3150.61 | DP50: 3150.61 | DQ50: 3150.61 | DR50: 3150.61 | DS50: 3150.61 | DT50: 3150.61 | DU50: 3150.61 | DV50: 3150.61 | DW50: 3150.61 | DX50: 3150.61 | DY50: 3150.61 | DZ50: 3150.61 | EA50: 3150.61 | EB50: 3150.61 | EC50: 3150.61 | ED50: 3150.61 | EE50: 3150.61 | EF50: 3150.61 | EG50: 3150.61 | EH50: 3150.61 | EI50: 3150.61 | EJ50: 3150.61 | EK50: 3150.61 | EL50: 3150.61 | EM50: 3150.61 | EN50: 3150.61 | EO50: 3150.61 | EP50: 3150.61 | EQ50: 3150.61 | ER50: 3150.61 | ES50: 3150.61 | ET50: 3150.61 | EU50: 3150.61 | EV50: 3150.61 | EW50: 3150.61 | EX50: 3150.61 | EY50: 3150.61 | EZ50: 3150.61 | FA50: 3150.61 | FB50: 3150.61 | FC50: 3150.61 | FD50: 3150.61 | FE50: 3150.61 | FF50: 3150.61 | FG50: 3150.61 | FH50: 3150.61 | FI50: 3150.61 | FJ50: 3150.61 | FK50: 3150.61 | FL50: 3150.2 | FM50: 0 | FN50: 0 | FO50: 0 | FP50: 0 | FQ50: 0 | FR50: 0 | FS50: 0 | FT50: 0 | FU50: 0 | FV50: 0 | FW50: 0 | FX50: 0 | FY50: 0 | FZ50: 0 | GA50: 0 | GB50: 0 | GC50: 0 | GD50: 0 | GE50: 0 | GF50: 0 | GG50: 0 | GH50: 0 | GI50: 135685
A51: 135628 | B51: =_xlfn.XLOOKUP(A51,[9]Planilha1!$L:$L,[9]Planilha1!$B:$B,,0) -> 6389 | C51: Dennys Augusto De Novais Monteiro | D51: 000.885.031-35 | E51: 0.1003 | F51: SWISS PARK ANAPOLIS | G51: Swiss Park Zurich - Anápolis | H51: =VLOOKUP(B51,Elegibilidade!A:I,9,0) -> Elegível | I51: 149 | J51: 0 | K51: =NPV(0.8%,T51:GH51) -> 273686.75 | L51: =J51+K51 -> 273686.75 | M51: Adimplente | N51: =VLOOKUP(M51,Base!A:B,2,0)*L51 -> 273686.75 | O51: =NPV((1+12%)^(1/12)-1,T51:GH51) -> 250740.49 | P51: =Vendas!$J$1 -> 880.37366 | Q51: =VLOOKUP(A51,[10]FluxoFuturo!$A:$Q,17,0) -> 360 | R51: =P51*Q51 -> 316934.52 | S51: =O51/R51 -> 0.7911429 | T51: 3150.61 | U51: 3150.61 | V51: 3150.61 | W51: 3150.61 | X51: 3150.61 | Y51: 3150.61 | Z51: 3150.61 | AA51: 3150.61 | AB51: 3150.61 | AC51: 3150.61 | AD51: 3150.61 | AE51: 3150.61 | AF51: 3150.61 | AG51: 3150.61 | AH51: 3150.61 | AI51: 3150.61 | AJ51: 3150.61 | AK51: 3150.61 | AL51: 3150.61 | AM51: 3150.61 | AN51: 3150.61 | AO51: 3150.61 | AP51: 3150.61 | AQ51: 3150.61 | AR51: 3150.61 | AS51: 3150.61 | AT51: 3150.61 | AU51: 3150.61 | AV51: 3150.61 | AW51: 3150.61 | AX51: 3150.61 | AY51: 3150.61 | AZ51: 3150.61 | BA51: 3150.61 | BB51: 3150.61 | BC51: 3150.61 | BD51: 3150.61 | BE51: 3150.61 | BF51: 3150.61 | BG51: 3150.61 | BH51: 3150.61 | BI51: 3150.61 | BJ51: 3150.61 | BK51: 3150.61 | BL51: 3150.61 | BM51: 3150.61 | BN51: 3150.61 | BO51: 3150.61 | BP51: 3150.61 | BQ51: 3150.61 | BR51: 3150.61 | BS51: 3150.61 | BT51: 3150.61 | BU51: 3150.61 | BV51: 3150.61 | BW51: 3150.61 | BX51: 3150.61 | BY51: 3150.61 | BZ51: 3150.61 | CA51: 3150.61 | CB51: 3150.61 | CC51: 3150.61 | CD51: 3150.61 | CE51: 3150.61 | CF51: 3150.61 | CG51: 3150.61 | CH51: 3150.61 | CI51: 3150.61 | CJ51: 3150.61 | CK51: 3150.61 | CL51: 3150.61 | CM51: 3150.61 | CN51: 3150.61 | CO51: 3150.61 | CP51: 3150.61 | CQ51: 3150.61 | CR51: 3150.61 | CS51: 3150.61 | CT51: 3150.61 | CU51: 3150.61 | CV51: 3150.61 | CW51: 3150.61 | CX51: 3150.61 | CY51: 3150.61 | CZ51: 3150.61 | DA51: 3150.61 | DB51: 3150.61 | DC51: 3150.61 | DD51: 3150.61 | DE51: 3150.61 | DF51: 3150.61 | DG51: 3150.61 | DH51: 3150.61 | DI51: 3150.61 | DJ51: 3150.61 | DK51: 3150.61 | DL51: 3150.61 | DM51: 3150.61 | DN51: 3150.61 | DO51: 3150.61 | DP51: 3150.61 | DQ51: 3150.61 | DR51: 3150.61 | DS51: 3150.61 | DT51: 3150.61 | DU51: 3150.61 | DV51: 3150.61 | DW51: 3150.61 | DX51: 3150.61 | DY51: 3150.61 | DZ51: 3150.61 | EA51: 3150.61 | EB51: 3150.61 | EC51: 3150.61 | ED51: 3150.61 | EE51: 3150.61 | EF51: 3150.61 | EG51: 3150.61 | EH51: 3150.61 | EI51: 3150.61 | EJ51: 3150.61 | EK51: 3150.61 | EL51: 3150.61 | EM51: 3150.61 | EN51: 3150.61 | EO51: 3150.61 | EP51: 3150.61 | EQ51: 3150.61 | ER51: 3150.61 | ES51: 3150.61 | ET51: 3150.61 | EU51: 3150.61 | EV51: 3150.61 | EW51: 3150.61 | EX51: 3150.61 | EY51: 3150.61 | EZ51: 3150.61 | FA51: 3150.61 | FB51: 3150.61 | FC51: 3150.61 | FD51: 3150.61 | FE51: 3150.61 | FF51: 3150.61 | FG51: 3150.61 | FH51: 3150.61 | FI51: 3150.61 | FJ51: 3150.61 | FK51: 3150.61 | FL51: 3150.2 | FM51: 0 | FN51: 0 | FO51: 0 | FP51: 0 | FQ51: 0 | FR51: 0 | FS51: 0 | FT51: 0 | FU51: 0 | FV51: 0 | FW51: 0 | FX51: 0 | FY51: 0 | FZ51: 0 | GA51: 0 | GB51: 0 | GC51: 0 | GD51: 0 | GE51: 0 | GF51: 0 | GG51: 0 | GH51: 0 | GI51: 135628
A52: 135632 | B52: =_xlfn.XLOOKUP(A52,[9]Planilha1!$L:$L,[9]Planilha1!$B:$B,,0) -> 6377 | C52: Emerson Moura Rodrigues | D52: 021.428.271-60 | E52: 0.1003 | F52: SWISS PARK ANAPOLIS | G52: Swiss Park Zurich - Anápolis | H52: =VLOOKUP(B52,Elegibilidade!A:I,9,0) -> Elegível | I52: 149 | J52: 0 | K52: =NPV(0.8%,T52:GH52) -> 273686.74 | L52: =J52+K52 -> 273686.74 | M52: Adimplente | N52: =VLOOKUP(M52,Base!A:B,2,0)*L52 -> 273686.74 | O52: =NPV((1+12%)^(1/12)-1,T52:GH52) -> 250740.49 | P52: =Vendas!$J$1 -> 880.37366 | Q52: =VLOOKUP(A52,[10]FluxoFuturo!$A:$Q,17,0) -> 360 | R52: =P52*Q52 -> 316934.52 | S52: =O52/R52 -> 0.79114289 | T52: 3150.61 | U52: 3150.61 | V52: 3150.61 | W52: 3150.61 | X52: 3150.61 | Y52: 3150.61 | Z52: 3150.61 | AA52: 3150.61 | AB52: 3150.61 | AC52: 3150.61 | AD52: 3150.61 | AE52: 3150.61 | AF52: 3150.61 | AG52: 3150.61 | AH52: 3150.61 | AI52: 3150.61 | AJ52: 3150.61 | AK52: 3150.61 | AL52: 3150.61 | AM52: 3150.61 | AN52: 3150.61 | AO52: 3150.61 | AP52: 3150.61 | AQ52: 3150.61 | AR52: 3150.61 | AS52: 3150.61 | AT52: 3150.61 | AU52: 3150.61 | AV52: 3150.61 | AW52: 3150.61 | AX52: 3150.61 | AY52: 3150.61 | AZ52: 3150.61 | BA52: 3150.61 | BB52: 3150.61 | BC52: 3150.61 | BD52: 3150.61 | BE52: 3150.61 | BF52: 3150.61 | BG52: 3150.61 | BH52: 3150.61 | BI52: 3150.61 | BJ52: 3150.61 | BK52: 3150.61 | BL52: 3150.61 | BM52: 3150.61 | BN52: 3150.61 | BO52: 3150.61 | BP52: 3150.61 | BQ52: 3150.61 | BR52: 3150.61 | BS52: 3150.61 | BT52: 3150.61 | BU52: 3150.61 | BV52: 3150.61 | BW52: 3150.61 | BX52: 3150.61 | BY52: 3150.61 | BZ52: 3150.61 | CA52: 3150.61 | CB52: 3150.61 | CC52: 3150.61 | CD52: 3150.61 | CE52: 3150.61 | CF52: 3150.61 | CG52: 3150.61 | CH52: 3150.61 | CI52: 3150.61 | CJ52: 3150.61 | CK52: 3150.61 | CL52: 3150.61 | CM52: 3150.61 | CN52: 3150.61 | CO52: 3150.61 | CP52: 3150.61 | CQ52: 3150.61 | CR52: 3150.61 | CS52: 3150.61 | CT52: 3150.61 | CU52: 3150.61 | CV52: 3150.61 | CW52: 3150.61 | CX52: 3150.61 | CY52: 3150.61 | CZ52: 3150.61 | DA52: 3150.61 | DB52: 3150.61 | DC52: 3150.61 | DD52: 3150.61 | DE52: 3150.61 | DF52: 3150.61 | DG52: 3150.61 | DH52: 3150.61 | DI52: 3150.61 | DJ52: 3150.61 | DK52: 3150.61 | DL52: 3150.61 | DM52: 3150.61 | DN52: 3150.61 | DO52: 3150.61 | DP52: 3150.61 | DQ52: 3150.61 | DR52: 3150.61 | DS52: 3150.61 | DT52: 3150.61 | DU52: 3150.61 | DV52: 3150.61 | DW52: 3150.61 | DX52: 3150.61 | DY52: 3150.61 | DZ52: 3150.61 | EA52: 3150.61 | EB52: 3150.61 | EC52: 3150.61 | ED52: 3150.61 | EE52: 3150.61 | EF52: 3150.61 | EG52: 3150.61 | EH52: 3150.61 | EI52: 3150.61 | EJ52: 3150.61 | EK52: 3150.61 | EL52: 3150.61 | EM52: 3150.61 | EN52: 3150.61 | EO52: 3150.61 | EP52: 3150.61 | EQ52: 3150.61 | ER52: 3150.61 | ES52: 3150.61 | ET52: 3150.61 | EU52: 3150.61 | EV52: 3150.61 | EW52: 3150.61 | EX52: 3150.61 | EY52: 3150.61 | EZ52: 3150.61 | FA52: 3150.61 | FB52: 3150.61 | FC52: 3150.61 | FD52: 3150.61 | FE52: 3150.61 | FF52: 3150.61 | FG52: 3150.61 | FH52: 3150.61 | FI52: 3150.61 | FJ52: 3150.61 | FK52: 3150.61 | FL52: 3150.19 | FM52: 0 | FN52: 0 | FO52: 0 | FP52: 0 | FQ52: 0 | FR52: 0 | FS52: 0 | FT52: 0 | FU52: 0 | FV52: 0 | FW52: 0 | FX52: 0 | FY52: 0 | FZ52: 0 | GA52: 0 | GB52: 0 | GC52: 0 | GD52: 0 | GE52: 0 | GF52: 0 | GG52: 0 | GH52: 0 | GI52: 135632
A53: 135631 | B53: =_xlfn.XLOOKUP(A53,[9]Planilha1!$L:$L,[9]Planilha1!$B:$B,,0) -> 6403 | C53: Eliane Pereira Dos Santos | D53: 216.043.801-44 | E53: 0.1003 | F53: SWISS PARK ANAPOLIS | G53: Swiss Park Zurich - Anápolis | H53: =VLOOKUP(B53,Elegibilidade!A:I,9,0) -> Elegível | I53: 149 | J53: 0 | K53: =NPV(0.8%,T53:GH53) -> 273686.74 | L53: =J53+K53 -> 273686.74 | M53: Adimplente | N53: =VLOOKUP(M53,Base!A:B,2,0)*L53 -> 273686.74 | O53: =NPV((1+12%)^(1/12)-1,T53:GH53) -> 250740.49 | P53: =Vendas!$J$1 -> 880.37366 | Q53: =VLOOKUP(A53,[10]FluxoFuturo!$A:$Q,17,0) -> 360 | R53: =P53*Q53 -> 316934.52 | S53: =O53/R53 -> 0.79114289 | T53: 3150.61 | U53: 3150.61 | V53: 3150.61 | W53: 3150.61 | X53: 3150.61 | Y53: 3150.61 | Z53: 3150.61 | AA53: 3150.61 | AB53: 3150.61 | AC53: 3150.61 | AD53: 3150.61 | AE53: 3150.61 | AF53: 3150.61 | AG53: 3150.61 | AH53: 3150.61 | AI53: 3150.61 | AJ53: 3150.61 | AK53: 3150.61 | AL53: 3150.61 | AM53: 3150.61 | AN53: 3150.61 | AO53: 3150.61 | AP53: 3150.61 | AQ53: 3150.61 | AR53: 3150.61 | AS53: 3150.61 | AT53: 3150.61 | AU53: 3150.61 | AV53: 3150.61 | AW53: 3150.61 | AX53: 3150.61 | AY53: 3150.61 | AZ53: 3150.61 | BA53: 3150.61 | BB53: 3150.61 | BC53: 3150.61 | BD53: 3150.61 | BE53: 3150.61 | BF53: 3150.61 | BG53: 3150.61 | BH53: 3150.61 | BI53: 3150.61 | BJ53: 3150.61 | BK53: 3150.61 | BL53: 3150.61 | BM53: 3150.61 | BN53: 3150.61 | BO53: 3150.61 | BP53: 3150.61 | BQ53: 3150.61 | BR53: 3150.61 | BS53: 3150.61 | BT53: 3150.61 | BU53: 3150.61 | BV53: 3150.61 | BW53: 3150.61 | BX53: 3150.61 | BY53: 3150.61 | BZ53: 3150.61 | CA53: 3150.61 | CB53: 3150.61 | CC53: 3150.61 | CD53: 3150.61 | CE53: 3150.61 | CF53: 3150.61 | CG53: 3150.61 | CH53: 3150.61 | CI53: 3150.61 | CJ53: 3150.61 | CK53: 3150.61 | CL53: 3150.61 | CM53: 3150.61 | CN53: 3150.61 | CO53: 3150.61 | CP53: 3150.61 | CQ53: 3150.61 | CR53: 3150.61 | CS53: 3150.61 | CT53: 3150.61 | CU53: 3150.61 | CV53: 3150.61 | CW53: 3150.61 | CX53: 3150.61 | CY53: 3150.61 | CZ53: 3150.61 | DA53: 3150.61 | DB53: 3150.61 | DC53: 3150.61 | DD53: 3150.61 | DE53: 3150.61 | DF53: 3150.61 | DG53: 3150.61 | DH53: 3150.61 | DI53: 3150.61 | DJ53: 3150.61 | DK53: 3150.61 | DL53: 3150.61 | DM53: 3150.61 | DN53: 3150.61 | DO53: 3150.61 | DP53: 3150.61 | DQ53: 3150.61 | DR53: 3150.61 | DS53: 3150.61 | DT53: 3150.61 | DU53: 3150.61 | DV53: 3150.61 | DW53: 3150.61 | DX53: 3150.61 | DY53: 3150.61 | DZ53: 3150.61 | EA53: 3150.61 | EB53: 3150.61 | EC53: 3150.61 | ED53: 3150.61 | EE53: 3150.61 | EF53: 3150.61 | EG53: 3150.61 | EH53: 3150.61 | EI53: 3150.61 | EJ53: 3150.61 | EK53: 3150.61 | EL53: 3150.61 | EM53: 3150.61 | EN53: 3150.61 | EO53: 3150.61 | EP53: 3150.61 | EQ53: 3150.61 | ER53: 3150.61 | ES53: 3150.61 | ET53: 3150.61 | EU53: 3150.61 | EV53: 3150.61 | EW53: 3150.61 | EX53: 3150.61 | EY53: 3150.61 | EZ53: 3150.61 | FA53: 3150.61 | FB53: 3150.61 | FC53: 3150.61 | FD53: 3150.61 | FE53: 3150.61 | FF53: 3150.61 | FG53: 3150.61 | FH53: 3150.61 | FI53: 3150.61 | FJ53: 3150.61 | FK53: 3150.61 | FL53: 3150.19 | FM53: 0 | FN53: 0 | FO53: 0 | FP53: 0 | FQ53: 0 | FR53: 0 | FS53: 0 | FT53: 0 | FU53: 0 | FV53: 0 | FW53: 0 | FX53: 0 | FY53: 0 | FZ53: 0 | GA53: 0 | GB53: 0 | GC53: 0 | GD53: 0 | GE53: 0 | GF53: 0 | GG53: 0 | GH53: 0 | GI53: 135631
A54: 135680 | B54: =_xlfn.XLOOKUP(A54,[9]Planilha1!$L:$L,[9]Planilha1!$B:$B,,0) -> 6372 | C54: Renan Santos Portes | D54: 009.517.511-31 | E54: 0.1003 | F54: SWISS PARK ANAPOLIS | G54: Swiss Park Zurich - Anápolis | H54: =VLOOKUP(B54,Elegibilidade!A:I,9,0) -> Elegível | I54: 148 | J54: 0 | K54: =NPV(0.8%,T54:GH54) -> 272725.76 | L54: =J54+K54 -> 272725.76 | M54: Adimplente | N54: =VLOOKUP(M54,Base!A:B,2,0)*L54 -> 272725.76 | O54: =NPV((1+12%)^(1/12)-1,T54:GH54) -> 249969.21 | P54: =Vendas!$J$1 -> 880.37366 | Q54: =VLOOKUP(A54,[10]FluxoFuturo!$A:$Q,17,0) -> 360 | R54: =P54*Q54 -> 316934.52 | S54: =O54/R54 -> 0.78870932 | T54: 3150.61 | U54: 3150.61 | V54: 3150.61 | W54: 3150.61 | X54: 3150.61 | Y54: 3150.61 | Z54: 3150.61 | AA54: 3150.61 | AB54: 3150.61 | AC54: 3150.61 | AD54: 3150.61 | AE54: 3150.61 | AF54: 3150.61 | AG54: 3150.61 | AH54: 3150.61 | AI54: 3150.61 | AJ54: 3150.61 | AK54: 3150.61 | AL54: 3150.61 | AM54: 3150.61 | AN54: 3150.61 | AO54: 3150.61 | AP54: 3150.61 | AQ54: 3150.61 | AR54: 3150.61 | AS54: 3150.61 | AT54: 3150.61 | AU54: 3150.61 | AV54: 3150.61 | AW54: 3150.61 | AX54: 3150.61 | AY54: 3150.61 | AZ54: 3150.61 | BA54: 3150.61 | BB54: 3150.61 | BC54: 3150.61 | BD54: 3150.61 | BE54: 3150.61 | BF54: 3150.61 | BG54: 3150.61 | BH54: 3150.61 | BI54: 3150.61 | BJ54: 3150.61 | BK54: 3150.61 | BL54: 3150.61 | BM54: 3150.61 | BN54: 3150.61 | BO54: 3150.61 | BP54: 3150.61 | BQ54: 3150.61 | BR54: 3150.61 | BS54: 3150.61 | BT54: 3150.61 | BU54: 3150.61 | BV54: 3150.61 | BW54: 3150.61 | BX54: 3150.61 | BY54: 3150.61 | BZ54: 3150.61 | CA54: 3150.61 | CB54: 3150.61 | CC54: 3150.61 | CD54: 3150.61 | CE54: 3150.61 | CF54: 3150.61 | CG54: 3150.61 | CH54: 3150.61 | CI54: 3150.61 | CJ54: 3150.61 | CK54: 3150.61 | CL54: 3150.61 | CM54: 3150.61 | CN54: 3150.61 | CO54: 3150.61 | CP54: 3150.61 | CQ54: 3150.61 | CR54: 3150.61 | CS54: 3150.61 | CT54: 3150.61 | CU54: 3150.61 | CV54: 3150.61 | CW54: 3150.61 | CX54: 3150.61 | CY54: 3150.61 | CZ54: 3150.61 | DA54: 3150.61 | DB54: 3150.61 | DC54: 3150.61 | DD54: 3150.61 | DE54: 3150.61 | DF54: 3150.61 | DG54: 3150.61 | DH54: 3150.61 | DI54: 3150.61 | DJ54: 3150.61 | DK54: 3150.61 | DL54: 3150.61 | DM54: 3150.61 | DN54: 3150.61 | DO54: 3150.61 | DP54: 3150.61 | DQ54: 3150.61 | DR54: 3150.61 | DS54: 3150.61 | DT54: 3150.61 | DU54: 3150.61 | DV54: 3150.61 | DW54: 3150.61 | DX54: 3150.61 | DY54: 3150.61 | DZ54: 3150.61 | EA54: 3150.61 | EB54: 3150.61 | EC54: 3150.61 | ED54: 3150.61 | EE54: 3150.61 | EF54: 3150.61 | EG54: 3150.61 | EH54: 3150.61 | EI54: 3150.61 | EJ54: 3150.61 | EK54: 3150.61 | EL54: 3150.61 | EM54: 3150.61 | EN54: 3150.61 | EO54: 3150.61 | EP54: 3150.61 | EQ54: 3150.61 | ER54: 3150.61 | ES54: 3150.61 | ET54: 3150.61 | EU54: 3150.61 | EV54: 3150.61 | EW54: 3150.61 | EX54: 3150.61 | EY54: 3150.61 | EZ54: 3150.61 | FA54: 3150.61 | FB54: 3150.61 | FC54: 3150.61 | FD54: 3150.61 | FE54: 3150.61 | FF54: 3150.61 | FG54: 3150.61 | FH54: 3150.61 | FI54: 3150.61 | FJ54: 3150.61 | FK54: 3150.61 | FL54: 0 | FM54: 0 | FN54: 0 | FO54: 0 | FP54: 0 | FQ54: 0 | FR54: 0 | FS54: 0 | FT54: 0 | FU54: 0 | FV54: 0 | FW54: 0 | FX54: 0 | FY54: 0 | FZ54: 0 | GA54: 0 | GB54: 0 | GC54: 0 | GD54: 0 | GE54: 0 | GF54: 0 | GG54: 0 | GH54: 0 | GI54: 135680
A55: 135630 | B55: =_xlfn.XLOOKUP(A55,[9]Planilha1!$L:$L,[9]Planilha1!$B:$B,,0) -> 6446 | C55: Eder De Souza Ramos | D55: 001.564.331-09 | E55: 0 | F55: SWISS PARK ANAPOLIS | G55: Swiss Park Zurich - Anápolis | H55: =VLOOKUP(B55,Elegibilidade!A:I,9,0) -> Elegível | I55: 27 | J55: 0 | K55: =SUM(T55:GH55) -> 267597.6 | L55: =J55+K55 -> 267597.6 | M55: Adimplente | N55: =VLOOKUP(M55,Base!A:B,2,0)*L55 -> 267597.6 | O55: =NPV((1+12%)^(1/12)-1,T55:GH55) -> 235090.73 | P55: =Vendas!$J$1 -> 880.37366 | Q55: =VLOOKUP(A55,[10]FluxoFuturo!$A:$Q,17,0) -> 402.17 | R55: =P55*Q55 -> 354059.88 | S55: =O55/R55 -> 0.66398579 | T55: 9911.02 | U55: 9911.02 | V55: 9911.02 | W55: 9911.02 | X55: 9911.02 | Y55: 9911.02 | Z55: 9911.02 | AA55: 9911.02 | AB55: 9911.02 | AC55: 9911.02 | AD55: 9911.02 | AE55: 9911.02 | AF55: 9911.02 | AG55: 9911.02 | AH55: 9911.02 | AI55: 9911.02 | AJ55: 9911.02 | AK55: 9911.02 | AL55: 9911.02 | AM55: 9911.02 | AN55: 9911.02 | AO55: 9911.02 | AP55: 9911.02 | AQ55: 9911.02 | AR55: 9911.02 | AS55: 9911.02 | AT55: 9911.08 | AU55: 0 | AV55: 0 | AW55: 0 | AX55: 0 | AY55: 0 | AZ55: 0 | BA55: 0 | BB55: 0 | BC55: 0 | BD55: 0 | BE55: 0 | BF55: 0 | BG55: 0 | BH55: 0 | BI55: 0 | BJ55: 0 | BK55: 0 | BL55: 0 | BM55: 0 | BN55: 0 | BO55: 0 | BP55: 0 | BQ55: 0 | BR55: 0 | BS55: 0 | BT55: 0 | BU55: 0 | BV55: 0 | BW55: 0 | BX55: 0 | BY55: 0 | BZ55: 0 | CA55: 0 | CB55: 0 | CC55: 0 | CD55: 0 | CE55: 0 | CF55: 0 | CG55: 0 | CH55: 0 | CI55: 0 | CJ55: 0 | CK55: 0 | CL55: 0 | CM55: 0 | CN55: 0 | CO55: 0 | CP55: 0 | CQ55: 0 | CR55: 0 | CS55: 0 | CT55: 0 | CU55: 0 | CV55: 0 | CW55: 0 | CX55: 0 | CY55: 0 | CZ55: 0 | DA55: 0 | DB55: 0 | DC55: 0 | DD55: 0 | DE55: 0 | DF55: 0 | DG55: 0 | DH55: 0 | DI55: 0 | DJ55: 0 | DK55: 0 | DL55: 0 | DM55: 0 | DN55: 0 | DO55: 0 | DP55: 0 | DQ55: 0 | DR55: 0 | DS55: 0 | DT55: 0 | DU55: 0 | DV55: 0 | DW55: 0 | DX55: 0 | DY55: 0 | DZ55: 0 | EA55: 0 | EB55: 0 | EC55: 0 | ED55: 0 | EE55: 0 | EF55: 0 | EG55: 0 | EH55: 0 | EI55: 0 | EJ55: 0 | EK55: 0 | EL55: 0 | EM55: 0 | EN55: 0 | EO55: 0 | EP55: 0 | EQ55: 0 | ER55: 0 | ES55: 0 | ET55: 0 | EU55: 0 | EV55: 0 | EW55: 0 | EX55: 0 | EY55: 0 | EZ55: 0 | FA55: 0 | FB55: 0 | FC55: 0 | FD55: 0 | FE55: 0 | FF55: 0 | FG55: 0 | FH55: 0 | FI55: 0 | FJ55: 0 | FK55: 0 | FL55: 0 | FM55: 0 | FN55: 0 | FO55: 0 | FP55: 0 | FQ55: 0 | FR55: 0 | FS55: 0 | FT55: 0 | FU55: 0 | FV55: 0 | FW55: 0 | FX55: 0 | FY55: 0 | FZ55: 0 | GA55: 0 | GB55: 0 | GC55: 0 | GD55: 0 | GE55: 0 | GF55: 0 | GG55: 0 | GH55: 0 | GI55: 135630
A56: 135921 | B56: =_xlfn.XLOOKUP(A56,[9]Planilha1!$L:$L,[9]Planilha1!$B:$B,,0) -> 6492 | C56: Elizabeth De Souza Santos | D56: 865.149.381-91 | E56: 0 | F56: SWISS PARK ANAPOLIS | G56: Swiss Park Zurich - Anápolis | H56: =VLOOKUP(B56,Elegibilidade!A:I,9,0) -> Elegível | I56: 32 | J56: 0 | K56: =SUM(T56:GH56) -> 263074.24 | L56: =J56+K56 -> 263074.24 | M56: Adimplente | N56: =VLOOKUP(M56,Base!A:B,2,0)*L56 -> 263074.24 | O56: =NPV((1+12%)^(1/12)-1,T56:GH56) -> 225971.34 | P56: =Vendas!$J$1 -> 880.37366 | Q56: =VLOOKUP(A56,[10]FluxoFuturo!$A:$Q,17,0) -> 360 | R56: =P56*Q56 -> 316934.52 | S56: =O56/R56 -> 0.71299062 | T56: 8221.07 | U56: 8221.07 | V56: 8221.07 | W56: 8221.07 | X56: 8221.07 | Y56: 8221.07 | Z56: 8221.07 | AA56: 8221.07 | AB56: 8221.07 | AC56: 8221.07 | AD56: 8221.07 | AE56: 8221.07 | AF56: 8221.07 | AG56: 8221.07 | AH56: 8221.07 | AI56: 8221.07 | AJ56: 8221.07 | AK56: 8221.07 | AL56: 8221.07 | AM56: 8221.07 | AN56: 8221.07 | AO56: 8221.07 | AP56: 8221.07 | AQ56: 8221.07 | AR56: 8221.07 | AS56: 8221.07 | AT56: 8221.07 | AU56: 8221.07 | AV56: 8221.07 | AW56: 8221.07 | AX56: 8221.07 | AY56: 8221.07 | AZ56: 0 | BA56: 0 | BB56: 0 | BC56: 0 | BD56: 0 | BE56: 0 | BF56: 0 | BG56: 0 | BH56: 0 | BI56: 0 | BJ56: 0 | BK56: 0 | BL56: 0 | BM56: 0 | BN56: 0 | BO56: 0 | BP56: 0 | BQ56: 0 | BR56: 0 | BS56: 0 | BT56: 0 | BU56: 0 | BV56: 0 | BW56: 0 | BX56: 0 | BY56: 0 | BZ56: 0 | CA56: 0 | CB56: 0 | CC56: 0 | CD56: 0 | CE56: 0 | CF56: 0 | CG56: 0 | CH56: 0 | CI56: 0 | CJ56: 0 | CK56: 0 | CL56: 0 | CM56: 0 | CN56: 0 | CO56: 0 | CP56: 0 | CQ56: 0 | CR56: 0 | CS56: 0 | CT56: 0 | CU56: 0 | CV56: 0 | CW56: 0 | CX56: 0 | CY56: 0 | CZ56: 0 | DA56: 0 | DB56: 0 | DC56: 0 | DD56: 0 | DE56: 0 | DF56: 0 | DG56: 0 | DH56: 0 | DI56: 0 | DJ56: 0 | DK56: 0 | DL56: 0 | DM56: 0 | DN56: 0 | DO56: 0 | DP56: 0 | DQ56: 0 | DR56: 0 | DS56: 0 | DT56: 0 | DU56: 0 | DV56: 0 | DW56: 0 | DX56: 0 | DY56: 0 | DZ56: 0 | EA56: 0 | EB56: 0 | EC56: 0 | ED56: 0 | EE56: 0 | EF56: 0 | EG56: 0 | EH56: 0 | EI56: 0 | EJ56: 0 | EK56: 0 | EL56: 0 | EM56: 0 | EN56: 0 | EO56: 0 | EP56: 0 | EQ56: 0 | ER56: 0 | ES56: 0 | ET56: 0 | EU56: 0 | EV56: 0 | EW56: 0 | EX56: 0 | EY56: 0 | EZ56: 0 | FA56: 0 | FB56: 0 | FC56: 0 | FD56: 0 | FE56: 0 | FF56: 0 | FG56: 0 | FH56: 0 | FI56: 0 | FJ56: 0 | FK56: 0 | FL56: 0 | FM56: 0 | FN56: 0 | FO56: 0 | FP56: 0 | FQ56: 0 | FR56: 0 | FS56: 0 | FT56: 0 | FU56: 0 | FV56: 0 | FW56: 0 | FX56: 0 | FY56: 0 | FZ56: 0 | GA56: 0 | GB56: 0 | GC56: 0 | GD56: 0 | GE56: 0 | GF56: 0 | GG56: 0 | GH56: 0 | GI56: 135921
A57: 135678 | B57: =_xlfn.XLOOKUP(A57,[9]Planilha1!$L:$L,[9]Planilha1!$B:$B,,0) -> 6373 | C57: Rafael Dos Reis Domingues | D57: 029.174.781-79 | E57: 0.1003 | F57: SWISS PARK ANAPOLIS | G57: Swiss Park Zurich - Anápolis | H57: =VLOOKUP(B57,Elegibilidade!A:I,9,0) -> Elegível | I57: 85 | J57: 0 | K57: =NPV(0.8%,T57:GH57) -> 261143.14 | L57: =J57+K57 -> 261143.14 | M57: Adimplente | N57: =VLOOKUP(M57,Base!A:B,2,0)*L57 -> 261143.14 | O57: =NPV((1+12%)^(1/12)-1,T57:GH57) -> 246970.91 | P57: =Vendas!$J$1 -> 880.37366 | Q57: =VLOOKUP(A57,[10]FluxoFuturo!$A:$Q,17,0) -> 360 | R57: =P57*Q57 -> 316934.52 | S57: =O57/R57 -> 0.77924902 | T57: 4246.14 | U57: 4246.14 | V57: 4246.14 | W57: 4246.14 | X57: 4246.14 | Y57: 4246.14 | Z57: 4246.14 | AA57: 4246.14 | AB57: 4246.14 | AC57: 4246.14 | AD57: 4246.14 | AE57: 4246.14 | AF57: 4246.14 | AG57: 4246.14 | AH57: 4246.14 | AI57: 4246.14 | AJ57: 4246.14 | AK57: 4246.14 | AL57: 4246.14 | AM57: 4246.14 | AN57: 4246.14 | AO57: 4246.14 | AP57: 4246.14 | AQ57: 4246.14 | AR57: 4246.14 | AS57: 4246.14 | AT57: 4246.14 | AU57: 4246.14 | AV57: 4246.14 | AW57: 4246.14 | AX57: 4246.14 | AY57: 4246.14 | AZ57: 4246.14 | BA57: 4246.14 | BB57: 4246.14 | BC57: 4246.14 | BD57: 4246.14 | BE57: 4246.14 | BF57: 4246.14 | BG57: 4246.14 | BH57: 4246.14 | BI57: 4246.14 | BJ57: 4246.14 | BK57: 4246.14 | BL57: 4246.14 | BM57: 4246.14 | BN57: 4246.14 | BO57: 4246.14 | BP57: 4246.14 | BQ57: 4246.14 | BR57: 4246.14 | BS57: 4246.14 | BT57: 4246.14 | BU57: 4246.14 | BV57: 4246.14 | BW57: 4246.14 | BX57: 4246.14 | BY57: 4246.14 | BZ57: 4246.14 | CA57: 4246.14 | CB57: 4246.14 | CC57: 4246.14 | CD57: 4246.14 | CE57: 4246.14 | CF57: 4246.14 | CG57: 4246.14 | CH57: 4246.14 | CI57: 4246.14 | CJ57: 4246.14 | CK57: 4246.14 | CL57: 4246.14 | CM57: 4246.14 | CN57: 4246.14 | CO57: 4246.14 | CP57: 4246.14 | CQ57: 4246.14 | CR57: 4246.14 | CS57: 4246.14 | CT57: 4246.14 | CU57: 4246.14 | CV57: 4246.14 | CW57: 4246.14 | CX57: 4246.14 | CY57: 4246.14 | CZ57: 4246.09 | DA57: 0 | DB57: 0 | DC57: 0 | DD57: 0 | DE57: 0 | DF57: 0 | DG57: 0 | DH57: 0 | DI57: 0 | DJ57: 0 | DK57: 0 | DL57: 0 | DM57: 0 | DN57: 0 | DO57: 0 | DP57: 0 | DQ57: 0 | DR57: 0 | DS57: 0 | DT57: 0 | DU57: 0 | DV57: 0 | DW57: 0 | DX57: 0 | DY57: 0 | DZ57: 0 | EA57: 0 | EB57: 0 | EC57: 0 | ED57: 0 | EE57: 0 | EF57: 0 | EG57: 0 | EH57: 0 | EI57: 0 | EJ57: 0 | EK57: 0 | EL57: 0 | EM57: 0 | EN57: 0 | EO57: 0 | EP57: 0 | EQ57: 0 | ER57: 0 | ES57: 0 | ET57: 0 | EU57: 0 | EV57: 0 | EW57: 0 | EX57: 0 | EY57: 0 | EZ57: 0 | FA57: 0 | FB57: 0 | FC57: 0 | FD57: 0 | FE57: 0 | FF57: 0 | FG57: 0 | FH57: 0 | FI57: 0 | FJ57: 0 | FK57: 0 | FL57: 0 | FM57: 0 | FN57: 0 | FO57: 0 | FP57: 0 | FQ57: 0 | FR57: 0 | FS57: 0 | FT57: 0 | FU57: 0 | FV57: 0 | FW57: 0 | FX57: 0 | FY57: 0 | FZ57: 0 | GA57: 0 | GB57: 0 | GC57: 0 | GD57: 0 | GE57: 0 | GF57: 0 | GG57: 0 | GH57: 0 | GI57: 135678
A58: 135696 | B58: =_xlfn.XLOOKUP(A58,[9]Planilha1!$L:$L,[9]Planilha1!$B:$B,,0) -> 6485 | C58: Simone De Souza Santos Rabelo | D58: 004.185.046-79 | E58: 0 | F58: SWISS PARK ANAPOLIS | G58: Swiss Park Zurich - Anápolis | H58: =VLOOKUP(B58,Elegibilidade!A:I,9,0) -> Elegível | I58: 31 | J58: 0 | K58: =SUM(T58:GH58) -> 255847.03 | L58: =J58+K58 -> 255847.03 | M58: Adimplente | N58: =VLOOKUP(M58,Base!A:B,2,0)*L58 -> 255847.03 | O58: =NPV((1+12%)^(1/12)-1,T58:GH58) -> 220751.99 | P58: =Vendas!$J$1 -> 880.37366 | Q58: =VLOOKUP(A58,[10]FluxoFuturo!$A:$Q,17,0) -> 360 | R58: =P58*Q58 -> 316934.52 | S58: =O58/R58 -> 0.69652241 | T58: 8253.13 | U58: 8253.13 | V58: 8253.13 | W58: 8253.13 | X58: 8253.13 | Y58: 8253.13 | Z58: 8253.13 | AA58: 8253.13 | AB58: 8253.13 | AC58: 8253.13 | AD58: 8253.13 | AE58: 8253.13 | AF58: 8253.13 | AG58: 8253.13 | AH58: 8253.13 | AI58: 8253.13 | AJ58: 8253.13 | AK58: 8253.13 | AL58: 8253.13 | AM58: 8253.13 | AN58: 8253.13 | AO58: 8253.13 | AP58: 8253.13 | AQ58: 8253.13 | AR58: 8253.13 | AS58: 8253.13 | AT58: 8253.13 | AU58: 8253.13 | AV58: 8253.13 | AW58: 8253.13 | AX58: 8253.13 | AY58: 0 | AZ58: 0 | BA58: 0 | BB58: 0 | BC58: 0 | BD58: 0 | BE58: 0 | BF58: 0 | BG58: 0 | BH58: 0 | BI58: 0 | BJ58: 0 | BK58: 0 | BL58: 0 | BM58: 0 | BN58: 0 | BO58: 0 | BP58: 0 | BQ58: 0 | BR58: 0 | BS58: 0 | BT58: 0 | BU58: 0 | BV58: 0 | BW58: 0 | BX58: 0 | BY58: 0 | BZ58: 0 | CA58: 0 | CB58: 0 | CC58: 0 | CD58: 0 | CE58: 0 | CF58: 0 | CG58: 0 | CH58: 0 | CI58: 0 | CJ58: 0 | CK58: 0 | CL58: 0 | CM58: 0 | CN58: 0 | CO58: 0 | CP58: 0 | CQ58: 0 | CR58: 0 | CS58: 0 | CT58: 0 | CU58: 0 | CV58: 0 | CW58: 0 | CX58: 0 | CY58: 0 | CZ58: 0 | DA58: 0 | DB58: 0 | DC58: 0 | DD58: 0 | DE58: 0 | DF58: 0 | DG58: 0 | DH58: 0 | DI58: 0 | DJ58: 0 | DK58: 0 | DL58: 0 | DM58: 0 | DN58: 0 | DO58: 0 | DP58: 0 | DQ58: 0 | DR58: 0 | DS58: 0 | DT58: 0 | DU58: 0 | DV58: 0 | DW58: 0 | DX58: 0 | DY58: 0 | DZ58: 0 | EA58: 0 | EB58: 0 | EC58: 0 | ED58: 0 | EE58: 0 | EF58: 0 | EG58: 0 | EH58: 0 | EI58: 0 | EJ58: 0 | EK58: 0 | EL58: 0 | EM58: 0 | EN58: 0 | EO58: 0 | EP58: 0 | EQ58: 0 | ER58: 0 | ES58: 0 | ET58: 0 | EU58: 0 | EV58: 0 | EW58: 0 | EX58: 0 | EY58: 0 | EZ58: 0 | FA58: 0 | FB58: 0 | FC58: 0 | FD58: 0 | FE58: 0 | FF58: 0 | FG58: 0 | FH58: 0 | FI58: 0 | FJ58: 0 | FK58: 0 | FL58: 0 | FM58: 0 | FN58: 0 | FO58: 0 | FP58: 0 | FQ58: 0 | FR58: 0 | FS58: 0 | FT58: 0 | FU58: 0 | FV58: 0 | FW58: 0 | FX58: 0 | FY58: 0 | FZ58: 0 | GA58: 0 | GB58: 0 | GC58: 0 | GD58: 0 | GE58: 0 | GF58: 0 | GG58: 0 | GH58: 0 | GI58: 135696
A59: 135653 | B59: =_xlfn.XLOOKUP(A59,[9]Planilha1!$L:$L,[9]Planilha1!$B:$B,,0) -> 6395 | C59: Jonatas Guimaraes Da Cunha | D59: 814.407.231-68 | E59: 0.1003 | F59: SWISS PARK ANAPOLIS | G59: Swiss Park Zurich - Anápolis | H59: =VLOOKUP(B59,Elegibilidade!A:I,9,0) -> Elegível | I59: 82 | J59: 0 | K59: =NPV(0.8%,T59:GH59) -> 254155.96 | L59: =J59+K59 -> 254155.96 | M59: Adimplente | N59: =VLOOKUP(M59,Base!A:B,2,0)*L59 -> 254155.96 | O59: =NPV((1+12%)^(1/12)-1,T59:GH59) -> 240768.71 | P59: =Vendas!$J$1 -> 880.37366 | Q59: =VLOOKUP(A59,[10]FluxoFuturo!$A:$Q,17,0) -> 393.5 | R59: =P59*Q59 -> 346427.04 | S59: =O59/R59 -> 0.69500555 | T59: 4238.4 | U59: 4238.4 | V59: 4238.4 | W59: 4238.4 | X59: 4238.4 | Y59: 4238.4 | Z59: 4238.4 | AA59: 4238.4 | AB59: 4238.4 | AC59: 4238.4 | AD59: 4238.4 | AE59: 4238.4 | AF59: 4238.4 | AG59: 4238.4 | AH59: 4238.4 | AI59: 4238.4 | AJ59: 4238.4 | AK59: 4238.4 | AL59: 4238.4 | AM59: 4238.4 | AN59: 4238.4 | AO59: 4238.4 | AP59: 4238.4 | AQ59: 4238.4 | AR59: 4238.4 | AS59: 4238.4 | AT59: 4238.4 | AU59: 4238.4 | AV59: 4238.4 | AW59: 4238.4 | AX59: 4238.4 | AY59: 4238.4 | AZ59: 4238.4 | BA59: 4238.4 | BB59: 4238.4 | BC59: 4238.4 | BD59: 4238.4 | BE59: 4238.4 | BF59: 4238.4 | BG59: 4238.4 | BH59: 4238.4 | BI59: 4238.4 | BJ59: 4238.4 | BK59: 4238.4 | BL59: 4238.4 | BM59: 4238.4 | BN59: 4238.4 | BO59: 4238.4 | BP59: 4238.4 | BQ59: 4238.4 | BR59: 4238.4 | BS59: 4238.4 | BT59: 4238.4 | BU59: 4238.4 | BV59: 4238.4 | BW59: 4238.4 | BX59: 4238.4 | BY59: 4238.4 | BZ59: 4238.4 | CA59: 4238.4 | CB59: 4238.4 | CC59: 4238.4 | CD59: 4238.4 | CE59: 4238.4 | CF59: 4238.4 | CG59: 4238.4 | CH59: 4238.4 | CI59: 4238.4 | CJ59: 4238.4 | CK59: 4238.4 | CL59: 4238.4 | CM59: 4238.4 | CN59: 4238.4 | CO59: 4238.4 | CP59: 4238.4 | CQ59: 4238.4 | CR59: 4238.4 | CS59: 4238.4 | CT59: 4238.4 | CU59: 4238.4 | CV59: 4238.4 | CW59: 4238.06 | CX59: 0 | CY59: 0 | CZ59: 0 | DA59: 0 | DB59: 0 | DC59: 0 | DD59: 0 | DE59: 0 | DF59: 0 | DG59: 0 | DH59: 0 | DI59: 0 | DJ59: 0 | DK59: 0 | DL59: 0 | DM59: 0 | DN59: 0 | DO59: 0 | DP59: 0 | DQ59: 0 | DR59: 0 | DS59: 0 | DT59: 0 | DU59: 0 | DV59: 0 | DW59: 0 | DX59: 0 | DY59: 0 | DZ59: 0 | EA59: 0 | EB59: 0 | EC59: 0 | ED59: 0 | EE59: 0 | EF59: 0 | EG59: 0 | EH59: 0 | EI59: 0 | EJ59: 0 | EK59: 0 | EL59: 0 | EM59: 0 | EN59: 0 | EO59: 0 | EP59: 0 | EQ59: 0 | ER59: 0 | ES59: 0 | ET59: 0 | EU59: 0 | EV59: 0 | EW59: 0 | EX59: 0 | EY59: 0 | EZ59: 0 | FA59: 0 | FB59: 0 | FC59: 0 | FD59: 0 | FE59: 0 | FF59: 0 | FG59: 0 | FH59: 0 | FI59: 0 | FJ59: 0 | FK59: 0 | FL59: 0 | FM59: 0 | FN59: 0 | FO59: 0 | FP59: 0 | FQ59: 0 | FR59: 0 | FS59: 0 | FT59: 0 | FU59: 0 | FV59: 0 | FW59: 0 | FX59: 0 | FY59: 0 | FZ59: 0 | GA59: 0 | GB59: 0 | GC59: 0 | GD59: 0 | GE59: 0 | GF59: 0 | GG59: 0 | GH59: 0 | GI59: 135653
A60: 135697 | B60: =_xlfn.XLOOKUP(A60,[9]Planilha1!$L:$L,[9]Planilha1!$B:$B,,0) -> 6484 | C60: Nilza Raquel Silva | D60: 023.016.551-64 | E60: 0 | F60: SWISS PARK ANAPOLIS | G60: Swiss Park Zurich - Anápolis | H60: =VLOOKUP(B60,Elegibilidade!A:I,9,0) -> Elegível | I60: 43 | J60: 0 | K60: =SUM(T60:GH60) -> 251055.32 | L60: =J60+K60 -> 251055.32 | M60: Adimplente | N60: =VLOOKUP(M60,Base!A:B,2,0)*L60 -> 251055.32 | O60: =NPV((1+12%)^(1/12)-1,T60:GH60) -> 205100.85 | P60: =Vendas!$J$1 -> 880.37366 | Q60: =VLOOKUP(A60,[10]FluxoFuturo!$A:$Q,17,0) -> 360 | R60: =P60*Q60 -> 316934.52 | S60: =O60/R60 -> 0.64713952 | T60: 0 | U60: 0 | V60: 5546.92 | W60: 5546.92 | X60: 5546.92 | Y60: 5546.92 | Z60: 17362.84 | AA60: 5546.92 | AB60: 5546.92 | AC60: 5546.92 | AD60: 5546.92 | AE60: 5546.92 | AF60: 5546.92 | AG60: 5546.92 | AH60: 5546.92 | AI60: 5546.92 | AJ60: 5546.92 | AK60: 5546.92 | AL60: 17362.84 | AM60: 5546.92 | AN60: 5546.92 | AO60: 5546.92 | AP60: 5546.92 | AQ60: 5546.92 | AR60: 5546.92 | AS60: 5546.92 | AT60: 5546.92 | AU60: 5546.92 | AV60: 5546.92 | AW60: 5546.92 | AX60: 5546.92 | AY60: 5546.92 | AZ60: 5546.92 | BA60: 5546.92 | BB60: 5546.92 | BC60: 5546.92 | BD60: 5546.92 | BE60: 5546.92 | BF60: 5546.92 | BG60: 5546.92 | BH60: 5546.92 | BI60: 5546.92 | BJ60: 5546.68 | BK60: 0 | BL60: 0 | BM60: 0 | BN60: 0 | BO60: 0 | BP60: 0 | BQ60: 0 | BR60: 0 | BS60: 0 | BT60: 0 | BU60: 0 | BV60: 0 | BW60: 0 | BX60: 0 | BY60: 0 | BZ60: 0 | CA60: 0 | CB60: 0 | CC60: 0 | CD60: 0 | CE60: 0 | CF60: 0 | CG60: 0 | CH60: 0 | CI60: 0 | CJ60: 0 | CK60: 0 | CL60: 0 | CM60: 0 | CN60: 0 | CO60: 0 | CP60: 0 | CQ60: 0 | CR60: 0 | CS60: 0 | CT60: 0 | CU60: 0 | CV60: 0 | CW60: 0 | CX60: 0 | CY60: 0 | CZ60: 0 | DA60: 0 | DB60: 0 | DC60: 0 | DD60: 0 | DE60: 0 | DF60: 0 | DG60: 0 | DH60: 0 | DI60: 0 | DJ60: 0 | DK60: 0 | DL60: 0 | DM60: 0 | DN60: 0 | DO60: 0 | DP60: 0 | DQ60: 0 | DR60: 0 | DS60: 0 | DT60: 0 | DU60: 0 | DV60: 0 | DW60: 0 | DX60: 0 | DY60: 0 | DZ60: 0 | EA60: 0 | EB60: 0 | EC60: 0 | ED60: 0 | EE60: 0 | EF60: 0 | EG60: 0 | EH60: 0 | EI60: 0 | EJ60: 0 | EK60: 0 | EL60: 0 | EM60: 0 | EN60: 0 | EO60: 0 | EP60: 0 | EQ60: 0 | ER60: 0 | ES60: 0 | ET60: 0 | EU60: 0 | EV60: 0 | EW60: 0 | EX60: 0 | EY60: 0 | EZ60: 0 | FA60: 0 | FB60: 0 | FC60: 0 | FD60: 0 | FE60: 0 | FF60: 0 | FG60: 0 | FH60: 0 | FI60: 0 | FJ60: 0 | FK60: 0 | FL60: 0 | FM60: 0 | FN60: 0 | FO60: 0 | FP60: 0 | FQ60: 0 | FR60: 0 | FS60: 0 | FT60: 0 | FU60: 0 | FV60: 0 | FW60: 0 | FX60: 0 | FY60: 0 | FZ60: 0 | GA60: 0 | GB60: 0 | GC60: 0 | GD60: 0 | GE60: 0 | GF60: 0 | GG60: 0 | GH60: 0 | GI60: 135697
A61: 135656 | B61: =_xlfn.XLOOKUP(A61,[9]Planilha1!$L:$L,[9]Planilha1!$B:$B,,0) -> 6445 | C61: Jose Marcos De Oliveira | D61: 556.912.341-53 | E61: 0 | F61: SWISS PARK ANAPOLIS | G61: Swiss Park Zurich - Anápolis | H61: =VLOOKUP(B61,Elegibilidade!A:I,9,0) -> Elegível | I61: 27 | J61: 0 | K61: =SUM(T61:GH61) -> 242126.55 | L61: =J61+K61 -> 242126.55 | M61: Adimplente | N61: =VLOOKUP(M61,Base!A:B,2,0)*L61 -> 242126.55 | O61: =NPV((1+12%)^(1/12)-1,T61:GH61) -> 212713.82 | P61: =Vendas!$J$1 -> 880.37366 | Q61: =VLOOKUP(A61,[10]FluxoFuturo!$A:$Q,17,0) -> 363.89 | R61: =P61*Q61 -> 320359.17 | S61: =O61/R61 -> 0.66398542 | T61: 8967.65 | U61: 8967.65 | V61: 8967.65 | W61: 8967.65 | X61: 8967.65 | Y61: 8967.65 | Z61: 8967.65 | AA61: 8967.65 | AB61: 8967.65 | AC61: 8967.65 | AD61: 8967.65 | AE61: 8967.65 | AF61: 8967.65 | AG61: 8967.65 | AH61: 8967.65 | AI61: 8967.65 | AJ61: 8967.65 | AK61: 8967.65 | AL61: 8967.65 | AM61: 8967.65 | AN61: 8967.65 | AO61: 8967.65 | AP61: 8967.65 | AQ61: 8967.65 | AR61: 8967.65 | AS61: 8967.65 | AT61: 8967.65 | AU61: 0 | AV61: 0 | AW61: 0 | AX61: 0 | AY61: 0 | AZ61: 0 | BA61: 0 | BB61: 0 | BC61: 0 | BD61: 0 | BE61: 0 | BF61: 0 | BG61: 0 | BH61: 0 | BI61: 0 | BJ61: 0 | BK61: 0 | BL61: 0 | BM61: 0 | BN61: 0 | BO61: 0 | BP61: 0 | BQ61: 0 | BR61: 0 | BS61: 0 | BT61: 0 | BU61: 0 | BV61: 0 | BW61: 0 | BX61: 0 | BY61: 0 | BZ61: 0 | CA61: 0 | CB61: 0 | CC61: 0 | CD61: 0 | CE61: 0 | CF61: 0 | CG61: 0 | CH61: 0 | CI61: 0 | CJ61: 0 | CK61: 0 | CL61: 0 | CM61: 0 | CN61: 0 | CO61: 0 | CP61: 0 | CQ61: 0 | CR61: 0 | CS61: 0 | CT61: 0 | CU61: 0 | CV61: 0 | CW61: 0 | CX61: 0 | CY61: 0 | CZ61: 0 | DA61: 0 | DB61: 0 | DC61: 0 | DD61: 0 | DE61: 0 | DF61: 0 | DG61: 0 | DH61: 0 | DI61: 0 | DJ61: 0 | DK61: 0 | DL61: 0 | DM61: 0 | DN61: 0 | DO61: 0 | DP61: 0 | DQ61: 0 | DR61: 0 | DS61: 0 | DT61: 0 | DU61: 0 | DV61: 0 | DW61: 0 | DX61: 0 | DY61: 0 | DZ61: 0 | EA61: 0 | EB61: 0 | EC61: 0 | ED61: 0 | EE61: 0 | EF61: 0 | EG61: 0 | EH61: 0 | EI61: 0 | EJ61: 0 | EK61: 0 | EL61: 0 | EM61: 0 | EN61: 0 | EO61: 0 | EP61: 0 | EQ61: 0 | ER61: 0 | ES61: 0 | ET61: 0 | EU61: 0 | EV61: 0 | EW61: 0 | EX61: 0 | EY61: 0 | EZ61: 0 | FA61: 0 | FB61: 0 | FC61: 0 | FD61: 0 | FE61: 0 | FF61: 0 | FG61: 0 | FH61: 0 | FI61: 0 | FJ61: 0 | FK61: 0 | FL61: 0 | FM61: 0 | FN61: 0 | FO61: 0 | FP61: 0 | FQ61: 0 | FR61: 0 | FS61: 0 | FT61: 0 | FU61: 0 | FV61: 0 | FW61: 0 | FX61: 0 | FY61: 0 | FZ61: 0 | GA61: 0 | GB61: 0 | GC61: 0 | GD61: 0 | GE61: 0 | GF61: 0 | GG61: 0 | GH61: 0 | GI61: 135656
A62: 135686 | B62: =_xlfn.XLOOKUP(A62,[9]Planilha1!$L:$L,[9]Planilha1!$B:$B,,0) -> 6466 | C62: Simone De Souza Santos Rabelo | D62: 004.185.046-79 | E62: 0 | F62: SWISS PARK ANAPOLIS | G62: Swiss Park Zurich - Anápolis | H62: =VLOOKUP(B62,Elegibilidade!A:I,9,0) -> Elegível | I62: 29 | J62: 0 | K62: =SUM(T62:GH62) -> 241739.65 | L62: =J62+K62 -> 241739.65 | M62: Adimplente | N62: =VLOOKUP(M62,Base!A:B,2,0)*L62 -> 241739.65 | O62: =NPV((1+12%)^(1/12)-1,T62:GH62) -> 210465.17 | P62: =Vendas!$J$1 -> 880.37366 | Q62: =VLOOKUP(A62,[10]FluxoFuturo!$A:$Q,17,0) -> 360 | R62: =P62*Q62 -> 316934.52 | S62: =O62/R62 -> 0.66406515 | T62: 8335.85 | U62: 8335.85 | V62: 8335.85 | W62: 8335.85 | X62: 8335.85 | Y62: 8335.85 | Z62: 8335.85 | AA62: 8335.85 | AB62: 8335.85 | AC62: 8335.85 | AD62: 8335.85 | AE62: 8335.85 | AF62: 8335.85 | AG62: 8335.85 | AH62: 8335.85 | AI62: 8335.85 | AJ62: 8335.85 | AK62: 8335.85 | AL62: 8335.85 | AM62: 8335.85 | AN62: 8335.85 | AO62: 8335.85 | AP62: 8335.85 | AQ62: 8335.85 | AR62: 8335.85 | AS62: 8335.85 | AT62: 8335.85 | AU62: 8335.85 | AV62: 8335.85 | AW62: 0 | AX62: 0 | AY62: 0 | AZ62: 0 | BA62: 0 | BB62: 0 | BC62: 0 | BD62: 0 | BE62: 0 | BF62: 0 | BG62: 0 | BH62: 0 | BI62: 0 | BJ62: 0 | BK62: 0 | BL62: 0 | BM62: 0 | BN62: 0 | BO62: 0 | BP62: 0 | BQ62: 0 | BR62: 0 | BS62: 0 | BT62: 0 | BU62: 0 | BV62: 0 | BW62: 0 | BX62: 0 | BY62: 0 | BZ62: 0 | CA62: 0 | CB62: 0 | CC62: 0 | CD62: 0 | CE62: 0 | CF62: 0 | CG62: 0 | CH62: 0 | CI62: 0 | CJ62: 0 | CK62: 0 | CL62: 0 | CM62: 0 | CN62: 0 | CO62: 0 | CP62: 0 | CQ62: 0 | CR62: 0 | CS62: 0 | CT62: 0 | CU62: 0 | CV62: 0 | CW62: 0 | CX62: 0 | CY62: 0 | CZ62: 0 | DA62: 0 | DB62: 0 | DC62: 0 | DD62: 0 | DE62: 0 | DF62: 0 | DG62: 0 | DH62: 0 | DI62: 0 | DJ62: 0 | DK62: 0 | DL62: 0 | DM62: 0 | DN62: 0 | DO62: 0 | DP62: 0 | DQ62: 0 | DR62: 0 | DS62: 0 | DT62: 0 | DU62: 0 | DV62: 0 | DW62: 0 | DX62: 0 | DY62: 0 | DZ62: 0 | EA62: 0 | EB62: 0 | EC62: 0 | ED62: 0 | EE62: 0 | EF62: 0 | EG62: 0 | EH62: 0 | EI62: 0 | EJ62: 0 | EK62: 0 | EL62: 0 | EM62: 0 | EN62: 0 | EO62: 0 | EP62: 0 | EQ62: 0 | ER62: 0 | ES62: 0 | ET62: 0 | EU62: 0 | EV62: 0 | EW62: 0 | EX62: 0 | EY62: 0 | EZ62: 0 | FA62: 0 | FB62: 0 | FC62: 0 | FD62: 0 | FE62: 0 | FF62: 0 | FG62: 0 | FH62: 0 | FI62: 0 | FJ62: 0 | FK62: 0 | FL62: 0 | FM62: 0 | FN62: 0 | FO62: 0 | FP62: 0 | FQ62: 0 | FR62: 0 | FS62: 0 | FT62: 0 | FU62: 0 | FV62: 0 | FW62: 0 | FX62: 0 | FY62: 0 | FZ62: 0 | GA62: 0 | GB62: 0 | GC62: 0 | GD62: 0 | GE62: 0 | GF62: 0 | GG62: 0 | GH62: 0 | GI62: 135686
A63: 135655 | B63: =_xlfn.XLOOKUP(A63,[9]Planilha1!$L:$L,[9]Planilha1!$B:$B,,0) -> 6444 | C63: Jose Marcos De Oliveira | D63: 556.912.341-53 | E63: 0 | F63: SWISS PARK ANAPOLIS | G63: Swiss Park Zurich - Anápolis | H63: =VLOOKUP(B63,Elegibilidade!A:I,9,0) -> Elegível | I63: 27 | J63: 0 | K63: =SUM(T63:GH63) -> 241694.11 | L63: =J63+K63 -> 241694.11 | M63: Adimplente | N63: =VLOOKUP(M63,Base!A:B,2,0)*L63 -> 241694.11 | O63: =NPV((1+12%)^(1/12)-1,T63:GH63) -> 212333.9 | P63: =Vendas!$J$1 -> 880.37366 | Q63: =VLOOKUP(A63,[10]FluxoFuturo!$A:$Q,17,0) -> 363.24 | R63: =P63*Q63 -> 319786.93 | S63: =O63/R63 -> 0.66398555 | T63: 8951.63 | U63: 8951.63 | V63: 8951.63 | W63: 8951.63 | X63: 8951.63 | Y63: 8951.63 | Z63: 8951.63 | AA63: 8951.63 | AB63: 8951.63 | AC63: 8951.63 | AD63: 8951.63 | AE63: 8951.63 | AF63: 8951.63 | AG63: 8951.63 | AH63: 8951.63 | AI63: 8951.63 | AJ63: 8951.63 | AK63: 8951.63 | AL63: 8951.63 | AM63: 8951.63 | AN63: 8951.63 | AO63: 8951.63 | AP63: 8951.63 | AQ63: 8951.63 | AR63: 8951.63 | AS63: 8951.63 | AT63: 8951.73 | AU63: 0 | AV63: 0 | AW63: 0 | AX63: 0 | AY63: 0 | AZ63: 0 | BA63: 0 | BB63: 0 | BC63: 0 | BD63: 0 | BE63: 0 | BF63: 0 | BG63: 0 | BH63: 0 | BI63: 0 | BJ63: 0 | BK63: 0 | BL63: 0 | BM63: 0 | BN63: 0 | BO63: 0 | BP63: 0 | BQ63: 0 | BR63: 0 | BS63: 0 | BT63: 0 | BU63: 0 | BV63: 0 | BW63: 0 | BX63: 0 | BY63: 0 | BZ63: 0 | CA63: 0 | CB63: 0 | CC63: 0 | CD63: 0 | CE63: 0 | CF63: 0 | CG63: 0 | CH63: 0 | CI63: 0 | CJ63: 0 | CK63: 0 | CL63: 0 | CM63: 0 | CN63: 0 | CO63: 0 | CP63: 0 | CQ63: 0 | CR63: 0 | CS63: 0 | CT63: 0 | CU63: 0 | CV63: 0 | CW63: 0 | CX63: 0 | CY63: 0 | CZ63: 0 | DA63: 0 | DB63: 0 | DC63: 0 | DD63: 0 | DE63: 0 | DF63: 0 | DG63: 0 | DH63: 0 | DI63: 0 | DJ63: 0 | DK63: 0 | DL63: 0 | DM63: 0 | DN63: 0 | DO63: 0 | DP63: 0 | DQ63: 0 | DR63: 0 | DS63: 0 | DT63: 0 | DU63: 0 | DV63: 0 | DW63: 0 | DX63: 0 | DY63: 0 | DZ63: 0 | EA63: 0 | EB63: 0 | EC63: 0 | ED63: 0 | EE63: 0 | EF63: 0 | EG63: 0 | EH63: 0 | EI63: 0 | EJ63: 0 | EK63: 0 | EL63: 0 | EM63: 0 | EN63: 0 | EO63: 0 | EP63: 0 | EQ63: 0 | ER63: 0 | ES63: 0 | ET63: 0 | EU63: 0 | EV63: 0 | EW63: 0 | EX63: 0 | EY63: 0 | EZ63: 0 | FA63: 0 | FB63: 0 | FC63: 0 | FD63: 0 | FE63: 0 | FF63: 0 | FG63: 0 | FH63: 0 | FI63: 0 | FJ63: 0 | FK63: 0 | FL63: 0 | FM63: 0 | FN63: 0 | FO63: 0 | FP63: 0 | FQ63: 0 | FR63: 0 | FS63: 0 | FT63: 0 | FU63: 0 | FV63: 0 | FW63: 0 | FX63: 0 | FY63: 0 | FZ63: 0 | GA63: 0 | GB63: 0 | GC63: 0 | GD63: 0 | GE63: 0 | GF63: 0 | GG63: 0 | GH63: 0 | GI63: 135655
